Workbook

Sheet Summary
A1: Self Storage Operating Budget Summary
A2: Calculated indicators for entered fictional budget and actual records.
A3: Selected Facility | B3: =IF(Assumptions!$B$7="","",Assumptions!$B$7) | D3: Entered Actual Lines | E3: =COUNTIFS('Budget Detail'!$A$4:$A$123,Assumptions!$B$7,'Budget Detail'!$E$4:$E$123,"<>")
A4: Report Year | B4: =IF(Assumptions!$B$4="","",Assumptions!$B$4) | D4: Budgeted Months | E4: =COUNT($D$15:$D$26)
A5: Actuals Through | B5: =IF(Assumptions!$B$5="","",Assumptions!$B$5) | D5: Review Flags | E5: =COUNTIF('Budget Detail'!$O$4:$O$123,"Review*")+COUNTIF('Budget Detail'!$O$4:$O$123,"Past due review")
A7: Budgeted Revenue | B7: =IF(COUNTIFS('Budget Detail'!$A$4:$A$123,Assumptions!$B$7,'Budget Detail'!$J$4:$J$123,"Revenue",'Budget Detail'!$D$4:$D$123,"<>")=0,"",IFERROR(SUMIFS('Budget Detail'!$D$4:$D$123,'Budget Detail'!$A$4:$A$123,Assumptions!$B$7,'Budget Detail'!$J$4:$J$123,"Revenue",'Budget Detail'!$C$4:$C$123,">="&DATE(Assumptions!$B$4,1,1),'Budget Detail'!$C$4:$C$123,"<="&DATE(Assumptions!$B$4,12,31)),"")) | D7: Budget NOI Through Cutoff | E7: =IF(B9="","",IFERROR(SUMIFS('Budget Detail'!$K$4:$K$123,'Budget Detail'!$A$4:$A$123,Assumptions!$B$7,'Budget Detail'!$C$4:$C$123,">="&DATE(Assumptions!$B$4,1,1),'Budget Detail'!$C$4:$C$123,"<="&Assumptions!$B$5),""))
A8: Budgeted Operating Expenses | B8: =IF(COUNTIFS('Budget Detail'!$A$4:$A$123,Assumptions!$B$7,'Budget Detail'!$J$4:$J$123,"Expense",'Budget Detail'!$D$4:$D$123,"<>")=0,"",IFERROR(SUMIFS('Budget Detail'!$D$4:$D$123,'Budget Detail'!$A$4:$A$123,Assumptions!$B$7,'Budget Detail'!$J$4:$J$123,"Expense",'Budget Detail'!$C$4:$C$123,">="&DATE(Assumptions!$B$4,1,1),'Budget Detail'!$C$4:$C$123,"<="&DATE(Assumptions!$B$4,12,31)),"")) | D8: NOI Variance | E8: =IF(OR(B12="",E7=""),"",B12-E7)
A9: Budgeted NOI | B9: =IF(COUNTIFS('Budget Detail'!$A$4:$A$123,Assumptions!$B$7,'Budget Detail'!$D$4:$D$123,"<>")=0,"",IFERROR(SUMIFS('Budget Detail'!$K$4:$K$123,'Budget Detail'!$A$4:$A$123,Assumptions!$B$7,'Budget Detail'!$C$4:$C$123,">="&DATE(Assumptions!$B$4,1,1),'Budget Detail'!$C$4:$C$123,"<="&DATE(Assumptions!$B$4,12,31)),"")) | D9: NOI Variance % | E9: =IF(E8="","",IFERROR(E8/ABS(E7),""))
A10: Actual Revenue Through Cutoff | B10: =IF(COUNTIFS('Budget Detail'!$A$4:$A$123,Assumptions!$B$7,'Budget Detail'!$J$4:$J$123,"Revenue",'Budget Detail'!$E$4:$E$123,"<>",'Budget Detail'!$C$4:$C$123,"<="&Assumptions!$B$5)=0,"",IFERROR(SUMIFS('Budget Detail'!$E$4:$E$123,'Budget Detail'!$A$4:$A$123,Assumptions!$B$7,'Budget Detail'!$J$4:$J$123,"Revenue",'Budget Detail'!$C$4:$C$123,"<="&Assumptions!$B$5),"")) | D10: Projected Year-End NOI | E10: =IF(B9="","",IFERROR(SUMIFS('Budget Detail'!$L$4:$L$123,'Budget Detail'!$A$4:$A$123,Assumptions!$B$7,'Budget Detail'!$C$4:$C$123,"<="&Assumptions!$B$5)+SUMIFS('Budget Detail'!$K$4:$K$123,'Budget Detail'!$A$4:$A$123,Assumptions!$B$7,'Budget Detail'!$C$4:$C$123,"<="&Assumptions!$B$5,'Budget Detail'!$E$4:$E$123,"")+SUMIFS('Budget Detail'!$K$4:$K$123,'Budget Detail'!$A$4:$A$123,Assumptions!$B$7,'Budget Detail'!$C$4:$C$123,">"&Assumptions!$B$5,'Budget Detail'!$C$4:$C$123,"<="&DATE(Assumptions!$B$4,12,31)),""))
A11: Actual Expenses Through Cutoff | B11: =IF(COUNTIFS('Budget Detail'!$A$4:$A$123,Assumptions!$B$7,'Budget Detail'!$J$4:$J$123,"Expense",'Budget Detail'!$E$4:$E$123,"<>",'Budget Detail'!$C$4:$C$123,"<="&Assumptions!$B$5)=0,"",IFERROR(SUMIFS('Budget Detail'!$E$4:$E$123,'Budget Detail'!$A$4:$A$123,Assumptions!$B$7,'Budget Detail'!$J$4:$J$123,"Expense",'Budget Detail'!$C$4:$C$123,"<="&Assumptions!$B$5),"")) | D11: Entered Budget Lines | E11: =COUNTIFS('Budget Detail'!$A$4:$A$123,Assumptions!$B$7,'Budget Detail'!$D$4:$D$123,"<>")
A12: Actual NOI Through Cutoff | B12: =IF(COUNTIFS('Budget Detail'!$A$4:$A$123,Assumptions!$B$7,'Budget Detail'!$E$4:$E$123,"<>",'Budget Detail'!$C$4:$C$123,"<="&Assumptions!$B$5)=0,"",IFERROR(SUMIFS('Budget Detail'!$L$4:$L$123,'Budget Detail'!$A$4:$A$123,Assumptions!$B$7,'Budget Detail'!$C$4:$C$123,"<="&Assumptions!$B$5),"")) | D12: Projected Account Lines | E12: =COUNT('Account Review'!$H$4:$H$15)
A14: Period | B14: Budget Revenue | C14: Budget Expenses | D14: Budget NOI | E14: Actual NOI | F14: Variance $ | G14: Variance %
A15: =DATE(Assumptions!$B$4,1,1) | B15: =IF(COUNTIFS('Budget Detail'!$A$4:$A$123,Assumptions!$B$7,'Budget Detail'!$C$4:$C$123,$A15,'Budget Detail'!$J$4:$J$123,"Revenue",'Budget Detail'!$D$4:$D$123,"<>")=0,"",IFERROR(SUMIFS('Budget Detail'!$D$4:$D$123,'Budget Detail'!$A$4:$A$123,Assumptions!$B$7,'Budget Detail'!$C$4:$C$123,$A15,'Budget Detail'!$J$4:$J$123,"Revenue"),"")) | C15: =IF(COUNTIFS('Budget Detail'!$A$4:$A$123,Assumptions!$B$7,'Budget Detail'!$C$4:$C$123,$A15,'Budget Detail'!$J$4:$J$123,"Expense",'Budget Detail'!$D$4:$D$123,"<>")=0,"",IFERROR(SUMIFS('Budget Detail'!$D$4:$D$123,'Budget Detail'!$A$4:$A$123,Assumptions!$B$7,'Budget Detail'!$C$4:$C$123,$A15,'Budget Detail'!$J$4:$J$123,"Expense"),"")) | D15: =IF(COUNTIFS('Budget Detail'!$A$4:$A$123,Assumptions!$B$7,'Budget Detail'!$C$4:$C$123,$A15,'Budget Detail'!$D$4:$D$123,"<>")=0,"",IFERROR(SUMIFS('Budget Detail'!$K$4:$K$123,'Budget Detail'!$A$4:$A$123,Assumptions!$B$7,'Budget Detail'!$C$4:$C$123,$A15),"")) | E15: =IF(COUNTIFS('Budget Detail'!$A$4:$A$123,Assumptions!$B$7,'Budget Detail'!$C$4:$C$123,$A15,'Budget Detail'!$E$4:$E$123,"<>")=0,"",IFERROR(SUMIFS('Budget Detail'!$L$4:$L$123,'Budget Detail'!$A$4:$A$123,Assumptions!$B$7,'Budget Detail'!$C$4:$C$123,$A15),"")) | F15: =IF(OR(D15="",E15=""),"",E15-D15) | G15: =IF(F15="","",IFERROR(F15/ABS(D15),""))
A16: =DATE(Assumptions!$B$4,2,1) | B16: =IF(COUNTIFS('Budget Detail'!$A$4:$A$123,Assumptions!$B$7,'Budget Detail'!$C$4:$C$123,$A16,'Budget Detail'!$J$4:$J$123,"Revenue",'Budget Detail'!$D$4:$D$123,"<>")=0,"",IFERROR(SUMIFS('Budget Detail'!$D$4:$D$123,'Budget Detail'!$A$4:$A$123,Assumptions!$B$7,'Budget Detail'!$C$4:$C$123,$A16,'Budget Detail'!$J$4:$J$123,"Revenue"),"")) | C16: =IF(COUNTIFS('Budget Detail'!$A$4:$A$123,Assumptions!$B$7,'Budget Detail'!$C$4:$C$123,$A16,'Budget Detail'!$J$4:$J$123,"Expense",'Budget Detail'!$D$4:$D$123,"<>")=0,"",IFERROR(SUMIFS('Budget Detail'!$D$4:$D$123,'Budget Detail'!$A$4:$A$123,Assumptions!$B$7,'Budget Detail'!$C$4:$C$123,$A16,'Budget Detail'!$J$4:$J$123,"Expense"),"")) | D16: =IF(COUNTIFS('Budget Detail'!$A$4:$A$123,Assumptions!$B$7,'Budget Detail'!$C$4:$C$123,$A16,'Budget Detail'!$D$4:$D$123,"<>")=0,"",IFERROR(SUMIFS('Budget Detail'!$K$4:$K$123,'Budget Detail'!$A$4:$A$123,Assumptions!$B$7,'Budget Detail'!$C$4:$C$123,$A16),"")) | E16: =IF(COUNTIFS('Budget Detail'!$A$4:$A$123,Assumptions!$B$7,'Budget Detail'!$C$4:$C$123,$A16,'Budget Detail'!$E$4:$E$123,"<>")=0,"",IFERROR(SUMIFS('Budget Detail'!$L$4:$L$123,'Budget Detail'!$A$4:$A$123,Assumptions!$B$7,'Budget Detail'!$C$4:$C$123,$A16),"")) | F16: =IF(OR(D16="",E16=""),"",E16-D16) | G16: =IF(F16="","",IFERROR(F16/ABS(D16),""))
A17: =DATE(Assumptions!$B$4,3,1) | B17: =IF(COUNTIFS('Budget Detail'!$A$4:$A$123,Assumptions!$B$7,'Budget Detail'!$C$4:$C$123,$A17,'Budget Detail'!$J$4:$J$123,"Revenue",'Budget Detail'!$D$4:$D$123,"<>")=0,"",IFERROR(SUMIFS('Budget Detail'!$D$4:$D$123,'Budget Detail'!$A$4:$A$123,Assumptions!$B$7,'Budget Detail'!$C$4:$C$123,$A17,'Budget Detail'!$J$4:$J$123,"Revenue"),"")) | C17: =IF(COUNTIFS('Budget Detail'!$A$4:$A$123,Assumptions!$B$7,'Budget Detail'!$C$4:$C$123,$A17,'Budget Detail'!$J$4:$J$123,"Expense",'Budget Detail'!$D$4:$D$123,"<>")=0,"",IFERROR(SUMIFS('Budget Detail'!$D$4:$D$123,'Budget Detail'!$A$4:$A$123,Assumptions!$B$7,'Budget Detail'!$C$4:$C$123,$A17,'Budget Detail'!$J$4:$J$123,"Expense"),"")) | D17: =IF(COUNTIFS('Budget Detail'!$A$4:$A$123,Assumptions!$B$7,'Budget Detail'!$C$4:$C$123,$A17,'Budget Detail'!$D$4:$D$123,"<>")=0,"",IFERROR(SUMIFS('Budget Detail'!$K$4:$K$123,'Budget Detail'!$A$4:$A$123,Assumptions!$B$7,'Budget Detail'!$C$4:$C$123,$A17),"")) | E17: =IF(COUNTIFS('Budget Detail'!$A$4:$A$123,Assumptions!$B$7,'Budget Detail'!$C$4:$C$123,$A17,'Budget Detail'!$E$4:$E$123,"<>")=0,"",IFERROR(SUMIFS('Budget Detail'!$L$4:$L$123,'Budget Detail'!$A$4:$A$123,Assumptions!$B$7,'Budget Detail'!$C$4:$C$123,$A17),"")) | F17: =IF(OR(D17="",E17=""),"",E17-D17) | G17: =IF(F17="","",IFERROR(F17/ABS(D17),""))
A18: =DATE(Assumptions!$B$4,4,1) | B18: =IF(COUNTIFS('Budget Detail'!$A$4:$A$123,Assumptions!$B$7,'Budget Detail'!$C$4:$C$123,$A18,'Budget Detail'!$J$4:$J$123,"Revenue",'Budget Detail'!$D$4:$D$123,"<>")=0,"",IFERROR(SUMIFS('Budget Detail'!$D$4:$D$123,'Budget Detail'!$A$4:$A$123,Assumptions!$B$7,'Budget Detail'!$C$4:$C$123,$A18,'Budget Detail'!$J$4:$J$123,"Revenue"),"")) | C18: =IF(COUNTIFS('Budget Detail'!$A$4:$A$123,Assumptions!$B$7,'Budget Detail'!$C$4:$C$123,$A18,'Budget Detail'!$J$4:$J$123,"Expense",'Budget Detail'!$D$4:$D$123,"<>")=0,"",IFERROR(SUMIFS('Budget Detail'!$D$4:$D$123,'Budget Detail'!$A$4:$A$123,Assumptions!$B$7,'Budget Detail'!$C$4:$C$123,$A18,'Budget Detail'!$J$4:$J$123,"Expense"),"")) | D18: =IF(COUNTIFS('Budget Detail'!$A$4:$A$123,Assumptions!$B$7,'Budget Detail'!$C$4:$C$123,$A18,'Budget Detail'!$D$4:$D$123,"<>")=0,"",IFERROR(SUMIFS('Budget Detail'!$K$4:$K$123,'Budget Detail'!$A$4:$A$123,Assumptions!$B$7,'Budget Detail'!$C$4:$C$123,$A18),"")) | E18: =IF(COUNTIFS('Budget Detail'!$A$4:$A$123,Assumptions!$B$7,'Budget Detail'!$C$4:$C$123,$A18,'Budget Detail'!$E$4:$E$123,"<>")=0,"",IFERROR(SUMIFS('Budget Detail'!$L$4:$L$123,'Budget Detail'!$A$4:$A$123,Assumptions!$B$7,'Budget Detail'!$C$4:$C$123,$A18),"")) | F18: =IF(OR(D18="",E18=""),"",E18-D18) | G18: =IF(F18="","",IFERROR(F18/ABS(D18),""))
A19: =DATE(Assumptions!$B$4,5,1) | B19: =IF(COUNTIFS('Budget Detail'!$A$4:$A$123,Assumptions!$B$7,'Budget Detail'!$C$4:$C$123,$A19,'Budget Detail'!$J$4:$J$123,"Revenue",'Budget Detail'!$D$4:$D$123,"<>")=0,"",IFERROR(SUMIFS('Budget Detail'!$D$4:$D$123,'Budget Detail'!$A$4:$A$123,Assumptions!$B$7,'Budget Detail'!$C$4:$C$123,$A19,'Budget Detail'!$J$4:$J$123,"Revenue"),"")) | C19: =IF(COUNTIFS('Budget Detail'!$A$4:$A$123,Assumptions!$B$7,'Budget Detail'!$C$4:$C$123,$A19,'Budget Detail'!$J$4:$J$123,"Expense",'Budget Detail'!$D$4:$D$123,"<>")=0,"",IFERROR(SUMIFS('Budget Detail'!$D$4:$D$123,'Budget Detail'!$A$4:$A$123,Assumptions!$B$7,'Budget Detail'!$C$4:$C$123,$A19,'Budget Detail'!$J$4:$J$123,"Expense"),"")) | D19: =IF(COUNTIFS('Budget Detail'!$A$4:$A$123,Assumptions!$B$7,'Budget Detail'!$C$4:$C$123,$A19,'Budget Detail'!$D$4:$D$123,"<>")=0,"",IFERROR(SUMIFS('Budget Detail'!$K$4:$K$123,'Budget Detail'!$A$4:$A$123,Assumptions!$B$7,'Budget Detail'!$C$4:$C$123,$A19),"")) | E19: =IF(COUNTIFS('Budget Detail'!$A$4:$A$123,Assumptions!$B$7,'Budget Detail'!$C$4:$C$123,$A19,'Budget Detail'!$E$4:$E$123,"<>")=0,"",IFERROR(SUMIFS('Budget Detail'!$L$4:$L$123,'Budget Detail'!$A$4:$A$123,Assumptions!$B$7,'Budget Detail'!$C$4:$C$123,$A19),"")) | F19: =IF(OR(D19="",E19=""),"",E19-D19) | G19: =IF(F19="","",IFERROR(F19/ABS(D19),""))
A20: =DATE(Assumptions!$B$4,6,1) | B20: =IF(COUNTIFS('Budget Detail'!$A$4:$A$123,Assumptions!$B$7,'Budget Detail'!$C$4:$C$123,$A20,'Budget Detail'!$J$4:$J$123,"Revenue",'Budget Detail'!$D$4:$D$123,"<>")=0,"",IFERROR(SUMIFS('Budget Detail'!$D$4:$D$123,'Budget Detail'!$A$4:$A$123,Assumptions!$B$7,'Budget Detail'!$C$4:$C$123,$A20,'Budget Detail'!$J$4:$J$123,"Revenue"),"")) | C20: =IF(COUNTIFS('Budget Detail'!$A$4:$A$123,Assumptions!$B$7,'Budget Detail'!$C$4:$C$123,$A20,'Budget Detail'!$J$4:$J$123,"Expense",'Budget Detail'!$D$4:$D$123,"<>")=0,"",IFERROR(SUMIFS('Budget Detail'!$D$4:$D$123,'Budget Detail'!$A$4:$A$123,Assumptions!$B$7,'Budget Detail'!$C$4:$C$123,$A20,'Budget Detail'!$J$4:$J$123,"Expense"),"")) | D20: =IF(COUNTIFS('Budget Detail'!$A$4:$A$123,Assumptions!$B$7,'Budget Detail'!$C$4:$C$123,$A20,'Budget Detail'!$D$4:$D$123,"<>")=0,"",IFERROR(SUMIFS('Budget Detail'!$K$4:$K$123,'Budget Detail'!$A$4:$A$123,Assumptions!$B$7,'Budget Detail'!$C$4:$C$123,$A20),"")) | E20: =IF(COUNTIFS('Budget Detail'!$A$4:$A$123,Assumptions!$B$7,'Budget Detail'!$C$4:$C$123,$A20,'Budget Detail'!$E$4:$E$123,"<>")=0,"",IFERROR(SUMIFS('Budget Detail'!$L$4:$L$123,'Budget Detail'!$A$4:$A$123,Assumptions!$B$7,'Budget Detail'!$C$4:$C$123,$A20),"")) | F20: =IF(OR(D20="",E20=""),"",E20-D20) | G20: =IF(F20="","",IFERROR(F20/ABS(D20),""))
A21: =DATE(Assumptions!$B$4,7,1) | B21: =IF(COUNTIFS('Budget Detail'!$A$4:$A$123,Assumptions!$B$7,'Budget Detail'!$C$4:$C$123,$A21,'Budget Detail'!$J$4:$J$123,"Revenue",'Budget Detail'!$D$4:$D$123,"<>")=0,"",IFERROR(SUMIFS('Budget Detail'!$D$4:$D$123,'Budget Detail'!$A$4:$A$123,Assumptions!$B$7,'Budget Detail'!$C$4:$C$123,$A21,'Budget Detail'!$J$4:$J$123,"Revenue"),"")) | C21: =IF(COUNTIFS('Budget Detail'!$A$4:$A$123,Assumptions!$B$7,'Budget Detail'!$C$4:$C$123,$A21,'Budget Detail'!$J$4:$J$123,"Expense",'Budget Detail'!$D$4:$D$123,"<>")=0,"",IFERROR(SUMIFS('Budget Detail'!$D$4:$D$123,'Budget Detail'!$A$4:$A$123,Assumptions!$B$7,'Budget Detail'!$C$4:$C$123,$A21,'Budget Detail'!$J$4:$J$123,"Expense"),"")) | D21: =IF(COUNTIFS('Budget Detail'!$A$4:$A$123,Assumptions!$B$7,'Budget Detail'!$C$4:$C$123,$A21,'Budget Detail'!$D$4:$D$123,"<>")=0,"",IFERROR(SUMIFS('Budget Detail'!$K$4:$K$123,'Budget Detail'!$A$4:$A$123,Assumptions!$B$7,'Budget Detail'!$C$4:$C$123,$A21),"")) | E21: =IF(COUNTIFS('Budget Detail'!$A$4:$A$123,Assumptions!$B$7,'Budget Detail'!$C$4:$C$123,$A21,'Budget Detail'!$E$4:$E$123,"<>")=0,"",IFERROR(SUMIFS('Budget Detail'!$L$4:$L$123,'Budget Detail'!$A$4:$A$123,Assumptions!$B$7,'Budget Detail'!$C$4:$C$123,$A21),"")) | F21: =IF(OR(D21="",E21=""),"",E21-D21) | G21: =IF(F21="","",IFERROR(F21/ABS(D21),""))
A22: =DATE(Assumptions!$B$4,8,1) | B22: =IF(COUNTIFS('Budget Detail'!$A$4:$A$123,Assumptions!$B$7,'Budget Detail'!$C$4:$C$123,$A22,'Budget Detail'!$J$4:$J$123,"Revenue",'Budget Detail'!$D$4:$D$123,"<>")=0,"",IFERROR(SUMIFS('Budget Detail'!$D$4:$D$123,'Budget Detail'!$A$4:$A$123,Assumptions!$B$7,'Budget Detail'!$C$4:$C$123,$A22,'Budget Detail'!$J$4:$J$123,"Revenue"),"")) | C22: =IF(COUNTIFS('Budget Detail'!$A$4:$A$123,Assumptions!$B$7,'Budget Detail'!$C$4:$C$123,$A22,'Budget Detail'!$J$4:$J$123,"Expense",'Budget Detail'!$D$4:$D$123,"<>")=0,"",IFERROR(SUMIFS('Budget Detail'!$D$4:$D$123,'Budget Detail'!$A$4:$A$123,Assumptions!$B$7,'Budget Detail'!$C$4:$C$123,$A22,'Budget Detail'!$J$4:$J$123,"Expense"),"")) | D22: =IF(COUNTIFS('Budget Detail'!$A$4:$A$123,Assumptions!$B$7,'Budget Detail'!$C$4:$C$123,$A22,'Budget Detail'!$D$4:$D$123,"<>")=0,"",IFERROR(SUMIFS('Budget Detail'!$K$4:$K$123,'Budget Detail'!$A$4:$A$123,Assumptions!$B$7,'Budget Detail'!$C$4:$C$123,$A22),"")) | E22: =IF(COUNTIFS('Budget Detail'!$A$4:$A$123,Assumptions!$B$7,'Budget Detail'!$C$4:$C$123,$A22,'Budget Detail'!$E$4:$E$123,"<>")=0,"",IFERROR(SUMIFS('Budget Detail'!$L$4:$L$123,'Budget Detail'!$A$4:$A$123,Assumptions!$B$7,'Budget Detail'!$C$4:$C$123,$A22),"")) | F22: =IF(OR(D22="",E22=""),"",E22-D22) | G22: =IF(F22="","",IFERROR(F22/ABS(D22),""))
A23: =DATE(Assumptions!$B$4,9,1) | B23: =IF(COUNTIFS('Budget Detail'!$A$4:$A$123,Assumptions!$B$7,'Budget Detail'!$C$4:$C$123,$A23,'Budget Detail'!$J$4:$J$123,"Revenue",'Budget Detail'!$D$4:$D$123,"<>")=0,"",IFERROR(SUMIFS('Budget Detail'!$D$4:$D$123,'Budget Detail'!$A$4:$A$123,Assumptions!$B$7,'Budget Detail'!$C$4:$C$123,$A23,'Budget Detail'!$J$4:$J$123,"Revenue"),"")) | C23: =IF(COUNTIFS('Budget Detail'!$A$4:$A$123,Assumptions!$B$7,'Budget Detail'!$C$4:$C$123,$A23,'Budget Detail'!$J$4:$J$123,"Expense",'Budget Detail'!$D$4:$D$123,"<>")=0,"",IFERROR(SUMIFS('Budget Detail'!$D$4:$D$123,'Budget Detail'!$A$4:$A$123,Assumptions!$B$7,'Budget Detail'!$C$4:$C$123,$A23,'Budget Detail'!$J$4:$J$123,"Expense"),"")) | D23: =IF(COUNTIFS('Budget Detail'!$A$4:$A$123,Assumptions!$B$7,'Budget Detail'!$C$4:$C$123,$A23,'Budget Detail'!$D$4:$D$123,"<>")=0,"",IFERROR(SUMIFS('Budget Detail'!$K$4:$K$123,'Budget Detail'!$A$4:$A$123,Assumptions!$B$7,'Budget Detail'!$C$4:$C$123,$A23),"")) | E23: =IF(COUNTIFS('Budget Detail'!$A$4:$A$123,Assumptions!$B$7,'Budget Detail'!$C$4:$C$123,$A23,'Budget Detail'!$E$4:$E$123,"<>")=0,"",IFERROR(SUMIFS('Budget Detail'!$L$4:$L$123,'Budget Detail'!$A$4:$A$123,Assumptions!$B$7,'Budget Detail'!$C$4:$C$123,$A23),"")) | F23: =IF(OR(D23="",E23=""),"",E23-D23) | G23: =IF(F23="","",IFERROR(F23/ABS(D23),""))
A24: =DATE(Assumptions!$B$4,10,1) | B24: =IF(COUNTIFS('Budget Detail'!$A$4:$A$123,Assumptions!$B$7,'Budget Detail'!$C$4:$C$123,$A24,'Budget Detail'!$J$4:$J$123,"Revenue",'Budget Detail'!$D$4:$D$123,"<>")=0,"",IFERROR(SUMIFS('Budget Detail'!$D$4:$D$123,'Budget Detail'!$A$4:$A$123,Assumptions!$B$7,'Budget Detail'!$C$4:$C$123,$A24,'Budget Detail'!$J$4:$J$123,"Revenue"),"")) | C24: =IF(COUNTIFS('Budget Detail'!$A$4:$A$123,Assumptions!$B$7,'Budget Detail'!$C$4:$C$123,$A24,'Budget Detail'!$J$4:$J$123,"Expense",'Budget Detail'!$D$4:$D$123,"<>")=0,"",IFERROR(SUMIFS('Budget Detail'!$D$4:$D$123,'Budget Detail'!$A$4:$A$123,Assumptions!$B$7,'Budget Detail'!$C$4:$C$123,$A24,'Budget Detail'!$J$4:$J$123,"Expense"),"")) | D24: =IF(COUNTIFS('Budget Detail'!$A$4:$A$123,Assumptions!$B$7,'Budget Detail'!$C$4:$C$123,$A24,'Budget Detail'!$D$4:$D$123,"<>")=0,"",IFERROR(SUMIFS('Budget Detail'!$K$4:$K$123,'Budget Detail'!$A$4:$A$123,Assumptions!$B$7,'Budget Detail'!$C$4:$C$123,$A24),"")) | E24: =IF(COUNTIFS('Budget Detail'!$A$4:$A$123,Assumptions!$B$7,'Budget Detail'!$C$4:$C$123,$A24,'Budget Detail'!$E$4:$E$123,"<>")=0,"",IFERROR(SUMIFS('Budget Detail'!$L$4:$L$123,'Budget Detail'!$A$4:$A$123,Assumptions!$B$7,'Budget Detail'!$C$4:$C$123,$A24),"")) | F24: =IF(OR(D24="",E24=""),"",E24-D24) | G24: =IF(F24="","",IFERROR(F24/ABS(D24),""))
A25: =DATE(Assumptions!$B$4,11,1) | B25: =IF(COUNTIFS('Budget Detail'!$A$4:$A$123,Assumptions!$B$7,'Budget Detail'!$C$4:$C$123,$A25,'Budget Detail'!$J$4:$J$123,"Revenue",'Budget Detail'!$D$4:$D$123,"<>")=0,"",IFERROR(SUMIFS('Budget Detail'!$D$4:$D$123,'Budget Detail'!$A$4:$A$123,Assumptions!$B$7,'Budget Detail'!$C$4:$C$123,$A25,'Budget Detail'!$J$4:$J$123,"Revenue"),"")) | C25: =IF(COUNTIFS('Budget Detail'!$A$4:$A$123,Assumptions!$B$7,'Budget Detail'!$C$4:$C$123,$A25,'Budget Detail'!$J$4:$J$123,"Expense",'Budget Detail'!$D$4:$D$123,"<>")=0,"",IFERROR(SUMIFS('Budget Detail'!$D$4:$D$123,'Budget Detail'!$A$4:$A$123,Assumptions!$B$7,'Budget Detail'!$C$4:$C$123,$A25,'Budget Detail'!$J$4:$J$123,"Expense"),"")) | D25: =IF(COUNTIFS('Budget Detail'!$A$4:$A$123,Assumptions!$B$7,'Budget Detail'!$C$4:$C$123,$A25,'Budget Detail'!$D$4:$D$123,"<>")=0,"",IFERROR(SUMIFS('Budget Detail'!$K$4:$K$123,'Budget Detail'!$A$4:$A$123,Assumptions!$B$7,'Budget Detail'!$C$4:$C$123,$A25),"")) | E25: =IF(COUNTIFS('Budget Detail'!$A$4:$A$123,Assumptions!$B$7,'Budget Detail'!$C$4:$C$123,$A25,'Budget Detail'!$E$4:$E$123,"<>")=0,"",IFERROR(SUMIFS('Budget Detail'!$L$4:$L$123,'Budget Detail'!$A$4:$A$123,Assumptions!$B$7,'Budget Detail'!$C$4:$C$123,$A25),"")) | F25: =IF(OR(D25="",E25=""),"",E25-D25) | G25: =IF(F25="","",IFERROR(F25/ABS(D25),""))
A26: =DATE(Assumptions!$B$4,12,1) | B26: =IF(COUNTIFS('Budget Detail'!$A$4:$A$123,Assumptions!$B$7,'Budget Detail'!$C$4:$C$123,$A26,'Budget Detail'!$J$4:$J$123,"Revenue",'Budget Detail'!$D$4:$D$123,"<>")=0,"",IFERROR(SUMIFS('Budget Detail'!$D$4:$D$123,'Budget Detail'!$A$4:$A$123,Assumptions!$B$7,'Budget Detail'!$C$4:$C$123,$A26,'Budget Detail'!$J$4:$J$123,"Revenue"),"")) | C26: =IF(COUNTIFS('Budget Detail'!$A$4:$A$123,Assumptions!$B$7,'Budget Detail'!$C$4:$C$123,$A26,'Budget Detail'!$J$4:$J$123,"Expense",'Budget Detail'!$D$4:$D$123,"<>")=0,"",IFERROR(SUMIFS('Budget Detail'!$D$4:$D$123,'Budget Detail'!$A$4:$A$123,Assumptions!$B$7,'Budget Detail'!$C$4:$C$123,$A26,'Budget Detail'!$J$4:$J$123,"Expense"),"")) | D26: =IF(COUNTIFS('Budget Detail'!$A$4:$A$123,Assumptions!$B$7,'Budget Detail'!$C$4:$C$123,$A26,'Budget Detail'!$D$4:$D$123,"<>")=0,"",IFERROR(SUMIFS('Budget Detail'!$K$4:$K$123,'Budget Detail'!$A$4:$A$123,Assumptions!$B$7,'Budget Detail'!$C$4:$C$123,$A26),"")) | E26: =IF(COUNTIFS('Budget Detail'!$A$4:$A$123,Assumptions!$B$7,'Budget Detail'!$C$4:$C$123,$A26,'Budget Detail'!$E$4:$E$123,"<>")=0,"",IFERROR(SUMIFS('Budget Detail'!$L$4:$L$123,'Budget Detail'!$A$4:$A$123,Assumptions!$B$7,'Budget Detail'!$C$4:$C$123,$A26),"")) | F26: =IF(OR(D26="",E26=""),"",E26-D26) | G26: =IF(F26="","",IFERROR(F26/ABS(D26),""))

Sheet Budget Detail
A1: Self Storage Operating Budget Detail
A2: Enter one fictional facility, account, and month per line. Yellow cells are editable; calculated cells request review when an entry needs attention.
A3: Facility | B3: Account | C3: Period | D3: Budget Amount | E3: Actual Amount | F3: Owner | G3: Status | H3: Due Date | I3: Notes | J3: Budget Class | K3: Net Budget | L3: Net Actual | M3: Variance $ | N3: Variance % | O3: Review Flag
A4: Fictional Cedar Lantern Storage | B4: Net Rental Revenue | C4: 46023 | D4: 46000 | E4: 45500 | F4: Alex Example | G4: Reviewed | H4: 46063 | I4: Fictional January example; complete other account lines as needed. | J4: =IF(OR(A4="",B4=""),"",IFERROR(VLOOKUP(B4,Assumptions!$F$4:$G$15,2,FALSE),"Review account")) | K4: =IF(OR(C4="",D4="",J4=""),"",IF(J4="Revenue",D4,IF(J4="Expense",-D4,""))) | L4: =IF(OR(C4="",E4="",J4=""),"",IF(J4="Revenue",E4,IF(J4="Expense",-E4,""))) | M4: =IF(OR(K4="",L4=""),"",L4-K4) | N4: =IF(OR(K4="",M4=""),"",IFERROR(M4/ABS(K4),"")) | O4: =IF(A4="","",IFERROR(IF(OR(B4="",C4="",D4="",F4="",G4=""),"Review incomplete row",IF(YEAR(C4)<>Assumptions!$B$4,"Review period",IF(J4="Review account","Review account",IF(AND(D4=0,E4<>"",E4>0),"Review unbudgeted actual",IF(AND(N4<>"",ABS(N4)>=Assumptions!$B$6),"Review variance",IF(AND(G4="Needs review",H4=""),"Review missing due date",IF(AND(G4="Needs review",H4<>"",TODAY()>H4),"Past due review",""))))))),"Review entry")) | Q4: =IF(ROW()<=6,Assumptions!D4,"") | R4: =IF(ROW()<=15,Assumptions!F4,"") | S4: =IF(ROW()<=7,Assumptions!I4,"") | T4: =IF(ROW()<=7,Assumptions!K4,"") | U4: =Assumptions!B4
A5: Fictional Cedar Lantern Storage | B5: Payroll and Benefits | C5: 46054 | D5: 13200 | E5: 13650 | F5: Morgan Example | G5: Reviewed | H5: 46091 | I5: Fictional February example; complete other account lines as needed. | J5: =IF(OR(A5="",B5=""),"",IFERROR(VLOOKUP(B5,Assumptions!$F$4:$G$15,2,FALSE),"Review account")) | K5: =IF(OR(C5="",D5="",J5=""),"",IF(J5="Revenue",D5,IF(J5="Expense",-D5,""))) | L5: =IF(OR(C5="",E5="",J5=""),"",IF(J5="Revenue",E5,IF(J5="Expense",-E5,""))) | M5: =IF(OR(K5="",L5=""),"",L5-K5) | N5: =IF(OR(K5="",M5=""),"",IFERROR(M5/ABS(K5),"")) | O5: =IF(A5="","",IFERROR(IF(OR(B5="",C5="",D5="",F5="",G5=""),"Review incomplete row",IF(YEAR(C5)<>Assumptions!$B$4,"Review period",IF(J5="Review account","Review account",IF(AND(D5=0,E5<>"",E5>0),"Review unbudgeted actual",IF(AND(N5<>"",ABS(N5)>=Assumptions!$B$6),"Review variance",IF(AND(G5="Needs review",H5=""),"Review missing due date",IF(AND(G5="Needs review",H5<>"",TODAY()>H5),"Past due review",""))))))),"Review entry")) | Q5: =IF(ROW()<=6,Assumptions!D5,"") | R5: =IF(ROW()<=15,Assumptions!F5,"") | S5: =IF(ROW()<=7,Assumptions!I5,"") | T5: =IF(ROW()<=7,Assumptions!K5,"") | U5: =Assumptions!B8
A6: Fictional Cedar Lantern Storage | B6: Utilities | C6: 46082 | D6: 3800 | E6: 3650 | F6: Casey Example | G6: Reviewed | H6: 46122 | I6: Fictional March example; complete other account lines as needed. | J6: =IF(OR(A6="",B6=""),"",IFERROR(VLOOKUP(B6,Assumptions!$F$4:$G$15,2,FALSE),"Review account")) | K6: =IF(OR(C6="",D6="",J6=""),"",IF(J6="Revenue",D6,IF(J6="Expense",-D6,""))) | L6: =IF(OR(C6="",E6="",J6=""),"",IF(J6="Revenue",E6,IF(J6="Expense",-E6,""))) | M6: =IF(OR(K6="",L6=""),"",L6-K6) | N6: =IF(OR(K6="",M6=""),"",IFERROR(M6/ABS(K6),"")) | O6: =IF(A6="","",IFERROR(IF(OR(B6="",C6="",D6="",F6="",G6=""),"Review incomplete row",IF(YEAR(C6)<>Assumptions!$B$4,"Review period",IF(J6="Review account","Review account",IF(AND(D6=0,E6<>"",E6>0),"Review unbudgeted actual",IF(AND(N6<>"",ABS(N6)>=Assumptions!$B$6),"Review variance",IF(AND(G6="Needs review",H6=""),"Review missing due date",IF(AND(G6="Needs review",H6<>"",TODAY()>H6),"Past due review",""))))))),"Review entry")) | Q6: =IF(ROW()<=6,Assumptions!D6,"") | R6: =IF(ROW()<=15,Assumptions!F6,"") | S6: =IF(ROW()<=7,Assumptions!I6,"") | T6: =IF(ROW()<=7,Assumptions!K6,"")
A7: Fictional Cedar Lantern Storage | B7: Repairs and Maintenance | C7: 46113 | D7: 4500 | E7: 6100 | F7: Riley Example | G7: Reviewed | H7: 46152 | I7: Fictional April example; complete other account lines as needed. | J7: =IF(OR(A7="",B7=""),"",IFERROR(VLOOKUP(B7,Assumptions!$F$4:$G$15,2,FALSE),"Review account")) | K7: =IF(OR(C7="",D7="",J7=""),"",IF(J7="Revenue",D7,IF(J7="Expense",-D7,""))) | L7: =IF(OR(C7="",E7="",J7=""),"",IF(J7="Revenue",E7,IF(J7="Expense",-E7,""))) | M7: =IF(OR(K7="",L7=""),"",L7-K7) | N7: =IF(OR(K7="",M7=""),"",IFERROR(M7/ABS(K7),"")) | O7: =IF(A7="","",IFERROR(IF(OR(B7="",C7="",D7="",F7="",G7=""),"Review incomplete row",IF(YEAR(C7)<>Assumptions!$B$4,"Review period",IF(J7="Review account","Review account",IF(AND(D7=0,E7<>"",E7>0),"Review unbudgeted actual",IF(AND(N7<>"",ABS(N7)>=Assumptions!$B$6),"Review variance",IF(AND(G7="Needs review",H7=""),"Review missing due date",IF(AND(G7="Needs review",H7<>"",TODAY()>H7),"Past due review",""))))))),"Review entry")) | Q7: =IF(ROW()<=6,Assumptions!D6,"") | R7: =IF(ROW()<=15,Assumptions!F7,"") | S7: =IF(ROW()<=7,Assumptions!I7,"") | T7: =IF(ROW()<=7,Assumptions!K7,"")
A8: Fictional Cedar Lantern Storage | B8: Net Rental Revenue | C8: 46143 | D8: 49000 | E8: 50100 | F8: Alex Example | G8: Reviewed | H8: 46183 | I8: Fictional May example; complete other account lines as needed. | J8: =IF(OR(A8="",B8=""),"",IFERROR(VLOOKUP(B8,Assumptions!$F$4:$G$15,2,FALSE),"Review account")) | K8: =IF(OR(C8="",D8="",J8=""),"",IF(J8="Revenue",D8,IF(J8="Expense",-D8,""))) | L8: =IF(OR(C8="",E8="",J8=""),"",IF(J8="Revenue",E8,IF(J8="Expense",-E8,""))) | M8: =IF(OR(K8="",L8=""),"",L8-K8) | N8: =IF(OR(K8="",M8=""),"",IFERROR(M8/ABS(K8),"")) | O8: =IF(A8="","",IFERROR(IF(OR(B8="",C8="",D8="",F8="",G8=""),"Review incomplete row",IF(YEAR(C8)<>Assumptions!$B$4,"Review period",IF(J8="Review account","Review account",IF(AND(D8=0,E8<>"",E8>0),"Review unbudgeted actual",IF(AND(N8<>"",ABS(N8)>=Assumptions!$B$6),"Review variance",IF(AND(G8="Needs review",H8=""),"Review missing due date",IF(AND(G8="Needs review",H8<>"",TODAY()>H8),"Past due review",""))))))),"Review entry")) | Q8: =IF(ROW()<=6,Assumptions!D6,"") | R8: =IF(ROW()<=15,Assumptions!F8,"") | S8: =IF(ROW()<=7,Assumptions!I7,"") | T8: =IF(ROW()<=7,Assumptions!K7,"")
A9: Fictional Cedar Lantern Storage | B9: Insurance | C9: 46174 | D9: 4100 | E9: 4100 | F9: Morgan Example | G9: Reviewed | H9: 46213 | I9: Fictional June example; complete other account lines as needed. | J9: =IF(OR(A9="",B9=""),"",IFERROR(VLOOKUP(B9,Assumptions!$F$4:$G$15,2,FALSE),"Review account")) | K9: =IF(OR(C9="",D9="",J9=""),"",IF(J9="Revenue",D9,IF(J9="Expense",-D9,""))) | L9: =IF(OR(C9="",E9="",J9=""),"",IF(J9="Revenue",E9,IF(J9="Expense",-E9,""))) | M9: =IF(OR(K9="",L9=""),"",L9-K9) | N9: =IF(OR(K9="",M9=""),"",IFERROR(M9/ABS(K9),"")) | O9: =IF(A9="","",IFERROR(IF(OR(B9="",C9="",D9="",F9="",G9=""),"Review incomplete row",IF(YEAR(C9)<>Assumptions!$B$4,"Review period",IF(J9="Review account","Review account",IF(AND(D9=0,E9<>"",E9>0),"Review unbudgeted actual",IF(AND(N9<>"",ABS(N9)>=Assumptions!$B$6),"Review variance",IF(AND(G9="Needs review",H9=""),"Review missing due date",IF(AND(G9="Needs review",H9<>"",TODAY()>H9),"Past due review",""))))))),"Review entry")) | Q9: =IF(ROW()<=6,Assumptions!D6,"") | R9: =IF(ROW()<=15,Assumptions!F9,"") | S9: =IF(ROW()<=7,Assumptions!I7,"") | T9: =IF(ROW()<=7,Assumptions!K7,"")
A10: Fictional Cedar Lantern Storage | B10: Late and Other Fees | C10: 46204 | D10: 2600 | E10: 2750 | F10: Casey Example | G10: Reviewed | H10: 46244 | I10: Fictional July example; complete other account lines as needed. | J10: =IF(OR(A10="",B10=""),"",IFERROR(VLOOKUP(B10,Assumptions!$F$4:$G$15,2,FALSE),"Review account")) | K10: =IF(OR(C10="",D10="",J10=""),"",IF(J10="Revenue",D10,IF(J10="Expense",-D10,""))) | L10: =IF(OR(C10="",E10="",J10=""),"",IF(J10="Revenue",E10,IF(J10="Expense",-E10,""))) | M10: =IF(OR(K10="",L10=""),"",L10-K10) | N10: =IF(OR(K10="",M10=""),"",IFERROR(M10/ABS(K10),"")) | O10: =IF(A10="","",IFERROR(IF(OR(B10="",C10="",D10="",F10="",G10=""),"Review incomplete row",IF(YEAR(C10)<>Assumptions!$B$4,"Review period",IF(J10="Review account","Review account",IF(AND(D10=0,E10<>"",E10>0),"Review unbudgeted actual",IF(AND(N10<>"",ABS(N10)>=Assumptions!$B$6),"Review variance",IF(AND(G10="Needs review",H10=""),"Review missing due date",IF(AND(G10="Needs review",H10<>"",TODAY()>H10),"Past due review",""))))))),"Review entry")) | Q10: =IF(ROW()<=6,Assumptions!D6,"") | R10: =IF(ROW()<=15,Assumptions!F10,"") | S10: =IF(ROW()<=7,Assumptions!I7,"") | T10: =IF(ROW()<=7,Assumptions!K7,"")
A11: Fictional Cedar Lantern Storage | B11: Marketing | C11: 46235 | D11: 0 | E11: 2500 | F11: Riley Example | G11: Needs review | H11: 46275 | I11: Fictional August example; complete other account lines as needed. | J11: =IF(OR(A11="",B11=""),"",IFERROR(VLOOKUP(B11,Assumptions!$F$4:$G$15,2,FALSE),"Review account")) | K11: =IF(OR(C11="",D11="",J11=""),"",IF(J11="Revenue",D11,IF(J11="Expense",-D11,""))) | L11: =IF(OR(C11="",E11="",J11=""),"",IF(J11="Revenue",E11,IF(J11="Expense",-E11,""))) | M11: =IF(OR(K11="",L11=""),"",L11-K11) | N11: =IF(OR(K11="",M11=""),"",IFERROR(M11/ABS(K11),"")) | O11: =IF(A11="","",IFERROR(IF(OR(B11="",C11="",D11="",F11="",G11=""),"Review incomplete row",IF(YEAR(C11)<>Assumptions!$B$4,"Review period",IF(J11="Review account","Review account",IF(AND(D11=0,E11<>"",E11>0),"Review unbudgeted actual",IF(AND(N11<>"",ABS(N11)>=Assumptions!$B$6),"Review variance",IF(AND(G11="Needs review",H11=""),"Review missing due date",IF(AND(G11="Needs review",H11<>"",TODAY()>H11),"Past due review",""))))))),"Review entry")) | Q11: =IF(ROW()<=6,Assumptions!D6,"") | R11: =IF(ROW()<=15,Assumptions!F11,"") | S11: =IF(ROW()<=7,Assumptions!I7,"") | T11: =IF(ROW()<=7,Assumptions!K7,"")
A12: Fictional Cedar Lantern Storage | B12: Net Rental Revenue | C12: 46266 | D12: 52000 | F12: Alex Example | G12: Entered | H12: 46305 | I12: Fictional September example; complete other account lines as needed. | J12: =IF(OR(A12="",B12=""),"",IFERROR(VLOOKUP(B12,Assumptions!$F$4:$G$15,2,FALSE),"Review account")) | K12: =IF(OR(C12="",D12="",J12=""),"",IF(J12="Revenue",D12,IF(J12="Expense",-D12,""))) | L12: =IF(OR(C12="",E12="",J12=""),"",IF(J12="Revenue",E12,IF(J12="Expense",-E12,""))) | M12: =IF(OR(K12="",L12=""),"",L12-K12) | N12: =IF(OR(K12="",M12=""),"",IFERROR(M12/ABS(K12),"")) | O12: =IF(A12="","",IFERROR(IF(OR(B12="",C12="",D12="",F12="",G12=""),"Review incomplete row",IF(YEAR(C12)<>Assumptions!$B$4,"Review period",IF(J12="Review account","Review account",IF(AND(D12=0,E12<>"",E12>0),"Review unbudgeted actual",IF(AND(N12<>"",ABS(N12)>=Assumptions!$B$6),"Review variance",IF(AND(G12="Needs review",H12=""),"Review missing due date",IF(AND(G12="Needs review",H12<>"",TODAY()>H12),"Past due review",""))))))),"Review entry")) | Q12: =IF(ROW()<=6,Assumptions!D6,"") | R12: =IF(ROW()<=15,Assumptions!F12,"") | S12: =IF(ROW()<=7,Assumptions!I7,"") | T12: =IF(ROW()<=7,Assumptions!K7,"")
A13: Fictional Cedar Lantern Storage | B13: Property Taxes | C13: 46296 | D13: 12500 | F13: Morgan Example | G13: Entered | H13: 46336 | I13: Fictional October example; complete other account lines as needed. | J13: =IF(OR(A13="",B13=""),"",IFERROR(VLOOKUP(B13,Assumptions!$F$4:$G$15,2,FALSE),"Review account")) | K13: =IF(OR(C13="",D13="",J13=""),"",IF(J13="Revenue",D13,IF(J13="Expense",-D13,""))) | L13: =IF(OR(C13="",E13="",J13=""),"",IF(J13="Revenue",E13,IF(J13="Expense",-E13,""))) | M13: =IF(OR(K13="",L13=""),"",L13-K13) | N13: =IF(OR(K13="",M13=""),"",IFERROR(M13/ABS(K13),"")) | O13: =IF(A13="","",IFERROR(IF(OR(B13="",C13="",D13="",F13="",G13=""),"Review incomplete row",IF(YEAR(C13)<>Assumptions!$B$4,"Review period",IF(J13="Review account","Review account",IF(AND(D13=0,E13<>"",E13>0),"Review unbudgeted actual",IF(AND(N13<>"",ABS(N13)>=Assumptions!$B$6),"Review variance",IF(AND(G13="Needs review",H13=""),"Review missing due date",IF(AND(G13="Needs review",H13<>"",TODAY()>H13),"Past due review",""))))))),"Review entry")) | Q13: =IF(ROW()<=6,Assumptions!D6,"") | R13: =IF(ROW()<=15,Assumptions!F13,"") | S13: =IF(ROW()<=7,Assumptions!I7,"") | T13: =IF(ROW()<=7,Assumptions!K7,"")
A14: Fictional Cedar Lantern Storage | B14: Retail Merchandise | C14: 46327 | D14: 1800 | F14: Casey Example | G14: Entered | H14: 46366 | I14: Fictional November example; complete other account lines as needed. | J14: =IF(OR(A14="",B14=""),"",IFERROR(VLOOKUP(B14,Assumptions!$F$4:$G$15,2,FALSE),"Review account")) | K14: =IF(OR(C14="",D14="",J14=""),"",IF(J14="Revenue",D14,IF(J14="Expense",-D14,""))) | L14: =IF(OR(C14="",E14="",J14=""),"",IF(J14="Revenue",E14,IF(J14="Expense",-E14,""))) | M14: =IF(OR(K14="",L14=""),"",L14-K14) | N14: =IF(OR(K14="",M14=""),"",IFERROR(M14/ABS(K14),"")) | O14: =IF(A14="","",IFERROR(IF(OR(B14="",C14="",D14="",F14="",G14=""),"Review incomplete row",IF(YEAR(C14)<>Assumptions!$B$4,"Review period",IF(J14="Review account","Review account",IF(AND(D14=0,E14<>"",E14>0),"Review unbudgeted actual",IF(AND(N14<>"",ABS(N14)>=Assumptions!$B$6),"Review variance",IF(AND(G14="Needs review",H14=""),"Review missing due date",IF(AND(G14="Needs review",H14<>"",TODAY()>H14),"Past due review",""))))))),"Review entry")) | Q14: =IF(ROW()<=6,Assumptions!D6,"") | R14: =IF(ROW()<=15,Assumptions!F14,"") | S14: =IF(ROW()<=7,Assumptions!I7,"") | T14: =IF(ROW()<=7,Assumptions!K7,"")
A15: Fictional Cedar Lantern Storage | B15: Waste and Grounds | C15: 46357 | D15: 2400 | F15: Riley Example | G15: Entered | H15: 46397 | I15: Fictional December example; complete other account lines as needed. | J15: =IF(OR(A15="",B15=""),"",IFERROR(VLOOKUP(B15,Assumptions!$F$4:$G$15,2,FALSE),"Review account")) | K15: =IF(OR(C15="",D15="",J15=""),"",IF(J15="Revenue",D15,IF(J15="Expense",-D15,""))) | L15: =IF(OR(C15="",E15="",J15=""),"",IF(J15="Revenue",E15,IF(J15="Expense",-E15,""))) | M15: =IF(OR(K15="",L15=""),"",L15-K15) | N15: =IF(OR(K15="",M15=""),"",IFERROR(M15/ABS(K15),"")) | O15: =IF(A15="","",IFERROR(IF(OR(B15="",C15="",D15="",F15="",G15=""),"Review incomplete row",IF(YEAR(C15)<>Assumptions!$B$4,"Review period",IF(J15="Review account","Review account",IF(AND(D15=0,E15<>"",E15>0),"Review unbudgeted actual",IF(AND(N15<>"",ABS(N15)>=Assumptions!$B$6),"Review variance",IF(AND(G15="Needs review",H15=""),"Review missing due date",IF(AND(G15="Needs review",H15<>"",TODAY()>H15),"Past due review",""))))))),"Review entry")) | Q15: =IF(ROW()<=6,Assumptions!D6,"") | R15: =IF(ROW()<=15,Assumptions!F15,"") | S15: =IF(ROW()<=7,Assumptions!I7,"") | T15: =IF(ROW()<=7,Assumptions!K7,"")
J16: =IF(OR(A16="",B16=""),"",IFERROR(VLOOKUP(B16,Assumptions!$F$4:$G$15,2,FALSE),"Review account")) | K16: =IF(OR(C16="",D16="",J16=""),"",IF(J16="Revenue",D16,IF(J16="Expense",-D16,""))) | L16: =IF(OR(C16="",E16="",J16=""),"",IF(J16="Revenue",E16,IF(J16="Expense",-E16,""))) | M16: =IF(OR(K16="",L16=""),"",L16-K16) | N16: =IF(OR(K16="",M16=""),"",IFERROR(M16/ABS(K16),"")) | O16: =IF(A16="","",IFERROR(IF(OR(B16="",C16="",D16="",F16="",G16=""),"Review incomplete row",IF(YEAR(C16)<>Assumptions!$B$4,"Review period",IF(J16="Review account","Review account",IF(AND(D16=0,E16<>"",E16>0),"Review unbudgeted actual",IF(AND(N16<>"",ABS(N16)>=Assumptions!$B$6),"Review variance",IF(AND(G16="Needs review",H16=""),"Review missing due date",IF(AND(G16="Needs review",H16<>"",TODAY()>H16),"Past due review",""))))))),"Review entry")) | Q16: =IF(ROW()<=6,Assumptions!D6,"") | R16: =IF(ROW()<=15,Assumptions!F15,"") | S16: =IF(ROW()<=7,Assumptions!I7,"") | T16: =IF(ROW()<=7,Assumptions!K7,"")
J17: =IF(OR(A17="",B17=""),"",IFERROR(VLOOKUP(B17,Assumptions!$F$4:$G$15,2,FALSE),"Review account")) | K17: =IF(OR(C17="",D17="",J17=""),"",IF(J17="Revenue",D17,IF(J17="Expense",-D17,""))) | L17: =IF(OR(C17="",E17="",J17=""),"",IF(J17="Revenue",E17,IF(J17="Expense",-E17,""))) | M17: =IF(OR(K17="",L17=""),"",L17-K17) | N17: =IF(OR(K17="",M17=""),"",IFERROR(M17/ABS(K17),"")) | O17: =IF(A17="","",IFERROR(IF(OR(B17="",C17="",D17="",F17="",G17=""),"Review incomplete row",IF(YEAR(C17)<>Assumptions!$B$4,"Review period",IF(J17="Review account","Review account",IF(AND(D17=0,E17<>"",E17>0),"Review unbudgeted actual",IF(AND(N17<>"",ABS(N17)>=Assumptions!$B$6),"Review variance",IF(AND(G17="Needs review",H17=""),"Review missing due date",IF(AND(G17="Needs review",H17<>"",TODAY()>H17),"Past due review",""))))))),"Review entry")) | Q17: =IF(ROW()<=6,Assumptions!D6,"") | R17: =IF(ROW()<=15,Assumptions!F15,"") | S17: =IF(ROW()<=7,Assumptions!I7,"") | T17: =IF(ROW()<=7,Assumptions!K7,"")
J18: =IF(OR(A18="",B18=""),"",IFERROR(VLOOKUP(B18,Assumptions!$F$4:$G$15,2,FALSE),"Review account")) | K18: =IF(OR(C18="",D18="",J18=""),"",IF(J18="Revenue",D18,IF(J18="Expense",-D18,""))) | L18: =IF(OR(C18="",E18="",J18=""),"",IF(J18="Revenue",E18,IF(J18="Expense",-E18,""))) | M18: =IF(OR(K18="",L18=""),"",L18-K18) | N18: =IF(OR(K18="",M18=""),"",IFERROR(M18/ABS(K18),"")) | O18: =IF(A18="","",IFERROR(IF(OR(B18="",C18="",D18="",F18="",G18=""),"Review incomplete row",IF(YEAR(C18)<>Assumptions!$B$4,"Review period",IF(J18="Review account","Review account",IF(AND(D18=0,E18<>"",E18>0),"Review unbudgeted actual",IF(AND(N18<>"",ABS(N18)>=Assumptions!$B$6),"Review variance",IF(AND(G18="Needs review",H18=""),"Review missing due date",IF(AND(G18="Needs review",H18<>"",TODAY()>H18),"Past due review",""))))))),"Review entry")) | Q18: =IF(ROW()<=6,Assumptions!D6,"") | R18: =IF(ROW()<=15,Assumptions!F15,"") | S18: =IF(ROW()<=7,Assumptions!I7,"") | T18: =IF(ROW()<=7,Assumptions!K7,"")
J19: =IF(OR(A19="",B19=""),"",IFERROR(VLOOKUP(B19,Assumptions!$F$4:$G$15,2,FALSE),"Review account")) | K19: =IF(OR(C19="",D19="",J19=""),"",IF(J19="Revenue",D19,IF(J19="Expense",-D19,""))) | L19: =IF(OR(C19="",E19="",J19=""),"",IF(J19="Revenue",E19,IF(J19="Expense",-E19,""))) | M19: =IF(OR(K19="",L19=""),"",L19-K19) | N19: =IF(OR(K19="",M19=""),"",IFERROR(M19/ABS(K19),"")) | O19: =IF(A19="","",IFERROR(IF(OR(B19="",C19="",D19="",F19="",G19=""),"Review incomplete row",IF(YEAR(C19)<>Assumptions!$B$4,"Review period",IF(J19="Review account","Review account",IF(AND(D19=0,E19<>"",E19>0),"Review unbudgeted actual",IF(AND(N19<>"",ABS(N19)>=Assumptions!$B$6),"Review variance",IF(AND(G19="Needs review",H19=""),"Review missing due date",IF(AND(G19="Needs review",H19<>"",TODAY()>H19),"Past due review",""))))))),"Review entry")) | Q19: =IF(ROW()<=6,Assumptions!D6,"") | R19: =IF(ROW()<=15,Assumptions!F15,"") | S19: =IF(ROW()<=7,Assumptions!I7,"") | T19: =IF(ROW()<=7,Assumptions!K7,"")
J20: =IF(OR(A20="",B20=""),"",IFERROR(VLOOKUP(B20,Assumptions!$F$4:$G$15,2,FALSE),"Review account")) | K20: =IF(OR(C20="",D20="",J20=""),"",IF(J20="Revenue",D20,IF(J20="Expense",-D20,""))) | L20: =IF(OR(C20="",E20="",J20=""),"",IF(J20="Revenue",E20,IF(J20="Expense",-E20,""))) | M20: =IF(OR(K20="",L20=""),"",L20-K20) | N20: =IF(OR(K20="",M20=""),"",IFERROR(M20/ABS(K20),"")) | O20: =IF(A20="","",IFERROR(IF(OR(B20="",C20="",D20="",F20="",G20=""),"Review incomplete row",IF(YEAR(C20)<>Assumptions!$B$4,"Review period",IF(J20="Review account","Review account",IF(AND(D20=0,E20<>"",E20>0),"Review unbudgeted actual",IF(AND(N20<>"",ABS(N20)>=Assumptions!$B$6),"Review variance",IF(AND(G20="Needs review",H20=""),"Review missing due date",IF(AND(G20="Needs review",H20<>"",TODAY()>H20),"Past due review",""))))))),"Review entry")) | Q20: =IF(ROW()<=6,Assumptions!D6,"") | R20: =IF(ROW()<=15,Assumptions!F15,"") | S20: =IF(ROW()<=7,Assumptions!I7,"") | T20: =IF(ROW()<=7,Assumptions!K7,"")
J21: =IF(OR(A21="",B21=""),"",IFERROR(VLOOKUP(B21,Assumptions!$F$4:$G$15,2,FALSE),"Review account")) | K21: =IF(OR(C21="",D21="",J21=""),"",IF(J21="Revenue",D21,IF(J21="Expense",-D21,""))) | L21: =IF(OR(C21="",E21="",J21=""),"",IF(J21="Revenue",E21,IF(J21="Expense",-E21,""))) | M21: =IF(OR(K21="",L21=""),"",L21-K21) | N21: =IF(OR(K21="",M21=""),"",IFERROR(M21/ABS(K21),"")) | O21: =IF(A21="","",IFERROR(IF(OR(B21="",C21="",D21="",F21="",G21=""),"Review incomplete row",IF(YEAR(C21)<>Assumptions!$B$4,"Review period",IF(J21="Review account","Review account",IF(AND(D21=0,E21<>"",E21>0),"Review unbudgeted actual",IF(AND(N21<>"",ABS(N21)>=Assumptions!$B$6),"Review variance",IF(AND(G21="Needs review",H21=""),"Review missing due date",IF(AND(G21="Needs review",H21<>"",TODAY()>H21),"Past due review",""))))))),"Review entry")) | Q21: =IF(ROW()<=6,Assumptions!D6,"") | R21: =IF(ROW()<=15,Assumptions!F15,"") | S21: =IF(ROW()<=7,Assumptions!I7,"") | T21: =IF(ROW()<=7,Assumptions!K7,"")
J22: =IF(OR(A22="",B22=""),"",IFERROR(VLOOKUP(B22,Assumptions!$F$4:$G$15,2,FALSE),"Review account")) | K22: =IF(OR(C22="",D22="",J22=""),"",IF(J22="Revenue",D22,IF(J22="Expense",-D22,""))) | L22: =IF(OR(C22="",E22="",J22=""),"",IF(J22="Revenue",E22,IF(J22="Expense",-E22,""))) | M22: =IF(OR(K22="",L22=""),"",L22-K22) | N22: =IF(OR(K22="",M22=""),"",IFERROR(M22/ABS(K22),"")) | O22: =IF(A22="","",IFERROR(IF(OR(B22="",C22="",D22="",F22="",G22=""),"Review incomplete row",IF(YEAR(C22)<>Assumptions!$B$4,"Review period",IF(J22="Review account","Review account",IF(AND(D22=0,E22<>"",E22>0),"Review unbudgeted actual",IF(AND(N22<>"",ABS(N22)>=Assumptions!$B$6),"Review variance",IF(AND(G22="Needs review",H22=""),"Review missing due date",IF(AND(G22="Needs review",H22<>"",TODAY()>H22),"Past due review",""))))))),"Review entry")) | Q22: =IF(ROW()<=6,Assumptions!D6,"") | R22: =IF(ROW()<=15,Assumptions!F15,"") | S22: =IF(ROW()<=7,Assumptions!I7,"") | T22: =IF(ROW()<=7,Assumptions!K7,"")
J23: =IF(OR(A23="",B23=""),"",IFERROR(VLOOKUP(B23,Assumptions!$F$4:$G$15,2,FALSE),"Review account")) | K23: =IF(OR(C23="",D23="",J23=""),"",IF(J23="Revenue",D23,IF(J23="Expense",-D23,""))) | L23: =IF(OR(C23="",E23="",J23=""),"",IF(J23="Revenue",E23,IF(J23="Expense",-E23,""))) | M23: =IF(OR(K23="",L23=""),"",L23-K23) | N23: =IF(OR(K23="",M23=""),"",IFERROR(M23/ABS(K23),"")) | O23: =IF(A23="","",IFERROR(IF(OR(B23="",C23="",D23="",F23="",G23=""),"Review incomplete row",IF(YEAR(C23)<>Assumptions!$B$4,"Review period",IF(J23="Review account","Review account",IF(AND(D23=0,E23<>"",E23>0),"Review unbudgeted actual",IF(AND(N23<>"",ABS(N23)>=Assumptions!$B$6),"Review variance",IF(AND(G23="Needs review",H23=""),"Review missing due date",IF(AND(G23="Needs review",H23<>"",TODAY()>H23),"Past due review",""))))))),"Review entry")) | Q23: =IF(ROW()<=6,Assumptions!D6,"") | R23: =IF(ROW()<=15,Assumptions!F15,"") | S23: =IF(ROW()<=7,Assumptions!I7,"") | T23: =IF(ROW()<=7,Assumptions!K7,"")
J24: =IF(OR(A24="",B24=""),"",IFERROR(VLOOKUP(B24,Assumptions!$F$4:$G$15,2,FALSE),"Review account")) | K24: =IF(OR(C24="",D24="",J24=""),"",IF(J24="Revenue",D24,IF(J24="Expense",-D24,""))) | L24: =IF(OR(C24="",E24="",J24=""),"",IF(J24="Revenue",E24,IF(J24="Expense",-E24,""))) | M24: =IF(OR(K24="",L24=""),"",L24-K24) | N24: =IF(OR(K24="",M24=""),"",IFERROR(M24/ABS(K24),"")) | O24: =IF(A24="","",IFERROR(IF(OR(B24="",C24="",D24="",F24="",G24=""),"Review incomplete row",IF(YEAR(C24)<>Assumptions!$B$4,"Review period",IF(J24="Review account","Review account",IF(AND(D24=0,E24<>"",E24>0),"Review unbudgeted actual",IF(AND(N24<>"",ABS(N24)>=Assumptions!$B$6),"Review variance",IF(AND(G24="Needs review",H24=""),"Review missing due date",IF(AND(G24="Needs review",H24<>"",TODAY()>H24),"Past due review",""))))))),"Review entry")) | Q24: =IF(ROW()<=6,Assumptions!D6,"") | R24: =IF(ROW()<=15,Assumptions!F15,"") | S24: =IF(ROW()<=7,Assumptions!I7,"") | T24: =IF(ROW()<=7,Assumptions!K7,"")
J25: =IF(OR(A25="",B25=""),"",IFERROR(VLOOKUP(B25,Assumptions!$F$4:$G$15,2,FALSE),"Review account")) | K25: =IF(OR(C25="",D25="",J25=""),"",IF(J25="Revenue",D25,IF(J25="Expense",-D25,""))) | L25: =IF(OR(C25="",E25="",J25=""),"",IF(J25="Revenue",E25,IF(J25="Expense",-E25,""))) | M25: =IF(OR(K25="",L25=""),"",L25-K25) | N25: =IF(OR(K25="",M25=""),"",IFERROR(M25/ABS(K25),"")) | O25: =IF(A25="","",IFERROR(IF(OR(B25="",C25="",D25="",F25="",G25=""),"Review incomplete row",IF(YEAR(C25)<>Assumptions!$B$4,"Review period",IF(J25="Review account","Review account",IF(AND(D25=0,E25<>"",E25>0),"Review unbudgeted actual",IF(AND(N25<>"",ABS(N25)>=Assumptions!$B$6),"Review variance",IF(AND(G25="Needs review",H25=""),"Review missing due date",IF(AND(G25="Needs review",H25<>"",TODAY()>H25),"Past due review",""))))))),"Review entry")) | Q25: =IF(ROW()<=6,Assumptions!D6,"") | R25: =IF(ROW()<=15,Assumptions!F15,"") | S25: =IF(ROW()<=7,Assumptions!I7,"") | T25: =IF(ROW()<=7,Assumptions!K7,"")
J26: =IF(OR(A26="",B26=""),"",IFERROR(VLOOKUP(B26,Assumptions!$F$4:$G$15,2,FALSE),"Review account")) | K26: =IF(OR(C26="",D26="",J26=""),"",IF(J26="Revenue",D26,IF(J26="Expense",-D26,""))) | L26: =IF(OR(C26="",E26="",J26=""),"",IF(J26="Revenue",E26,IF(J26="Expense",-E26,""))) | M26: =IF(OR(K26="",L26=""),"",L26-K26) | N26: =IF(OR(K26="",M26=""),"",IFERROR(M26/ABS(K26),"")) | O26: =IF(A26="","",IFERROR(IF(OR(B26="",C26="",D26="",F26="",G26=""),"Review incomplete row",IF(YEAR(C26)<>Assumptions!$B$4,"Review period",IF(J26="Review account","Review account",IF(AND(D26=0,E26<>"",E26>0),"Review unbudgeted actual",IF(AND(N26<>"",ABS(N26)>=Assumptions!$B$6),"Review variance",IF(AND(G26="Needs review",H26=""),"Review missing due date",IF(AND(G26="Needs review",H26<>"",TODAY()>H26),"Past due review",""))))))),"Review entry")) | Q26: =IF(ROW()<=6,Assumptions!D6,"") | R26: =IF(ROW()<=15,Assumptions!F15,"") | S26: =IF(ROW()<=7,Assumptions!I7,"") | T26: =IF(ROW()<=7,Assumptions!K7,"")
J27: =IF(OR(A27="",B27=""),"",IFERROR(VLOOKUP(B27,Assumptions!$F$4:$G$15,2,FALSE),"Review account")) | K27: =IF(OR(C27="",D27="",J27=""),"",IF(J27="Revenue",D27,IF(J27="Expense",-D27,""))) | L27: =IF(OR(C27="",E27="",J27=""),"",IF(J27="Revenue",E27,IF(J27="Expense",-E27,""))) | M27: =IF(OR(K27="",L27=""),"",L27-K27) | N27: =IF(OR(K27="",M27=""),"",IFERROR(M27/ABS(K27),"")) | O27: =IF(A27="","",IFERROR(IF(OR(B27="",C27="",D27="",F27="",G27=""),"Review incomplete row",IF(YEAR(C27)<>Assumptions!$B$4,"Review period",IF(J27="Review account","Review account",IF(AND(D27=0,E27<>"",E27>0),"Review unbudgeted actual",IF(AND(N27<>"",ABS(N27)>=Assumptions!$B$6),"Review variance",IF(AND(G27="Needs review",H27=""),"Review missing due date",IF(AND(G27="Needs review",H27<>"",TODAY()>H27),"Past due review",""))))))),"Review entry")) | Q27: =IF(ROW()<=6,Assumptions!D6,"") | R27: =IF(ROW()<=15,Assumptions!F15,"") | S27: =IF(ROW()<=7,Assumptions!I7,"") | T27: =IF(ROW()<=7,Assumptions!K7,"")
J28: =IF(OR(A28="",B28=""),"",IFERROR(VLOOKUP(B28,Assumptions!$F$4:$G$15,2,FALSE),"Review account")) | K28: =IF(OR(C28="",D28="",J28=""),"",IF(J28="Revenue",D28,IF(J28="Expense",-D28,""))) | L28: =IF(OR(C28="",E28="",J28=""),"",IF(J28="Revenue",E28,IF(J28="Expense",-E28,""))) | M28: =IF(OR(K28="",L28=""),"",L28-K28) | N28: =IF(OR(K28="",M28=""),"",IFERROR(M28/ABS(K28),"")) | O28: =IF(A28="","",IFERROR(IF(OR(B28="",C28="",D28="",F28="",G28=""),"Review incomplete row",IF(YEAR(C28)<>Assumptions!$B$4,"Review period",IF(J28="Review account","Review account",IF(AND(D28=0,E28<>"",E28>0),"Review unbudgeted actual",IF(AND(N28<>"",ABS(N28)>=Assumptions!$B$6),"Review variance",IF(AND(G28="Needs review",H28=""),"Review missing due date",IF(AND(G28="Needs review",H28<>"",TODAY()>H28),"Past due review",""))))))),"Review entry")) | Q28: =IF(ROW()<=6,Assumptions!D6,"") | R28: =IF(ROW()<=15,Assumptions!F15,"") | S28: =IF(ROW()<=7,Assumptions!I7,"") | T28: =IF(ROW()<=7,Assumptions!K7,"")
J29: =IF(OR(A29="",B29=""),"",IFERROR(VLOOKUP(B29,Assumptions!$F$4:$G$15,2,FALSE),"Review account")) | K29: =IF(OR(C29="",D29="",J29=""),"",IF(J29="Revenue",D29,IF(J29="Expense",-D29,""))) | L29: =IF(OR(C29="",E29="",J29=""),"",IF(J29="Revenue",E29,IF(J29="Expense",-E29,""))) | M29: =IF(OR(K29="",L29=""),"",L29-K29) | N29: =IF(OR(K29="",M29=""),"",IFERROR(M29/ABS(K29),"")) | O29: =IF(A29="","",IFERROR(IF(OR(B29="",C29="",D29="",F29="",G29=""),"Review incomplete row",IF(YEAR(C29)<>Assumptions!$B$4,"Review period",IF(J29="Review account","Review account",IF(AND(D29=0,E29<>"",E29>0),"Review unbudgeted actual",IF(AND(N29<>"",ABS(N29)>=Assumptions!$B$6),"Review variance",IF(AND(G29="Needs review",H29=""),"Review missing due date",IF(AND(G29="Needs review",H29<>"",TODAY()>H29),"Past due review",""))))))),"Review entry")) | Q29: =IF(ROW()<=6,Assumptions!D6,"") | R29: =IF(ROW()<=15,Assumptions!F15,"") | S29: =IF(ROW()<=7,Assumptions!I7,"") | T29: =IF(ROW()<=7,Assumptions!K7,"")
J30: =IF(OR(A30="",B30=""),"",IFERROR(VLOOKUP(B30,Assumptions!$F$4:$G$15,2,FALSE),"Review account")) | K30: =IF(OR(C30="",D30="",J30=""),"",IF(J30="Revenue",D30,IF(J30="Expense",-D30,""))) | L30: =IF(OR(C30="",E30="",J30=""),"",IF(J30="Revenue",E30,IF(J30="Expense",-E30,""))) | M30: =IF(OR(K30="",L30=""),"",L30-K30) | N30: =IF(OR(K30="",M30=""),"",IFERROR(M30/ABS(K30),"")) | O30: =IF(A30="","",IFERROR(IF(OR(B30="",C30="",D30="",F30="",G30=""),"Review incomplete row",IF(YEAR(C30)<>Assumptions!$B$4,"Review period",IF(J30="Review account","Review account",IF(AND(D30=0,E30<>"",E30>0),"Review unbudgeted actual",IF(AND(N30<>"",ABS(N30)>=Assumptions!$B$6),"Review variance",IF(AND(G30="Needs review",H30=""),"Review missing due date",IF(AND(G30="Needs review",H30<>"",TODAY()>H30),"Past due review",""))))))),"Review entry")) | Q30: =IF(ROW()<=6,Assumptions!D6,"") | R30: =IF(ROW()<=15,Assumptions!F15,"") | S30: =IF(ROW()<=7,Assumptions!I7,"") | T30: =IF(ROW()<=7,Assumptions!K7,"")
J31: =IF(OR(A31="",B31=""),"",IFERROR(VLOOKUP(B31,Assumptions!$F$4:$G$15,2,FALSE),"Review account")) | K31: =IF(OR(C31="",D31="",J31=""),"",IF(J31="Revenue",D31,IF(J31="Expense",-D31,""))) | L31: =IF(OR(C31="",E31="",J31=""),"",IF(J31="Revenue",E31,IF(J31="Expense",-E31,""))) | M31: =IF(OR(K31="",L31=""),"",L31-K31) | N31: =IF(OR(K31="",M31=""),"",IFERROR(M31/ABS(K31),"")) | O31: =IF(A31="","",IFERROR(IF(OR(B31="",C31="",D31="",F31="",G31=""),"Review incomplete row",IF(YEAR(C31)<>Assumptions!$B$4,"Review period",IF(J31="Review account","Review account",IF(AND(D31=0,E31<>"",E31>0),"Review unbudgeted actual",IF(AND(N31<>"",ABS(N31)>=Assumptions!$B$6),"Review variance",IF(AND(G31="Needs review",H31=""),"Review missing due date",IF(AND(G31="Needs review",H31<>"",TODAY()>H31),"Past due review",""))))))),"Review entry")) | Q31: =IF(ROW()<=6,Assumptions!D6,"") | R31: =IF(ROW()<=15,Assumptions!F15,"") | S31: =IF(ROW()<=7,Assumptions!I7,"") | T31: =IF(ROW()<=7,Assumptions!K7,"")
J32: =IF(OR(A32="",B32=""),"",IFERROR(VLOOKUP(B32,Assumptions!$F$4:$G$15,2,FALSE),"Review account")) | K32: =IF(OR(C32="",D32="",J32=""),"",IF(J32="Revenue",D32,IF(J32="Expense",-D32,""))) | L32: =IF(OR(C32="",E32="",J32=""),"",IF(J32="Revenue",E32,IF(J32="Expense",-E32,""))) | M32: =IF(OR(K32="",L32=""),"",L32-K32) | N32: =IF(OR(K32="",M32=""),"",IFERROR(M32/ABS(K32),"")) | O32: =IF(A32="","",IFERROR(IF(OR(B32="",C32="",D32="",F32="",G32=""),"Review incomplete row",IF(YEAR(C32)<>Assumptions!$B$4,"Review period",IF(J32="Review account","Review account",IF(AND(D32=0,E32<>"",E32>0),"Review unbudgeted actual",IF(AND(N32<>"",ABS(N32)>=Assumptions!$B$6),"Review variance",IF(AND(G32="Needs review",H32=""),"Review missing due date",IF(AND(G32="Needs review",H32<>"",TODAY()>H32),"Past due review",""))))))),"Review entry")) | Q32: =IF(ROW()<=6,Assumptions!D6,"") | R32: =IF(ROW()<=15,Assumptions!F15,"") | S32: =IF(ROW()<=7,Assumptions!I7,"") | T32: =IF(ROW()<=7,Assumptions!K7,"")
J33: =IF(OR(A33="",B33=""),"",IFERROR(VLOOKUP(B33,Assumptions!$F$4:$G$15,2,FALSE),"Review account")) | K33: =IF(OR(C33="",D33="",J33=""),"",IF(J33="Revenue",D33,IF(J33="Expense",-D33,""))) | L33: =IF(OR(C33="",E33="",J33=""),"",IF(J33="Revenue",E33,IF(J33="Expense",-E33,""))) | M33: =IF(OR(K33="",L33=""),"",L33-K33) | N33: =IF(OR(K33="",M33=""),"",IFERROR(M33/ABS(K33),"")) | O33: =IF(A33="","",IFERROR(IF(OR(B33="",C33="",D33="",F33="",G33=""),"Review incomplete row",IF(YEAR(C33)<>Assumptions!$B$4,"Review period",IF(J33="Review account","Review account",IF(AND(D33=0,E33<>"",E33>0),"Review unbudgeted actual",IF(AND(N33<>"",ABS(N33)>=Assumptions!$B$6),"Review variance",IF(AND(G33="Needs review",H33=""),"Review missing due date",IF(AND(G33="Needs review",H33<>"",TODAY()>H33),"Past due review",""))))))),"Review entry")) | Q33: =IF(ROW()<=6,Assumptions!D6,"") | R33: =IF(ROW()<=15,Assumptions!F15,"") | S33: =IF(ROW()<=7,Assumptions!I7,"") | T33: =IF(ROW()<=7,Assumptions!K7,"")
J34: =IF(OR(A34="",B34=""),"",IFERROR(VLOOKUP(B34,Assumptions!$F$4:$G$15,2,FALSE),"Review account")) | K34: =IF(OR(C34="",D34="",J34=""),"",IF(J34="Revenue",D34,IF(J34="Expense",-D34,""))) | L34: =IF(OR(C34="",E34="",J34=""),"",IF(J34="Revenue",E34,IF(J34="Expense",-E34,""))) | M34: =IF(OR(K34="",L34=""),"",L34-K34) | N34: =IF(OR(K34="",M34=""),"",IFERROR(M34/ABS(K34),"")) | O34: =IF(A34="","",IFERROR(IF(OR(B34="",C34="",D34="",F34="",G34=""),"Review incomplete row",IF(YEAR(C34)<>Assumptions!$B$4,"Review period",IF(J34="Review account","Review account",IF(AND(D34=0,E34<>"",E34>0),"Review unbudgeted actual",IF(AND(N34<>"",ABS(N34)>=Assumptions!$B$6),"Review variance",IF(AND(G34="Needs review",H34=""),"Review missing due date",IF(AND(G34="Needs review",H34<>"",TODAY()>H34),"Past due review",""))))))),"Review entry")) | Q34: =IF(ROW()<=6,Assumptions!D6,"") | R34: =IF(ROW()<=15,Assumptions!F15,"") | S34: =IF(ROW()<=7,Assumptions!I7,"") | T34: =IF(ROW()<=7,Assumptions!K7,"")
J35: =IF(OR(A35="",B35=""),"",IFERROR(VLOOKUP(B35,Assumptions!$F$4:$G$15,2,FALSE),"Review account")) | K35: =IF(OR(C35="",D35="",J35=""),"",IF(J35="Revenue",D35,IF(J35="Expense",-D35,""))) | L35: =IF(OR(C35="",E35="",J35=""),"",IF(J35="Revenue",E35,IF(J35="Expense",-E35,""))) | M35: =IF(OR(K35="",L35=""),"",L35-K35) | N35: =IF(OR(K35="",M35=""),"",IFERROR(M35/ABS(K35),"")) | O35: =IF(A35="","",IFERROR(IF(OR(B35="",C35="",D35="",F35="",G35=""),"Review incomplete row",IF(YEAR(C35)<>Assumptions!$B$4,"Review period",IF(J35="Review account","Review account",IF(AND(D35=0,E35<>"",E35>0),"Review unbudgeted actual",IF(AND(N35<>"",ABS(N35)>=Assumptions!$B$6),"Review variance",IF(AND(G35="Needs review",H35=""),"Review missing due date",IF(AND(G35="Needs review",H35<>"",TODAY()>H35),"Past due review",""))))))),"Review entry")) | Q35: =IF(ROW()<=6,Assumptions!D6,"") | R35: =IF(ROW()<=15,Assumptions!F15,"") | S35: =IF(ROW()<=7,Assumptions!I7,"") | T35: =IF(ROW()<=7,Assumptions!K7,"")
J36: =IF(OR(A36="",B36=""),"",IFERROR(VLOOKUP(B36,Assumptions!$F$4:$G$15,2,FALSE),"Review account")) | K36: =IF(OR(C36="",D36="",J36=""),"",IF(J36="Revenue",D36,IF(J36="Expense",-D36,""))) | L36: =IF(OR(C36="",E36="",J36=""),"",IF(J36="Revenue",E36,IF(J36="Expense",-E36,""))) | M36: =IF(OR(K36="",L36=""),"",L36-K36) | N36: =IF(OR(K36="",M36=""),"",IFERROR(M36/ABS(K36),"")) | O36: =IF(A36="","",IFERROR(IF(OR(B36="",C36="",D36="",F36="",G36=""),"Review incomplete row",IF(YEAR(C36)<>Assumptions!$B$4,"Review period",IF(J36="Review account","Review account",IF(AND(D36=0,E36<>"",E36>0),"Review unbudgeted actual",IF(AND(N36<>"",ABS(N36)>=Assumptions!$B$6),"Review variance",IF(AND(G36="Needs review",H36=""),"Review missing due date",IF(AND(G36="Needs review",H36<>"",TODAY()>H36),"Past due review",""))))))),"Review entry")) | Q36: =IF(ROW()<=6,Assumptions!D6,"") | R36: =IF(ROW()<=15,Assumptions!F15,"") | S36: =IF(ROW()<=7,Assumptions!I7,"") | T36: =IF(ROW()<=7,Assumptions!K7,"")
J37: =IF(OR(A37="",B37=""),"",IFERROR(VLOOKUP(B37,Assumptions!$F$4:$G$15,2,FALSE),"Review account")) | K37: =IF(OR(C37="",D37="",J37=""),"",IF(J37="Revenue",D37,IF(J37="Expense",-D37,""))) | L37: =IF(OR(C37="",E37="",J37=""),"",IF(J37="Revenue",E37,IF(J37="Expense",-E37,""))) | M37: =IF(OR(K37="",L37=""),"",L37-K37) | N37: =IF(OR(K37="",M37=""),"",IFERROR(M37/ABS(K37),"")) | O37: =IF(A37="","",IFERROR(IF(OR(B37="",C37="",D37="",F37="",G37=""),"Review incomplete row",IF(YEAR(C37)<>Assumptions!$B$4,"Review period",IF(J37="Review account","Review account",IF(AND(D37=0,E37<>"",E37>0),"Review unbudgeted actual",IF(AND(N37<>"",ABS(N37)>=Assumptions!$B$6),"Review variance",IF(AND(G37="Needs review",H37=""),"Review missing due date",IF(AND(G37="Needs review",H37<>"",TODAY()>H37),"Past due review",""))))))),"Review entry")) | Q37: =IF(ROW()<=6,Assumptions!D6,"") | R37: =IF(ROW()<=15,Assumptions!F15,"") | S37: =IF(ROW()<=7,Assumptions!I7,"") | T37: =IF(ROW()<=7,Assumptions!K7,"")
J38: =IF(OR(A38="",B38=""),"",IFERROR(VLOOKUP(B38,Assumptions!$F$4:$G$15,2,FALSE),"Review account")) | K38: =IF(OR(C38="",D38="",J38=""),"",IF(J38="Revenue",D38,IF(J38="Expense",-D38,""))) | L38: =IF(OR(C38="",E38="",J38=""),"",IF(J38="Revenue",E38,IF(J38="Expense",-E38,""))) | M38: =IF(OR(K38="",L38=""),"",L38-K38) | N38: =IF(OR(K38="",M38=""),"",IFERROR(M38/ABS(K38),"")) | O38: =IF(A38="","",IFERROR(IF(OR(B38="",C38="",D38="",F38="",G38=""),"Review incomplete row",IF(YEAR(C38)<>Assumptions!$B$4,"Review period",IF(J38="Review account","Review account",IF(AND(D38=0,E38<>"",E38>0),"Review unbudgeted actual",IF(AND(N38<>"",ABS(N38)>=Assumptions!$B$6),"Review variance",IF(AND(G38="Needs review",H38=""),"Review missing due date",IF(AND(G38="Needs review",H38<>"",TODAY()>H38),"Past due review",""))))))),"Review entry")) | Q38: =IF(ROW()<=6,Assumptions!D6,"") | R38: =IF(ROW()<=15,Assumptions!F15,"") | S38: =IF(ROW()<=7,Assumptions!I7,"") | T38: =IF(ROW()<=7,Assumptions!K7,"")
J39: =IF(OR(A39="",B39=""),"",IFERROR(VLOOKUP(B39,Assumptions!$F$4:$G$15,2,FALSE),"Review account")) | K39: =IF(OR(C39="",D39="",J39=""),"",IF(J39="Revenue",D39,IF(J39="Expense",-D39,""))) | L39: =IF(OR(C39="",E39="",J39=""),"",IF(J39="Revenue",E39,IF(J39="Expense",-E39,""))) | M39: =IF(OR(K39="",L39=""),"",L39-K39) | N39: =IF(OR(K39="",M39=""),"",IFERROR(M39/ABS(K39),"")) | O39: =IF(A39="","",IFERROR(IF(OR(B39="",C39="",D39="",F39="",G39=""),"Review incomplete row",IF(YEAR(C39)<>Assumptions!$B$4,"Review period",IF(J39="Review account","Review account",IF(AND(D39=0,E39<>"",E39>0),"Review unbudgeted actual",IF(AND(N39<>"",ABS(N39)>=Assumptions!$B$6),"Review variance",IF(AND(G39="Needs review",H39=""),"Review missing due date",IF(AND(G39="Needs review",H39<>"",TODAY()>H39),"Past due review",""))))))),"Review entry")) | Q39: =IF(ROW()<=6,Assumptions!D6,"") | R39: =IF(ROW()<=15,Assumptions!F15,"") | S39: =IF(ROW()<=7,Assumptions!I7,"") | T39: =IF(ROW()<=7,Assumptions!K7,"")
J40: =IF(OR(A40="",B40=""),"",IFERROR(VLOOKUP(B40,Assumptions!$F$4:$G$15,2,FALSE),"Review account")) | K40: =IF(OR(C40="",D40="",J40=""),"",IF(J40="Revenue",D40,IF(J40="Expense",-D40,""))) | L40: =IF(OR(C40="",E40="",J40=""),"",IF(J40="Revenue",E40,IF(J40="Expense",-E40,""))) | M40: =IF(OR(K40="",L40=""),"",L40-K40) | N40: =IF(OR(K40="",M40=""),"",IFERROR(M40/ABS(K40),"")) | O40: =IF(A40="","",IFERROR(IF(OR(B40="",C40="",D40="",F40="",G40=""),"Review incomplete row",IF(YEAR(C40)<>Assumptions!$B$4,"Review period",IF(J40="Review account","Review account",IF(AND(D40=0,E40<>"",E40>0),"Review unbudgeted actual",IF(AND(N40<>"",ABS(N40)>=Assumptions!$B$6),"Review variance",IF(AND(G40="Needs review",H40=""),"Review missing due date",IF(AND(G40="Needs review",H40<>"",TODAY()>H40),"Past due review",""))))))),"Review entry")) | Q40: =IF(ROW()<=6,Assumptions!D6,"") | R40: =IF(ROW()<=15,Assumptions!F15,"") | S40: =IF(ROW()<=7,Assumptions!I7,"") | T40: =IF(ROW()<=7,Assumptions!K7,"")
J41: =IF(OR(A41="",B41=""),"",IFERROR(VLOOKUP(B41,Assumptions!$F$4:$G$15,2,FALSE),"Review account")) | K41: =IF(OR(C41="",D41="",J41=""),"",IF(J41="Revenue",D41,IF(J41="Expense",-D41,""))) | L41: =IF(OR(C41="",E41="",J41=""),"",IF(J41="Revenue",E41,IF(J41="Expense",-E41,""))) | M41: =IF(OR(K41="",L41=""),"",L41-K41) | N41: =IF(OR(K41="",M41=""),"",IFERROR(M41/ABS(K41),"")) | O41: =IF(A41="","",IFERROR(IF(OR(B41="",C41="",D41="",F41="",G41=""),"Review incomplete row",IF(YEAR(C41)<>Assumptions!$B$4,"Review period",IF(J41="Review account","Review account",IF(AND(D41=0,E41<>"",E41>0),"Review unbudgeted actual",IF(AND(N41<>"",ABS(N41)>=Assumptions!$B$6),"Review variance",IF(AND(G41="Needs review",H41=""),"Review missing due date",IF(AND(G41="Needs review",H41<>"",TODAY()>H41),"Past due review",""))))))),"Review entry")) | Q41: =IF(ROW()<=6,Assumptions!D6,"") | R41: =IF(ROW()<=15,Assumptions!F15,"") | S41: =IF(ROW()<=7,Assumptions!I7,"") | T41: =IF(ROW()<=7,Assumptions!K7,"")
J42: =IF(OR(A42="",B42=""),"",IFERROR(VLOOKUP(B42,Assumptions!$F$4:$G$15,2,FALSE),"Review account")) | K42: =IF(OR(C42="",D42="",J42=""),"",IF(J42="Revenue",D42,IF(J42="Expense",-D42,""))) | L42: =IF(OR(C42="",E42="",J42=""),"",IF(J42="Revenue",E42,IF(J42="Expense",-E42,""))) | M42: =IF(OR(K42="",L42=""),"",L42-K42) | N42: =IF(OR(K42="",M42=""),"",IFERROR(M42/ABS(K42),"")) | O42: =IF(A42="","",IFERROR(IF(OR(B42="",C42="",D42="",F42="",G42=""),"Review incomplete row",IF(YEAR(C42)<>Assumptions!$B$4,"Review period",IF(J42="Review account","Review account",IF(AND(D42=0,E42<>"",E42>0),"Review unbudgeted actual",IF(AND(N42<>"",ABS(N42)>=Assumptions!$B$6),"Review variance",IF(AND(G42="Needs review",H42=""),"Review missing due date",IF(AND(G42="Needs review",H42<>"",TODAY()>H42),"Past due review",""))))))),"Review entry")) | Q42: =IF(ROW()<=6,Assumptions!D6,"") | R42: =IF(ROW()<=15,Assumptions!F15,"") | S42: =IF(ROW()<=7,Assumptions!I7,"") | T42: =IF(ROW()<=7,Assumptions!K7,"")
J43: =IF(OR(A43="",B43=""),"",IFERROR(VLOOKUP(B43,Assumptions!$F$4:$G$15,2,FALSE),"Review account")) | K43: =IF(OR(C43="",D43="",J43=""),"",IF(J43="Revenue",D43,IF(J43="Expense",-D43,""))) | L43: =IF(OR(C43="",E43="",J43=""),"",IF(J43="Revenue",E43,IF(J43="Expense",-E43,""))) | M43: =IF(OR(K43="",L43=""),"",L43-K43) | N43: =IF(OR(K43="",M43=""),"",IFERROR(M43/ABS(K43),"")) | O43: =IF(A43="","",IFERROR(IF(OR(B43="",C43="",D43="",F43="",G43=""),"Review incomplete row",IF(YEAR(C43)<>Assumptions!$B$4,"Review period",IF(J43="Review account","Review account",IF(AND(D43=0,E43<>"",E43>0),"Review unbudgeted actual",IF(AND(N43<>"",ABS(N43)>=Assumptions!$B$6),"Review variance",IF(AND(G43="Needs review",H43=""),"Review missing due date",IF(AND(G43="Needs review",H43<>"",TODAY()>H43),"Past due review",""))))))),"Review entry")) | Q43: =IF(ROW()<=6,Assumptions!D6,"") | R43: =IF(ROW()<=15,Assumptions!F15,"") | S43: =IF(ROW()<=7,Assumptions!I7,"") | T43: =IF(ROW()<=7,Assumptions!K7,"")
J44: =IF(OR(A44="",B44=""),"",IFERROR(VLOOKUP(B44,Assumptions!$F$4:$G$15,2,FALSE),"Review account")) | K44: =IF(OR(C44="",D44="",J44=""),"",IF(J44="Revenue",D44,IF(J44="Expense",-D44,""))) | L44: =IF(OR(C44="",E44="",J44=""),"",IF(J44="Revenue",E44,IF(J44="Expense",-E44,""))) | M44: =IF(OR(K44="",L44=""),"",L44-K44) | N44: =IF(OR(K44="",M44=""),"",IFERROR(M44/ABS(K44),"")) | O44: =IF(A44="","",IFERROR(IF(OR(B44="",C44="",D44="",F44="",G44=""),"Review incomplete row",IF(YEAR(C44)<>Assumptions!$B$4,"Review period",IF(J44="Review account","Review account",IF(AND(D44=0,E44<>"",E44>0),"Review unbudgeted actual",IF(AND(N44<>"",ABS(N44)>=Assumptions!$B$6),"Review variance",IF(AND(G44="Needs review",H44=""),"Review missing due date",IF(AND(G44="Needs review",H44<>"",TODAY()>H44),"Past due review",""))))))),"Review entry")) | Q44: =IF(ROW()<=6,Assumptions!D6,"") | R44: =IF(ROW()<=15,Assumptions!F15,"") | S44: =IF(ROW()<=7,Assumptions!I7,"") | T44: =IF(ROW()<=7,Assumptions!K7,"")
J45: =IF(OR(A45="",B45=""),"",IFERROR(VLOOKUP(B45,Assumptions!$F$4:$G$15,2,FALSE),"Review account")) | K45: =IF(OR(C45="",D45="",J45=""),"",IF(J45="Revenue",D45,IF(J45="Expense",-D45,""))) | L45: =IF(OR(C45="",E45="",J45=""),"",IF(J45="Revenue",E45,IF(J45="Expense",-E45,""))) | M45: =IF(OR(K45="",L45=""),"",L45-K45) | N45: =IF(OR(K45="",M45=""),"",IFERROR(M45/ABS(K45),"")) | O45: =IF(A45="","",IFERROR(IF(OR(B45="",C45="",D45="",F45="",G45=""),"Review incomplete row",IF(YEAR(C45)<>Assumptions!$B$4,"Review period",IF(J45="Review account","Review account",IF(AND(D45=0,E45<>"",E45>0),"Review unbudgeted actual",IF(AND(N45<>"",ABS(N45)>=Assumptions!$B$6),"Review variance",IF(AND(G45="Needs review",H45=""),"Review missing due date",IF(AND(G45="Needs review",H45<>"",TODAY()>H45),"Past due review",""))))))),"Review entry")) | Q45: =IF(ROW()<=6,Assumptions!D6,"") | R45: =IF(ROW()<=15,Assumptions!F15,"") | S45: =IF(ROW()<=7,Assumptions!I7,"") | T45: =IF(ROW()<=7,Assumptions!K7,"")
J46: =IF(OR(A46="",B46=""),"",IFERROR(VLOOKUP(B46,Assumptions!$F$4:$G$15,2,FALSE),"Review account")) | K46: =IF(OR(C46="",D46="",J46=""),"",IF(J46="Revenue",D46,IF(J46="Expense",-D46,""))) | L46: =IF(OR(C46="",E46="",J46=""),"",IF(J46="Revenue",E46,IF(J46="Expense",-E46,""))) | M46: =IF(OR(K46="",L46=""),"",L46-K46) | N46: =IF(OR(K46="",M46=""),"",IFERROR(M46/ABS(K46),"")) | O46: =IF(A46="","",IFERROR(IF(OR(B46="",C46="",D46="",F46="",G46=""),"Review incomplete row",IF(YEAR(C46)<>Assumptions!$B$4,"Review period",IF(J46="Review account","Review account",IF(AND(D46=0,E46<>"",E46>0),"Review unbudgeted actual",IF(AND(N46<>"",ABS(N46)>=Assumptions!$B$6),"Review variance",IF(AND(G46="Needs review",H46=""),"Review missing due date",IF(AND(G46="Needs review",H46<>"",TODAY()>H46),"Past due review",""))))))),"Review entry")) | Q46: =IF(ROW()<=6,Assumptions!D6,"") | R46: =IF(ROW()<=15,Assumptions!F15,"") | S46: =IF(ROW()<=7,Assumptions!I7,"") | T46: =IF(ROW()<=7,Assumptions!K7,"")
J47: =IF(OR(A47="",B47=""),"",IFERROR(VLOOKUP(B47,Assumptions!$F$4:$G$15,2,FALSE),"Review account")) | K47: =IF(OR(C47="",D47="",J47=""),"",IF(J47="Revenue",D47,IF(J47="Expense",-D47,""))) | L47: =IF(OR(C47="",E47="",J47=""),"",IF(J47="Revenue",E47,IF(J47="Expense",-E47,""))) | M47: =IF(OR(K47="",L47=""),"",L47-K47) | N47: =IF(OR(K47="",M47=""),"",IFERROR(M47/ABS(K47),"")) | O47: =IF(A47="","",IFERROR(IF(OR(B47="",C47="",D47="",F47="",G47=""),"Review incomplete row",IF(YEAR(C47)<>Assumptions!$B$4,"Review period",IF(J47="Review account","Review account",IF(AND(D47=0,E47<>"",E47>0),"Review unbudgeted actual",IF(AND(N47<>"",ABS(N47)>=Assumptions!$B$6),"Review variance",IF(AND(G47="Needs review",H47=""),"Review missing due date",IF(AND(G47="Needs review",H47<>"",TODAY()>H47),"Past due review",""))))))),"Review entry")) | Q47: =IF(ROW()<=6,Assumptions!D6,"") | R47: =IF(ROW()<=15,Assumptions!F15,"") | S47: =IF(ROW()<=7,Assumptions!I7,"") | T47: =IF(ROW()<=7,Assumptions!K7,"")
J48: =IF(OR(A48="",B48=""),"",IFERROR(VLOOKUP(B48,Assumptions!$F$4:$G$15,2,FALSE),"Review account")) | K48: =IF(OR(C48="",D48="",J48=""),"",IF(J48="Revenue",D48,IF(J48="Expense",-D48,""))) | L48: =IF(OR(C48="",E48="",J48=""),"",IF(J48="Revenue",E48,IF(J48="Expense",-E48,""))) | M48: =IF(OR(K48="",L48=""),"",L48-K48) | N48: =IF(OR(K48="",M48=""),"",IFERROR(M48/ABS(K48),"")) | O48: =IF(A48="","",IFERROR(IF(OR(B48="",C48="",D48="",F48="",G48=""),"Review incomplete row",IF(YEAR(C48)<>Assumptions!$B$4,"Review period",IF(J48="Review account","Review account",IF(AND(D48=0,E48<>"",E48>0),"Review unbudgeted actual",IF(AND(N48<>"",ABS(N48)>=Assumptions!$B$6),"Review variance",IF(AND(G48="Needs review",H48=""),"Review missing due date",IF(AND(G48="Needs review",H48<>"",TODAY()>H48),"Past due review",""))))))),"Review entry")) | Q48: =IF(ROW()<=6,Assumptions!D6,"") | R48: =IF(ROW()<=15,Assumptions!F15,"") | S48: =IF(ROW()<=7,Assumptions!I7,"") | T48: =IF(ROW()<=7,Assumptions!K7,"")
J49: =IF(OR(A49="",B49=""),"",IFERROR(VLOOKUP(B49,Assumptions!$F$4:$G$15,2,FALSE),"Review account")) | K49: =IF(OR(C49="",D49="",J49=""),"",IF(J49="Revenue",D49,IF(J49="Expense",-D49,""))) | L49: =IF(OR(C49="",E49="",J49=""),"",IF(J49="Revenue",E49,IF(J49="Expense",-E49,""))) | M49: =IF(OR(K49="",L49=""),"",L49-K49) | N49: =IF(OR(K49="",M49=""),"",IFERROR(M49/ABS(K49),"")) | O49: =IF(A49="","",IFERROR(IF(OR(B49="",C49="",D49="",F49="",G49=""),"Review incomplete row",IF(YEAR(C49)<>Assumptions!$B$4,"Review period",IF(J49="Review account","Review account",IF(AND(D49=0,E49<>"",E49>0),"Review unbudgeted actual",IF(AND(N49<>"",ABS(N49)>=Assumptions!$B$6),"Review variance",IF(AND(G49="Needs review",H49=""),"Review missing due date",IF(AND(G49="Needs review",H49<>"",TODAY()>H49),"Past due review",""))))))),"Review entry")) | Q49: =IF(ROW()<=6,Assumptions!D6,"") | R49: =IF(ROW()<=15,Assumptions!F15,"") | S49: =IF(ROW()<=7,Assumptions!I7,"") | T49: =IF(ROW()<=7,Assumptions!K7,"")
J50: =IF(OR(A50="",B50=""),"",IFERROR(VLOOKUP(B50,Assumptions!$F$4:$G$15,2,FALSE),"Review account")) | K50: =IF(OR(C50="",D50="",J50=""),"",IF(J50="Revenue",D50,IF(J50="Expense",-D50,""))) | L50: =IF(OR(C50="",E50="",J50=""),"",IF(J50="Revenue",E50,IF(J50="Expense",-E50,""))) | M50: =IF(OR(K50="",L50=""),"",L50-K50) | N50: =IF(OR(K50="",M50=""),"",IFERROR(M50/ABS(K50),"")) | O50: =IF(A50="","",IFERROR(IF(OR(B50="",C50="",D50="",F50="",G50=""),"Review incomplete row",IF(YEAR(C50)<>Assumptions!$B$4,"Review period",IF(J50="Review account","Review account",IF(AND(D50=0,E50<>"",E50>0),"Review unbudgeted actual",IF(AND(N50<>"",ABS(N50)>=Assumptions!$B$6),"Review variance",IF(AND(G50="Needs review",H50=""),"Review missing due date",IF(AND(G50="Needs review",H50<>"",TODAY()>H50),"Past due review",""))))))),"Review entry")) | Q50: =IF(ROW()<=6,Assumptions!D6,"") | R50: =IF(ROW()<=15,Assumptions!F15,"") | S50: =IF(ROW()<=7,Assumptions!I7,"") | T50: =IF(ROW()<=7,Assumptions!K7,"")
J51: =IF(OR(A51="",B51=""),"",IFERROR(VLOOKUP(B51,Assumptions!$F$4:$G$15,2,FALSE),"Review account")) | K51: =IF(OR(C51="",D51="",J51=""),"",IF(J51="Revenue",D51,IF(J51="Expense",-D51,""))) | L51: =IF(OR(C51="",E51="",J51=""),"",IF(J51="Revenue",E51,IF(J51="Expense",-E51,""))) | M51: =IF(OR(K51="",L51=""),"",L51-K51) | N51: =IF(OR(K51="",M51=""),"",IFERROR(M51/ABS(K51),"")) | O51: =IF(A51="","",IFERROR(IF(OR(B51="",C51="",D51="",F51="",G51=""),"Review incomplete row",IF(YEAR(C51)<>Assumptions!$B$4,"Review period",IF(J51="Review account","Review account",IF(AND(D51=0,E51<>"",E51>0),"Review unbudgeted actual",IF(AND(N51<>"",ABS(N51)>=Assumptions!$B$6),"Review variance",IF(AND(G51="Needs review",H51=""),"Review missing due date",IF(AND(G51="Needs review",H51<>"",TODAY()>H51),"Past due review",""))))))),"Review entry")) | Q51: =IF(ROW()<=6,Assumptions!D6,"") | R51: =IF(ROW()<=15,Assumptions!F15,"") | S51: =IF(ROW()<=7,Assumptions!I7,"") | T51: =IF(ROW()<=7,Assumptions!K7,"")
J52: =IF(OR(A52="",B52=""),"",IFERROR(VLOOKUP(B52,Assumptions!$F$4:$G$15,2,FALSE),"Review account")) | K52: =IF(OR(C52="",D52="",J52=""),"",IF(J52="Revenue",D52,IF(J52="Expense",-D52,""))) | L52: =IF(OR(C52="",E52="",J52=""),"",IF(J52="Revenue",E52,IF(J52="Expense",-E52,""))) | M52: =IF(OR(K52="",L52=""),"",L52-K52) | N52: =IF(OR(K52="",M52=""),"",IFERROR(M52/ABS(K52),"")) | O52: =IF(A52="","",IFERROR(IF(OR(B52="",C52="",D52="",F52="",G52=""),"Review incomplete row",IF(YEAR(C52)<>Assumptions!$B$4,"Review period",IF(J52="Review account","Review account",IF(AND(D52=0,E52<>"",E52>0),"Review unbudgeted actual",IF(AND(N52<>"",ABS(N52)>=Assumptions!$B$6),"Review variance",IF(AND(G52="Needs review",H52=""),"Review missing due date",IF(AND(G52="Needs review",H52<>"",TODAY()>H52),"Past due review",""))))))),"Review entry")) | Q52: =IF(ROW()<=6,Assumptions!D6,"") | R52: =IF(ROW()<=15,Assumptions!F15,"") | S52: =IF(ROW()<=7,Assumptions!I7,"") | T52: =IF(ROW()<=7,Assumptions!K7,"")
J53: =IF(OR(A53="",B53=""),"",IFERROR(VLOOKUP(B53,Assumptions!$F$4:$G$15,2,FALSE),"Review account")) | K53: =IF(OR(C53="",D53="",J53=""),"",IF(J53="Revenue",D53,IF(J53="Expense",-D53,""))) | L53: =IF(OR(C53="",E53="",J53=""),"",IF(J53="Revenue",E53,IF(J53="Expense",-E53,""))) | M53: =IF(OR(K53="",L53=""),"",L53-K53) | N53: =IF(OR(K53="",M53=""),"",IFERROR(M53/ABS(K53),"")) | O53: =IF(A53="","",IFERROR(IF(OR(B53="",C53="",D53="",F53="",G53=""),"Review incomplete row",IF(YEAR(C53)<>Assumptions!$B$4,"Review period",IF(J53="Review account","Review account",IF(AND(D53=0,E53<>"",E53>0),"Review unbudgeted actual",IF(AND(N53<>"",ABS(N53)>=Assumptions!$B$6),"Review variance",IF(AND(G53="Needs review",H53=""),"Review missing due date",IF(AND(G53="Needs review",H53<>"",TODAY()>H53),"Past due review",""))))))),"Review entry")) | Q53: =IF(ROW()<=6,Assumptions!D6,"") | R53: =IF(ROW()<=15,Assumptions!F15,"") | S53: =IF(ROW()<=7,Assumptions!I7,"") | T53: =IF(ROW()<=7,Assumptions!K7,"")
J54: =IF(OR(A54="",B54=""),"",IFERROR(VLOOKUP(B54,Assumptions!$F$4:$G$15,2,FALSE),"Review account")) | K54: =IF(OR(C54="",D54="",J54=""),"",IF(J54="Revenue",D54,IF(J54="Expense",-D54,""))) | L54: =IF(OR(C54="",E54="",J54=""),"",IF(J54="Revenue",E54,IF(J54="Expense",-E54,""))) | M54: =IF(OR(K54="",L54=""),"",L54-K54) | N54: =IF(OR(K54="",M54=""),"",IFERROR(M54/ABS(K54),"")) | O54: =IF(A54="","",IFERROR(IF(OR(B54="",C54="",D54="",F54="",G54=""),"Review incomplete row",IF(YEAR(C54)<>Assumptions!$B$4,"Review period",IF(J54="Review account","Review account",IF(AND(D54=0,E54<>"",E54>0),"Review unbudgeted actual",IF(AND(N54<>"",ABS(N54)>=Assumptions!$B$6),"Review variance",IF(AND(G54="Needs review",H54=""),"Review missing due date",IF(AND(G54="Needs review",H54<>"",TODAY()>H54),"Past due review",""))))))),"Review entry")) | Q54: =IF(ROW()<=6,Assumptions!D6,"") | R54: =IF(ROW()<=15,Assumptions!F15,"") | S54: =IF(ROW()<=7,Assumptions!I7,"") | T54: =IF(ROW()<=7,Assumptions!K7,"")
J55: =IF(OR(A55="",B55=""),"",IFERROR(VLOOKUP(B55,Assumptions!$F$4:$G$15,2,FALSE),"Review account")) | K55: =IF(OR(C55="",D55="",J55=""),"",IF(J55="Revenue",D55,IF(J55="Expense",-D55,""))) | L55: =IF(OR(C55="",E55="",J55=""),"",IF(J55="Revenue",E55,IF(J55="Expense",-E55,""))) | M55: =IF(OR(K55="",L55=""),"",L55-K55) | N55: =IF(OR(K55="",M55=""),"",IFERROR(M55/ABS(K55),"")) | O55: =IF(A55="","",IFERROR(IF(OR(B55="",C55="",D55="",F55="",G55=""),"Review incomplete row",IF(YEAR(C55)<>Assumptions!$B$4,"Review period",IF(J55="Review account","Review account",IF(AND(D55=0,E55<>"",E55>0),"Review unbudgeted actual",IF(AND(N55<>"",ABS(N55)>=Assumptions!$B$6),"Review variance",IF(AND(G55="Needs review",H55=""),"Review missing due date",IF(AND(G55="Needs review",H55<>"",TODAY()>H55),"Past due review",""))))))),"Review entry")) | Q55: =IF(ROW()<=6,Assumptions!D6,"") | R55: =IF(ROW()<=15,Assumptions!F15,"") | S55: =IF(ROW()<=7,Assumptions!I7,"") | T55: =IF(ROW()<=7,Assumptions!K7,"")
J56: =IF(OR(A56="",B56=""),"",IFERROR(VLOOKUP(B56,Assumptions!$F$4:$G$15,2,FALSE),"Review account")) | K56: =IF(OR(C56="",D56="",J56=""),"",IF(J56="Revenue",D56,IF(J56="Expense",-D56,""))) | L56: =IF(OR(C56="",E56="",J56=""),"",IF(J56="Revenue",E56,IF(J56="Expense",-E56,""))) | M56: =IF(OR(K56="",L56=""),"",L56-K56) | N56: =IF(OR(K56="",M56=""),"",IFERROR(M56/ABS(K56),"")) | O56: =IF(A56="","",IFERROR(IF(OR(B56="",C56="",D56="",F56="",G56=""),"Review incomplete row",IF(YEAR(C56)<>Assumptions!$B$4,"Review period",IF(J56="Review account","Review account",IF(AND(D56=0,E56<>"",E56>0),"Review unbudgeted actual",IF(AND(N56<>"",ABS(N56)>=Assumptions!$B$6),"Review variance",IF(AND(G56="Needs review",H56=""),"Review missing due date",IF(AND(G56="Needs review",H56<>"",TODAY()>H56),"Past due review",""))))))),"Review entry")) | Q56: =IF(ROW()<=6,Assumptions!D6,"") | R56: =IF(ROW()<=15,Assumptions!F15,"") | S56: =IF(ROW()<=7,Assumptions!I7,"") | T56: =IF(ROW()<=7,Assumptions!K7,"")
J57: =IF(OR(A57="",B57=""),"",IFERROR(VLOOKUP(B57,Assumptions!$F$4:$G$15,2,FALSE),"Review account")) | K57: =IF(OR(C57="",D57="",J57=""),"",IF(J57="Revenue",D57,IF(J57="Expense",-D57,""))) | L57: =IF(OR(C57="",E57="",J57=""),"",IF(J57="Revenue",E57,IF(J57="Expense",-E57,""))) | M57: =IF(OR(K57="",L57=""),"",L57-K57) | N57: =IF(OR(K57="",M57=""),"",IFERROR(M57/ABS(K57),"")) | O57: =IF(A57="","",IFERROR(IF(OR(B57="",C57="",D57="",F57="",G57=""),"Review incomplete row",IF(YEAR(C57)<>Assumptions!$B$4,"Review period",IF(J57="Review account","Review account",IF(AND(D57=0,E57<>"",E57>0),"Review unbudgeted actual",IF(AND(N57<>"",ABS(N57)>=Assumptions!$B$6),"Review variance",IF(AND(G57="Needs review",H57=""),"Review missing due date",IF(AND(G57="Needs review",H57<>"",TODAY()>H57),"Past due review",""))))))),"Review entry")) | Q57: =IF(ROW()<=6,Assumptions!D6,"") | R57: =IF(ROW()<=15,Assumptions!F15,"") | S57: =IF(ROW()<=7,Assumptions!I7,"") | T57: =IF(ROW()<=7,Assumptions!K7,"")
J58: =IF(OR(A58="",B58=""),"",IFERROR(VLOOKUP(B58,Assumptions!$F$4:$G$15,2,FALSE),"Review account")) | K58: =IF(OR(C58="",D58="",J58=""),"",IF(J58="Revenue",D58,IF(J58="Expense",-D58,""))) | L58: =IF(OR(C58="",E58="",J58=""),"",IF(J58="Revenue",E58,IF(J58="Expense",-E58,""))) | M58: =IF(OR(K58="",L58=""),"",L58-K58) | N58: =IF(OR(K58="",M58=""),"",IFERROR(M58/ABS(K58),"")) | O58: =IF(A58="","",IFERROR(IF(OR(B58="",C58="",D58="",F58="",G58=""),"Review incomplete row",IF(YEAR(C58)<>Assumptions!$B$4,"Review period",IF(J58="Review account","Review account",IF(AND(D58=0,E58<>"",E58>0),"Review unbudgeted actual",IF(AND(N58<>"",ABS(N58)>=Assumptions!$B$6),"Review variance",IF(AND(G58="Needs review",H58=""),"Review missing due date",IF(AND(G58="Needs review",H58<>"",TODAY()>H58),"Past due review",""))))))),"Review entry")) | Q58: =IF(ROW()<=6,Assumptions!D6,"") | R58: =IF(ROW()<=15,Assumptions!F15,"") | S58: =IF(ROW()<=7,Assumptions!I7,"") | T58: =IF(ROW()<=7,Assumptions!K7,"")
J59: =IF(OR(A59="",B59=""),"",IFERROR(VLOOKUP(B59,Assumptions!$F$4:$G$15,2,FALSE),"Review account")) | K59: =IF(OR(C59="",D59="",J59=""),"",IF(J59="Revenue",D59,IF(J59="Expense",-D59,""))) | L59: =IF(OR(C59="",E59="",J59=""),"",IF(J59="Revenue",E59,IF(J59="Expense",-E59,""))) | M59: =IF(OR(K59="",L59=""),"",L59-K59) | N59: =IF(OR(K59="",M59=""),"",IFERROR(M59/ABS(K59),"")) | O59: =IF(A59="","",IFERROR(IF(OR(B59="",C59="",D59="",F59="",G59=""),"Review incomplete row",IF(YEAR(C59)<>Assumptions!$B$4,"Review period",IF(J59="Review account","Review account",IF(AND(D59=0,E59<>"",E59>0),"Review unbudgeted actual",IF(AND(N59<>"",ABS(N59)>=Assumptions!$B$6),"Review variance",IF(AND(G59="Needs review",H59=""),"Review missing due date",IF(AND(G59="Needs review",H59<>"",TODAY()>H59),"Past due review",""))))))),"Review entry")) | Q59: =IF(ROW()<=6,Assumptions!D6,"") | R59: =IF(ROW()<=15,Assumptions!F15,"") | S59: =IF(ROW()<=7,Assumptions!I7,"") | T59: =IF(ROW()<=7,Assumptions!K7,"")
J60: =IF(OR(A60="",B60=""),"",IFERROR(VLOOKUP(B60,Assumptions!$F$4:$G$15,2,FALSE),"Review account")) | K60: =IF(OR(C60="",D60="",J60=""),"",IF(J60="Revenue",D60,IF(J60="Expense",-D60,""))) | L60: =IF(OR(C60="",E60="",J60=""),"",IF(J60="Revenue",E60,IF(J60="Expense",-E60,""))) | M60: =IF(OR(K60="",L60=""),"",L60-K60) | N60: =IF(OR(K60="",M60=""),"",IFERROR(M60/ABS(K60),"")) | O60: =IF(A60="","",IFERROR(IF(OR(B60="",C60="",D60="",F60="",G60=""),"Review incomplete row",IF(YEAR(C60)<>Assumptions!$B$4,"Review period",IF(J60="Review account","Review account",IF(AND(D60=0,E60<>"",E60>0),"Review unbudgeted actual",IF(AND(N60<>"",ABS(N60)>=Assumptions!$B$6),"Review variance",IF(AND(G60="Needs review",H60=""),"Review missing due date",IF(AND(G60="Needs review",H60<>"",TODAY()>H60),"Past due review",""))))))),"Review entry")) | Q60: =IF(ROW()<=6,Assumptions!D6,"") | R60: =IF(ROW()<=15,Assumptions!F15,"") | S60: =IF(ROW()<=7,Assumptions!I7,"") | T60: =IF(ROW()<=7,Assumptions!K7,"")
J61: =IF(OR(A61="",B61=""),"",IFERROR(VLOOKUP(B61,Assumptions!$F$4:$G$15,2,FALSE),"Review account")) | K61: =IF(OR(C61="",D61="",J61=""),"",IF(J61="Revenue",D61,IF(J61="Expense",-D61,""))) | L61: =IF(OR(C61="",E61="",J61=""),"",IF(J61="Revenue",E61,IF(J61="Expense",-E61,""))) | M61: =IF(OR(K61="",L61=""),"",L61-K61) | N61: =IF(OR(K61="",M61=""),"",IFERROR(M61/ABS(K61),"")) | O61: =IF(A61="","",IFERROR(IF(OR(B61="",C61="",D61="",F61="",G61=""),"Review incomplete row",IF(YEAR(C61)<>Assumptions!$B$4,"Review period",IF(J61="Review account","Review account",IF(AND(D61=0,E61<>"",E61>0),"Review unbudgeted actual",IF(AND(N61<>"",ABS(N61)>=Assumptions!$B$6),"Review variance",IF(AND(G61="Needs review",H61=""),"Review missing due date",IF(AND(G61="Needs review",H61<>"",TODAY()>H61),"Past due review",""))))))),"Review entry")) | Q61: =IF(ROW()<=6,Assumptions!D6,"") | R61: =IF(ROW()<=15,Assumptions!F15,"") | S61: =IF(ROW()<=7,Assumptions!I7,"") | T61: =IF(ROW()<=7,Assumptions!K7,"")
J62: =IF(OR(A62="",B62=""),"",IFERROR(VLOOKUP(B62,Assumptions!$F$4:$G$15,2,FALSE),"Review account")) | K62: =IF(OR(C62="",D62="",J62=""),"",IF(J62="Revenue",D62,IF(J62="Expense",-D62,""))) | L62: =IF(OR(C62="",E62="",J62=""),"",IF(J62="Revenue",E62,IF(J62="Expense",-E62,""))) | M62: =IF(OR(K62="",L62=""),"",L62-K62) | N62: =IF(OR(K62="",M62=""),"",IFERROR(M62/ABS(K62),"")) | O62: =IF(A62="","",IFERROR(IF(OR(B62="",C62="",D62="",F62="",G62=""),"Review incomplete row",IF(YEAR(C62)<>Assumptions!$B$4,"Review period",IF(J62="Review account","Review account",IF(AND(D62=0,E62<>"",E62>0),"Review unbudgeted actual",IF(AND(N62<>"",ABS(N62)>=Assumptions!$B$6),"Review variance",IF(AND(G62="Needs review",H62=""),"Review missing due date",IF(AND(G62="Needs review",H62<>"",TODAY()>H62),"Past due review",""))))))),"Review entry")) | Q62: =IF(ROW()<=6,Assumptions!D6,"") | R62: =IF(ROW()<=15,Assumptions!F15,"") | S62: =IF(ROW()<=7,Assumptions!I7,"") | T62: =IF(ROW()<=7,Assumptions!K7,"")
J63: =IF(OR(A63="",B63=""),"",IFERROR(VLOOKUP(B63,Assumptions!$F$4:$G$15,2,FALSE),"Review account")) | K63: =IF(OR(C63="",D63="",J63=""),"",IF(J63="Revenue",D63,IF(J63="Expense",-D63,""))) | L63: =IF(OR(C63="",E63="",J63=""),"",IF(J63="Revenue",E63,IF(J63="Expense",-E63,""))) | M63: =IF(OR(K63="",L63=""),"",L63-K63) | N63: =IF(OR(K63="",M63=""),"",IFERROR(M63/ABS(K63),"")) | O63: =IF(A63="","",IFERROR(IF(OR(B63="",C63="",D63="",F63="",G63=""),"Review incomplete row",IF(YEAR(C63)<>Assumptions!$B$4,"Review period",IF(J63="Review account","Review account",IF(AND(D63=0,E63<>"",E63>0),"Review unbudgeted actual",IF(AND(N63<>"",ABS(N63)>=Assumptions!$B$6),"Review variance",IF(AND(G63="Needs review",H63=""),"Review missing due date",IF(AND(G63="Needs review",H63<>"",TODAY()>H63),"Past due review",""))))))),"Review entry")) | Q63: =IF(ROW()<=6,Assumptions!D6,"") | R63: =IF(ROW()<=15,Assumptions!F15,"") | S63: =IF(ROW()<=7,Assumptions!I7,"") | T63: =IF(ROW()<=7,Assumptions!K7,"")
J64: =IF(OR(A64="",B64=""),"",IFERROR(VLOOKUP(B64,Assumptions!$F$4:$G$15,2,FALSE),"Review account")) | K64: =IF(OR(C64="",D64="",J64=""),"",IF(J64="Revenue",D64,IF(J64="Expense",-D64,""))) | L64: =IF(OR(C64="",E64="",J64=""),"",IF(J64="Revenue",E64,IF(J64="Expense",-E64,""))) | M64: =IF(OR(K64="",L64=""),"",L64-K64) | N64: =IF(OR(K64="",M64=""),"",IFERROR(M64/ABS(K64),"")) | O64: =IF(A64="","",IFERROR(IF(OR(B64="",C64="",D64="",F64="",G64=""),"Review incomplete row",IF(YEAR(C64)<>Assumptions!$B$4,"Review period",IF(J64="Review account","Review account",IF(AND(D64=0,E64<>"",E64>0),"Review unbudgeted actual",IF(AND(N64<>"",ABS(N64)>=Assumptions!$B$6),"Review variance",IF(AND(G64="Needs review",H64=""),"Review missing due date",IF(AND(G64="Needs review",H64<>"",TODAY()>H64),"Past due review",""))))))),"Review entry")) | Q64: =IF(ROW()<=6,Assumptions!D6,"") | R64: =IF(ROW()<=15,Assumptions!F15,"") | S64: =IF(ROW()<=7,Assumptions!I7,"") | T64: =IF(ROW()<=7,Assumptions!K7,"")
J65: =IF(OR(A65="",B65=""),"",IFERROR(VLOOKUP(B65,Assumptions!$F$4:$G$15,2,FALSE),"Review account")) | K65: =IF(OR(C65="",D65="",J65=""),"",IF(J65="Revenue",D65,IF(J65="Expense",-D65,""))) | L65: =IF(OR(C65="",E65="",J65=""),"",IF(J65="Revenue",E65,IF(J65="Expense",-E65,""))) | M65: =IF(OR(K65="",L65=""),"",L65-K65) | N65: =IF(OR(K65="",M65=""),"",IFERROR(M65/ABS(K65),"")) | O65: =IF(A65="","",IFERROR(IF(OR(B65="",C65="",D65="",F65="",G65=""),"Review incomplete row",IF(YEAR(C65)<>Assumptions!$B$4,"Review period",IF(J65="Review account","Review account",IF(AND(D65=0,E65<>"",E65>0),"Review unbudgeted actual",IF(AND(N65<>"",ABS(N65)>=Assumptions!$B$6),"Review variance",IF(AND(G65="Needs review",H65=""),"Review missing due date",IF(AND(G65="Needs review",H65<>"",TODAY()>H65),"Past due review",""))))))),"Review entry")) | Q65: =IF(ROW()<=6,Assumptions!D6,"") | R65: =IF(ROW()<=15,Assumptions!F15,"") | S65: =IF(ROW()<=7,Assumptions!I7,"") | T65: =IF(ROW()<=7,Assumptions!K7,"")
J66: =IF(OR(A66="",B66=""),"",IFERROR(VLOOKUP(B66,Assumptions!$F$4:$G$15,2,FALSE),"Review account")) | K66: =IF(OR(C66="",D66="",J66=""),"",IF(J66="Revenue",D66,IF(J66="Expense",-D66,""))) | L66: =IF(OR(C66="",E66="",J66=""),"",IF(J66="Revenue",E66,IF(J66="Expense",-E66,""))) | M66: =IF(OR(K66="",L66=""),"",L66-K66) | N66: =IF(OR(K66="",M66=""),"",IFERROR(M66/ABS(K66),"")) | O66: =IF(A66="","",IFERROR(IF(OR(B66="",C66="",D66="",F66="",G66=""),"Review incomplete row",IF(YEAR(C66)<>Assumptions!$B$4,"Review period",IF(J66="Review account","Review account",IF(AND(D66=0,E66<>"",E66>0),"Review unbudgeted actual",IF(AND(N66<>"",ABS(N66)>=Assumptions!$B$6),"Review variance",IF(AND(G66="Needs review",H66=""),"Review missing due date",IF(AND(G66="Needs review",H66<>"",TODAY()>H66),"Past due review",""))))))),"Review entry")) | Q66: =IF(ROW()<=6,Assumptions!D6,"") | R66: =IF(ROW()<=15,Assumptions!F15,"") | S66: =IF(ROW()<=7,Assumptions!I7,"") | T66: =IF(ROW()<=7,Assumptions!K7,"")
J67: =IF(OR(A67="",B67=""),"",IFERROR(VLOOKUP(B67,Assumptions!$F$4:$G$15,2,FALSE),"Review account")) | K67: =IF(OR(C67="",D67="",J67=""),"",IF(J67="Revenue",D67,IF(J67="Expense",-D67,""))) | L67: =IF(OR(C67="",E67="",J67=""),"",IF(J67="Revenue",E67,IF(J67="Expense",-E67,""))) | M67: =IF(OR(K67="",L67=""),"",L67-K67) | N67: =IF(OR(K67="",M67=""),"",IFERROR(M67/ABS(K67),"")) | O67: =IF(A67="","",IFERROR(IF(OR(B67="",C67="",D67="",F67="",G67=""),"Review incomplete row",IF(YEAR(C67)<>Assumptions!$B$4,"Review period",IF(J67="Review account","Review account",IF(AND(D67=0,E67<>"",E67>0),"Review unbudgeted actual",IF(AND(N67<>"",ABS(N67)>=Assumptions!$B$6),"Review variance",IF(AND(G67="Needs review",H67=""),"Review missing due date",IF(AND(G67="Needs review",H67<>"",TODAY()>H67),"Past due review",""))))))),"Review entry")) | Q67: =IF(ROW()<=6,Assumptions!D6,"") | R67: =IF(ROW()<=15,Assumptions!F15,"") | S67: =IF(ROW()<=7,Assumptions!I7,"") | T67: =IF(ROW()<=7,Assumptions!K7,"")
J68: =IF(OR(A68="",B68=""),"",IFERROR(VLOOKUP(B68,Assumptions!$F$4:$G$15,2,FALSE),"Review account")) | K68: =IF(OR(C68="",D68="",J68=""),"",IF(J68="Revenue",D68,IF(J68="Expense",-D68,""))) | L68: =IF(OR(C68="",E68="",J68=""),"",IF(J68="Revenue",E68,IF(J68="Expense",-E68,""))) | M68: =IF(OR(K68="",L68=""),"",L68-K68) | N68: =IF(OR(K68="",M68=""),"",IFERROR(M68/ABS(K68),"")) | O68: =IF(A68="","",IFERROR(IF(OR(B68="",C68="",D68="",F68="",G68=""),"Review incomplete row",IF(YEAR(C68)<>Assumptions!$B$4,"Review period",IF(J68="Review account","Review account",IF(AND(D68=0,E68<>"",E68>0),"Review unbudgeted actual",IF(AND(N68<>"",ABS(N68)>=Assumptions!$B$6),"Review variance",IF(AND(G68="Needs review",H68=""),"Review missing due date",IF(AND(G68="Needs review",H68<>"",TODAY()>H68),"Past due review",""))))))),"Review entry")) | Q68: =IF(ROW()<=6,Assumptions!D6,"") | R68: =IF(ROW()<=15,Assumptions!F15,"") | S68: =IF(ROW()<=7,Assumptions!I7,"") | T68: =IF(ROW()<=7,Assumptions!K7,"")
J69: =IF(OR(A69="",B69=""),"",IFERROR(VLOOKUP(B69,Assumptions!$F$4:$G$15,2,FALSE),"Review account")) | K69: =IF(OR(C69="",D69="",J69=""),"",IF(J69="Revenue",D69,IF(J69="Expense",-D69,""))) | L69: =IF(OR(C69="",E69="",J69=""),"",IF(J69="Revenue",E69,IF(J69="Expense",-E69,""))) | M69: =IF(OR(K69="",L69=""),"",L69-K69) | N69: =IF(OR(K69="",M69=""),"",IFERROR(M69/ABS(K69),"")) | O69: =IF(A69="","",IFERROR(IF(OR(B69="",C69="",D69="",F69="",G69=""),"Review incomplete row",IF(YEAR(C69)<>Assumptions!$B$4,"Review period",IF(J69="Review account","Review account",IF(AND(D69=0,E69<>"",E69>0),"Review unbudgeted actual",IF(AND(N69<>"",ABS(N69)>=Assumptions!$B$6),"Review variance",IF(AND(G69="Needs review",H69=""),"Review missing due date",IF(AND(G69="Needs review",H69<>"",TODAY()>H69),"Past due review",""))))))),"Review entry")) | Q69: =IF(ROW()<=6,Assumptions!D6,"") | R69: =IF(ROW()<=15,Assumptions!F15,"") | S69: =IF(ROW()<=7,Assumptions!I7,"") | T69: =IF(ROW()<=7,Assumptions!K7,"")
J70: =IF(OR(A70="",B70=""),"",IFERROR(VLOOKUP(B70,Assumptions!$F$4:$G$15,2,FALSE),"Review account")) | K70: =IF(OR(C70="",D70="",J70=""),"",IF(J70="Revenue",D70,IF(J70="Expense",-D70,""))) | L70: =IF(OR(C70="",E70="",J70=""),"",IF(J70="Revenue",E70,IF(J70="Expense",-E70,""))) | M70: =IF(OR(K70="",L70=""),"",L70-K70) | N70: =IF(OR(K70="",M70=""),"",IFERROR(M70/ABS(K70),"")) | O70: =IF(A70="","",IFERROR(IF(OR(B70="",C70="",D70="",F70="",G70=""),"Review incomplete row",IF(YEAR(C70)<>Assumptions!$B$4,"Review period",IF(J70="Review account","Review account",IF(AND(D70=0,E70<>"",E70>0),"Review unbudgeted actual",IF(AND(N70<>"",ABS(N70)>=Assumptions!$B$6),"Review variance",IF(AND(G70="Needs review",H70=""),"Review missing due date",IF(AND(G70="Needs review",H70<>"",TODAY()>H70),"Past due review",""))))))),"Review entry")) | Q70: =IF(ROW()<=6,Assumptions!D6,"") | R70: =IF(ROW()<=15,Assumptions!F15,"") | S70: =IF(ROW()<=7,Assumptions!I7,"") | T70: =IF(ROW()<=7,Assumptions!K7,"")
J71: =IF(OR(A71="",B71=""),"",IFERROR(VLOOKUP(B71,Assumptions!$F$4:$G$15,2,FALSE),"Review account")) | K71: =IF(OR(C71="",D71="",J71=""),"",IF(J71="Revenue",D71,IF(J71="Expense",-D71,""))) | L71: =IF(OR(C71="",E71="",J71=""),"",IF(J71="Revenue",E71,IF(J71="Expense",-E71,""))) | M71: =IF(OR(K71="",L71=""),"",L71-K71) | N71: =IF(OR(K71="",M71=""),"",IFERROR(M71/ABS(K71),"")) | O71: =IF(A71="","",IFERROR(IF(OR(B71="",C71="",D71="",F71="",G71=""),"Review incomplete row",IF(YEAR(C71)<>Assumptions!$B$4,"Review period",IF(J71="Review account","Review account",IF(AND(D71=0,E71<>"",E71>0),"Review unbudgeted actual",IF(AND(N71<>"",ABS(N71)>=Assumptions!$B$6),"Review variance",IF(AND(G71="Needs review",H71=""),"Review missing due date",IF(AND(G71="Needs review",H71<>"",TODAY()>H71),"Past due review",""))))))),"Review entry")) | Q71: =IF(ROW()<=6,Assumptions!D6,"") | R71: =IF(ROW()<=15,Assumptions!F15,"") | S71: =IF(ROW()<=7,Assumptions!I7,"") | T71: =IF(ROW()<=7,Assumptions!K7,"")
J72: =IF(OR(A72="",B72=""),"",IFERROR(VLOOKUP(B72,Assumptions!$F$4:$G$15,2,FALSE),"Review account")) | K72: =IF(OR(C72="",D72="",J72=""),"",IF(J72="Revenue",D72,IF(J72="Expense",-D72,""))) | L72: =IF(OR(C72="",E72="",J72=""),"",IF(J72="Revenue",E72,IF(J72="Expense",-E72,""))) | M72: =IF(OR(K72="",L72=""),"",L72-K72) | N72: =IF(OR(K72="",M72=""),"",IFERROR(M72/ABS(K72),"")) | O72: =IF(A72="","",IFERROR(IF(OR(B72="",C72="",D72="",F72="",G72=""),"Review incomplete row",IF(YEAR(C72)<>Assumptions!$B$4,"Review period",IF(J72="Review account","Review account",IF(AND(D72=0,E72<>"",E72>0),"Review unbudgeted actual",IF(AND(N72<>"",ABS(N72)>=Assumptions!$B$6),"Review variance",IF(AND(G72="Needs review",H72=""),"Review missing due date",IF(AND(G72="Needs review",H72<>"",TODAY()>H72),"Past due review",""))))))),"Review entry")) | Q72: =IF(ROW()<=6,Assumptions!D6,"") | R72: =IF(ROW()<=15,Assumptions!F15,"") | S72: =IF(ROW()<=7,Assumptions!I7,"") | T72: =IF(ROW()<=7,Assumptions!K7,"")
J73: =IF(OR(A73="",B73=""),"",IFERROR(VLOOKUP(B73,Assumptions!$F$4:$G$15,2,FALSE),"Review account")) | K73: =IF(OR(C73="",D73="",J73=""),"",IF(J73="Revenue",D73,IF(J73="Expense",-D73,""))) | L73: =IF(OR(C73="",E73="",J73=""),"",IF(J73="Revenue",E73,IF(J73="Expense",-E73,""))) | M73: =IF(OR(K73="",L73=""),"",L73-K73) | N73: =IF(OR(K73="",M73=""),"",IFERROR(M73/ABS(K73),"")) | O73: =IF(A73="","",IFERROR(IF(OR(B73="",C73="",D73="",F73="",G73=""),"Review incomplete row",IF(YEAR(C73)<>Assumptions!$B$4,"Review period",IF(J73="Review account","Review account",IF(AND(D73=0,E73<>"",E73>0),"Review unbudgeted actual",IF(AND(N73<>"",ABS(N73)>=Assumptions!$B$6),"Review variance",IF(AND(G73="Needs review",H73=""),"Review missing due date",IF(AND(G73="Needs review",H73<>"",TODAY()>H73),"Past due review",""))))))),"Review entry")) | Q73: =IF(ROW()<=6,Assumptions!D6,"") | R73: =IF(ROW()<=15,Assumptions!F15,"") | S73: =IF(ROW()<=7,Assumptions!I7,"") | T73: =IF(ROW()<=7,Assumptions!K7,"")
J74: =IF(OR(A74="",B74=""),"",IFERROR(VLOOKUP(B74,Assumptions!$F$4:$G$15,2,FALSE),"Review account")) | K74: =IF(OR(C74="",D74="",J74=""),"",IF(J74="Revenue",D74,IF(J74="Expense",-D74,""))) | L74: =IF(OR(C74="",E74="",J74=""),"",IF(J74="Revenue",E74,IF(J74="Expense",-E74,""))) | M74: =IF(OR(K74="",L74=""),"",L74-K74) | N74: =IF(OR(K74="",M74=""),"",IFERROR(M74/ABS(K74),"")) | O74: =IF(A74="","",IFERROR(IF(OR(B74="",C74="",D74="",F74="",G74=""),"Review incomplete row",IF(YEAR(C74)<>Assumptions!$B$4,"Review period",IF(J74="Review account","Review account",IF(AND(D74=0,E74<>"",E74>0),"Review unbudgeted actual",IF(AND(N74<>"",ABS(N74)>=Assumptions!$B$6),"Review variance",IF(AND(G74="Needs review",H74=""),"Review missing due date",IF(AND(G74="Needs review",H74<>"",TODAY()>H74),"Past due review",""))))))),"Review entry")) | Q74: =IF(ROW()<=6,Assumptions!D6,"") | R74: =IF(ROW()<=15,Assumptions!F15,"") | S74: =IF(ROW()<=7,Assumptions!I7,"") | T74: =IF(ROW()<=7,Assumptions!K7,"")
J75: =IF(OR(A75="",B75=""),"",IFERROR(VLOOKUP(B75,Assumptions!$F$4:$G$15,2,FALSE),"Review account")) | K75: =IF(OR(C75="",D75="",J75=""),"",IF(J75="Revenue",D75,IF(J75="Expense",-D75,""))) | L75: =IF(OR(C75="",E75="",J75=""),"",IF(J75="Revenue",E75,IF(J75="Expense",-E75,""))) | M75: =IF(OR(K75="",L75=""),"",L75-K75) | N75: =IF(OR(K75="",M75=""),"",IFERROR(M75/ABS(K75),"")) | O75: =IF(A75="","",IFERROR(IF(OR(B75="",C75="",D75="",F75="",G75=""),"Review incomplete row",IF(YEAR(C75)<>Assumptions!$B$4,"Review period",IF(J75="Review account","Review account",IF(AND(D75=0,E75<>"",E75>0),"Review unbudgeted actual",IF(AND(N75<>"",ABS(N75)>=Assumptions!$B$6),"Review variance",IF(AND(G75="Needs review",H75=""),"Review missing due date",IF(AND(G75="Needs review",H75<>"",TODAY()>H75),"Past due review",""))))))),"Review entry")) | Q75: =IF(ROW()<=6,Assumptions!D6,"") | R75: =IF(ROW()<=15,Assumptions!F15,"") | S75: =IF(ROW()<=7,Assumptions!I7,"") | T75: =IF(ROW()<=7,Assumptions!K7,"")
J76: =IF(OR(A76="",B76=""),"",IFERROR(VLOOKUP(B76,Assumptions!$F$4:$G$15,2,FALSE),"Review account")) | K76: =IF(OR(C76="",D76="",J76=""),"",IF(J76="Revenue",D76,IF(J76="Expense",-D76,""))) | L76: =IF(OR(C76="",E76="",J76=""),"",IF(J76="Revenue",E76,IF(J76="Expense",-E76,""))) | M76: =IF(OR(K76="",L76=""),"",L76-K76) | N76: =IF(OR(K76="",M76=""),"",IFERROR(M76/ABS(K76),"")) | O76: =IF(A76="","",IFERROR(IF(OR(B76="",C76="",D76="",F76="",G76=""),"Review incomplete row",IF(YEAR(C76)<>Assumptions!$B$4,"Review period",IF(J76="Review account","Review account",IF(AND(D76=0,E76<>"",E76>0),"Review unbudgeted actual",IF(AND(N76<>"",ABS(N76)>=Assumptions!$B$6),"Review variance",IF(AND(G76="Needs review",H76=""),"Review missing due date",IF(AND(G76="Needs review",H76<>"",TODAY()>H76),"Past due review",""))))))),"Review entry")) | Q76: =IF(ROW()<=6,Assumptions!D6,"") | R76: =IF(ROW()<=15,Assumptions!F15,"") | S76: =IF(ROW()<=7,Assumptions!I7,"") | T76: =IF(ROW()<=7,Assumptions!K7,"")
J77: =IF(OR(A77="",B77=""),"",IFERROR(VLOOKUP(B77,Assumptions!$F$4:$G$15,2,FALSE),"Review account")) | K77: =IF(OR(C77="",D77="",J77=""),"",IF(J77="Revenue",D77,IF(J77="Expense",-D77,""))) | L77: =IF(OR(C77="",E77="",J77=""),"",IF(J77="Revenue",E77,IF(J77="Expense",-E77,""))) | M77: =IF(OR(K77="",L77=""),"",L77-K77) | N77: =IF(OR(K77="",M77=""),"",IFERROR(M77/ABS(K77),"")) | O77: =IF(A77="","",IFERROR(IF(OR(B77="",C77="",D77="",F77="",G77=""),"Review incomplete row",IF(YEAR(C77)<>Assumptions!$B$4,"Review period",IF(J77="Review account","Review account",IF(AND(D77=0,E77<>"",E77>0),"Review unbudgeted actual",IF(AND(N77<>"",ABS(N77)>=Assumptions!$B$6),"Review variance",IF(AND(G77="Needs review",H77=""),"Review missing due date",IF(AND(G77="Needs review",H77<>"",TODAY()>H77),"Past due review",""))))))),"Review entry")) | Q77: =IF(ROW()<=6,Assumptions!D6,"") | R77: =IF(ROW()<=15,Assumptions!F15,"") | S77: =IF(ROW()<=7,Assumptions!I7,"") | T77: =IF(ROW()<=7,Assumptions!K7,"")
J78: =IF(OR(A78="",B78=""),"",IFERROR(VLOOKUP(B78,Assumptions!$F$4:$G$15,2,FALSE),"Review account")) | K78: =IF(OR(C78="",D78="",J78=""),"",IF(J78="Revenue",D78,IF(J78="Expense",-D78,""))) | L78: =IF(OR(C78="",E78="",J78=""),"",IF(J78="Revenue",E78,IF(J78="Expense",-E78,""))) | M78: =IF(OR(K78="",L78=""),"",L78-K78) | N78: =IF(OR(K78="",M78=""),"",IFERROR(M78/ABS(K78),"")) | O78: =IF(A78="","",IFERROR(IF(OR(B78="",C78="",D78="",F78="",G78=""),"Review incomplete row",IF(YEAR(C78)<>Assumptions!$B$4,"Review period",IF(J78="Review account","Review account",IF(AND(D78=0,E78<>"",E78>0),"Review unbudgeted actual",IF(AND(N78<>"",ABS(N78)>=Assumptions!$B$6),"Review variance",IF(AND(G78="Needs review",H78=""),"Review missing due date",IF(AND(G78="Needs review",H78<>"",TODAY()>H78),"Past due review",""))))))),"Review entry")) | Q78: =IF(ROW()<=6,Assumptions!D6,"") | R78: =IF(ROW()<=15,Assumptions!F15,"") | S78: =IF(ROW()<=7,Assumptions!I7,"") | T78: =IF(ROW()<=7,Assumptions!K7,"")
J79: =IF(OR(A79="",B79=""),"",IFERROR(VLOOKUP(B79,Assumptions!$F$4:$G$15,2,FALSE),"Review account")) | K79: =IF(OR(C79="",D79="",J79=""),"",IF(J79="Revenue",D79,IF(J79="Expense",-D79,""))) | L79: =IF(OR(C79="",E79="",J79=""),"",IF(J79="Revenue",E79,IF(J79="Expense",-E79,""))) | M79: =IF(OR(K79="",L79=""),"",L79-K79) | N79: =IF(OR(K79="",M79=""),"",IFERROR(M79/ABS(K79),"")) | O79: =IF(A79="","",IFERROR(IF(OR(B79="",C79="",D79="",F79="",G79=""),"Review incomplete row",IF(YEAR(C79)<>Assumptions!$B$4,"Review period",IF(J79="Review account","Review account",IF(AND(D79=0,E79<>"",E79>0),"Review unbudgeted actual",IF(AND(N79<>"",ABS(N79)>=Assumptions!$B$6),"Review variance",IF(AND(G79="Needs review",H79=""),"Review missing due date",IF(AND(G79="Needs review",H79<>"",TODAY()>H79),"Past due review",""))))))),"Review entry")) | Q79: =IF(ROW()<=6,Assumptions!D6,"") | R79: =IF(ROW()<=15,Assumptions!F15,"") | S79: =IF(ROW()<=7,Assumptions!I7,"") | T79: =IF(ROW()<=7,Assumptions!K7,"")
J80: =IF(OR(A80="",B80=""),"",IFERROR(VLOOKUP(B80,Assumptions!$F$4:$G$15,2,FALSE),"Review account")) | K80: =IF(OR(C80="",D80="",J80=""),"",IF(J80="Revenue",D80,IF(J80="Expense",-D80,""))) | L80: =IF(OR(C80="",E80="",J80=""),"",IF(J80="Revenue",E80,IF(J80="Expense",-E80,""))) | M80: =IF(OR(K80="",L80=""),"",L80-K80) | N80: =IF(OR(K80="",M80=""),"",IFERROR(M80/ABS(K80),"")) | O80: =IF(A80="","",IFERROR(IF(OR(B80="",C80="",D80="",F80="",G80=""),"Review incomplete row",IF(YEAR(C80)<>Assumptions!$B$4,"Review period",IF(J80="Review account","Review account",IF(AND(D80=0,E80<>"",E80>0),"Review unbudgeted actual",IF(AND(N80<>"",ABS(N80)>=Assumptions!$B$6),"Review variance",IF(AND(G80="Needs review",H80=""),"Review missing due date",IF(AND(G80="Needs review",H80<>"",TODAY()>H80),"Past due review",""))))))),"Review entry")) | Q80: =IF(ROW()<=6,Assumptions!D6,"") | R80: =IF(ROW()<=15,Assumptions!F15,"") | S80: =IF(ROW()<=7,Assumptions!I7,"") | T80: =IF(ROW()<=7,Assumptions!K7,"")
J81: =IF(OR(A81="",B81=""),"",IFERROR(VLOOKUP(B81,Assumptions!$F$4:$G$15,2,FALSE),"Review account")) | K81: =IF(OR(C81="",D81="",J81=""),"",IF(J81="Revenue",D81,IF(J81="Expense",-D81,""))) | L81: =IF(OR(C81="",E81="",J81=""),"",IF(J81="Revenue",E81,IF(J81="Expense",-E81,""))) | M81: =IF(OR(K81="",L81=""),"",L81-K81) | N81: =IF(OR(K81="",M81=""),"",IFERROR(M81/ABS(K81),"")) | O81: =IF(A81="","",IFERROR(IF(OR(B81="",C81="",D81="",F81="",G81=""),"Review incomplete row",IF(YEAR(C81)<>Assumptions!$B$4,"Review period",IF(J81="Review account","Review account",IF(AND(D81=0,E81<>"",E81>0),"Review unbudgeted actual",IF(AND(N81<>"",ABS(N81)>=Assumptions!$B$6),"Review variance",IF(AND(G81="Needs review",H81=""),"Review missing due date",IF(AND(G81="Needs review",H81<>"",TODAY()>H81),"Past due review",""))))))),"Review entry")) | Q81: =IF(ROW()<=6,Assumptions!D6,"") | R81: =IF(ROW()<=15,Assumptions!F15,"") | S81: =IF(ROW()<=7,Assumptions!I7,"") | T81: =IF(ROW()<=7,Assumptions!K7,"")
J82: =IF(OR(A82="",B82=""),"",IFERROR(VLOOKUP(B82,Assumptions!$F$4:$G$15,2,FALSE),"Review account")) | K82: =IF(OR(C82="",D82="",J82=""),"",IF(J82="Revenue",D82,IF(J82="Expense",-D82,""))) | L82: =IF(OR(C82="",E82="",J82=""),"",IF(J82="Revenue",E82,IF(J82="Expense",-E82,""))) | M82: =IF(OR(K82="",L82=""),"",L82-K82) | N82: =IF(OR(K82="",M82=""),"",IFERROR(M82/ABS(K82),"")) | O82: =IF(A82="","",IFERROR(IF(OR(B82="",C82="",D82="",F82="",G82=""),"Review incomplete row",IF(YEAR(C82)<>Assumptions!$B$4,"Review period",IF(J82="Review account","Review account",IF(AND(D82=0,E82<>"",E82>0),"Review unbudgeted actual",IF(AND(N82<>"",ABS(N82)>=Assumptions!$B$6),"Review variance",IF(AND(G82="Needs review",H82=""),"Review missing due date",IF(AND(G82="Needs review",H82<>"",TODAY()>H82),"Past due review",""))))))),"Review entry")) | Q82: =IF(ROW()<=6,Assumptions!D6,"") | R82: =IF(ROW()<=15,Assumptions!F15,"") | S82: =IF(ROW()<=7,Assumptions!I7,"") | T82: =IF(ROW()<=7,Assumptions!K7,"")
J83: =IF(OR(A83="",B83=""),"",IFERROR(VLOOKUP(B83,Assumptions!$F$4:$G$15,2,FALSE),"Review account")) | K83: =IF(OR(C83="",D83="",J83=""),"",IF(J83="Revenue",D83,IF(J83="Expense",-D83,""))) | L83: =IF(OR(C83="",E83="",J83=""),"",IF(J83="Revenue",E83,IF(J83="Expense",-E83,""))) | M83: =IF(OR(K83="",L83=""),"",L83-K83) | N83: =IF(OR(K83="",M83=""),"",IFERROR(M83/ABS(K83),"")) | O83: =IF(A83="","",IFERROR(IF(OR(B83="",C83="",D83="",F83="",G83=""),"Review incomplete row",IF(YEAR(C83)<>Assumptions!$B$4,"Review period",IF(J83="Review account","Review account",IF(AND(D83=0,E83<>"",E83>0),"Review unbudgeted actual",IF(AND(N83<>"",ABS(N83)>=Assumptions!$B$6),"Review variance",IF(AND(G83="Needs review",H83=""),"Review missing due date",IF(AND(G83="Needs review",H83<>"",TODAY()>H83),"Past due review",""))))))),"Review entry")) | Q83: =IF(ROW()<=6,Assumptions!D6,"") | R83: =IF(ROW()<=15,Assumptions!F15,"") | S83: =IF(ROW()<=7,Assumptions!I7,"") | T83: =IF(ROW()<=7,Assumptions!K7,"")
J84: =IF(OR(A84="",B84=""),"",IFERROR(VLOOKUP(B84,Assumptions!$F$4:$G$15,2,FALSE),"Review account")) | K84: =IF(OR(C84="",D84="",J84=""),"",IF(J84="Revenue",D84,IF(J84="Expense",-D84,""))) | L84: =IF(OR(C84="",E84="",J84=""),"",IF(J84="Revenue",E84,IF(J84="Expense",-E84,""))) | M84: =IF(OR(K84="",L84=""),"",L84-K84) | N84: =IF(OR(K84="",M84=""),"",IFERROR(M84/ABS(K84),"")) | O84: =IF(A84="","",IFERROR(IF(OR(B84="",C84="",D84="",F84="",G84=""),"Review incomplete row",IF(YEAR(C84)<>Assumptions!$B$4,"Review period",IF(J84="Review account","Review account",IF(AND(D84=0,E84<>"",E84>0),"Review unbudgeted actual",IF(AND(N84<>"",ABS(N84)>=Assumptions!$B$6),"Review variance",IF(AND(G84="Needs review",H84=""),"Review missing due date",IF(AND(G84="Needs review",H84<>"",TODAY()>H84),"Past due review",""))))))),"Review entry")) | Q84: =IF(ROW()<=6,Assumptions!D6,"") | R84: =IF(ROW()<=15,Assumptions!F15,"") | S84: =IF(ROW()<=7,Assumptions!I7,"") | T84: =IF(ROW()<=7,Assumptions!K7,"")
J85: =IF(OR(A85="",B85=""),"",IFERROR(VLOOKUP(B85,Assumptions!$F$4:$G$15,2,FALSE),"Review account")) | K85: =IF(OR(C85="",D85="",J85=""),"",IF(J85="Revenue",D85,IF(J85="Expense",-D85,""))) | L85: =IF(OR(C85="",E85="",J85=""),"",IF(J85="Revenue",E85,IF(J85="Expense",-E85,""))) | M85: =IF(OR(K85="",L85=""),"",L85-K85) | N85: =IF(OR(K85="",M85=""),"",IFERROR(M85/ABS(K85),"")) | O85: =IF(A85="","",IFERROR(IF(OR(B85="",C85="",D85="",F85="",G85=""),"Review incomplete row",IF(YEAR(C85)<>Assumptions!$B$4,"Review period",IF(J85="Review account","Review account",IF(AND(D85=0,E85<>"",E85>0),"Review unbudgeted actual",IF(AND(N85<>"",ABS(N85)>=Assumptions!$B$6),"Review variance",IF(AND(G85="Needs review",H85=""),"Review missing due date",IF(AND(G85="Needs review",H85<>"",TODAY()>H85),"Past due review",""))))))),"Review entry")) | Q85: =IF(ROW()<=6,Assumptions!D6,"") | R85: =IF(ROW()<=15,Assumptions!F15,"") | S85: =IF(ROW()<=7,Assumptions!I7,"") | T85: =IF(ROW()<=7,Assumptions!K7,"")
J86: =IF(OR(A86="",B86=""),"",IFERROR(VLOOKUP(B86,Assumptions!$F$4:$G$15,2,FALSE),"Review account")) | K86: =IF(OR(C86="",D86="",J86=""),"",IF(J86="Revenue",D86,IF(J86="Expense",-D86,""))) | L86: =IF(OR(C86="",E86="",J86=""),"",IF(J86="Revenue",E86,IF(J86="Expense",-E86,""))) | M86: =IF(OR(K86="",L86=""),"",L86-K86) | N86: =IF(OR(K86="",M86=""),"",IFERROR(M86/ABS(K86),"")) | O86: =IF(A86="","",IFERROR(IF(OR(B86="",C86="",D86="",F86="",G86=""),"Review incomplete row",IF(YEAR(C86)<>Assumptions!$B$4,"Review period",IF(J86="Review account","Review account",IF(AND(D86=0,E86<>"",E86>0),"Review unbudgeted actual",IF(AND(N86<>"",ABS(N86)>=Assumptions!$B$6),"Review variance",IF(AND(G86="Needs review",H86=""),"Review missing due date",IF(AND(G86="Needs review",H86<>"",TODAY()>H86),"Past due review",""))))))),"Review entry")) | Q86: =IF(ROW()<=6,Assumptions!D6,"") | R86: =IF(ROW()<=15,Assumptions!F15,"") | S86: =IF(ROW()<=7,Assumptions!I7,"") | T86: =IF(ROW()<=7,Assumptions!K7,"")
J87: =IF(OR(A87="",B87=""),"",IFERROR(VLOOKUP(B87,Assumptions!$F$4:$G$15,2,FALSE),"Review account")) | K87: =IF(OR(C87="",D87="",J87=""),"",IF(J87="Revenue",D87,IF(J87="Expense",-D87,""))) | L87: =IF(OR(C87="",E87="",J87=""),"",IF(J87="Revenue",E87,IF(J87="Expense",-E87,""))) | M87: =IF(OR(K87="",L87=""),"",L87-K87) | N87: =IF(OR(K87="",M87=""),"",IFERROR(M87/ABS(K87),"")) | O87: =IF(A87="","",IFERROR(IF(OR(B87="",C87="",D87="",F87="",G87=""),"Review incomplete row",IF(YEAR(C87)<>Assumptions!$B$4,"Review period",IF(J87="Review account","Review account",IF(AND(D87=0,E87<>"",E87>0),"Review unbudgeted actual",IF(AND(N87<>"",ABS(N87)>=Assumptions!$B$6),"Review variance",IF(AND(G87="Needs review",H87=""),"Review missing due date",IF(AND(G87="Needs review",H87<>"",TODAY()>H87),"Past due review",""))))))),"Review entry")) | Q87: =IF(ROW()<=6,Assumptions!D6,"") | R87: =IF(ROW()<=15,Assumptions!F15,"") | S87: =IF(ROW()<=7,Assumptions!I7,"") | T87: =IF(ROW()<=7,Assumptions!K7,"")
J88: =IF(OR(A88="",B88=""),"",IFERROR(VLOOKUP(B88,Assumptions!$F$4:$G$15,2,FALSE),"Review account")) | K88: =IF(OR(C88="",D88="",J88=""),"",IF(J88="Revenue",D88,IF(J88="Expense",-D88,""))) | L88: =IF(OR(C88="",E88="",J88=""),"",IF(J88="Revenue",E88,IF(J88="Expense",-E88,""))) | M88: =IF(OR(K88="",L88=""),"",L88-K88) | N88: =IF(OR(K88="",M88=""),"",IFERROR(M88/ABS(K88),"")) | O88: =IF(A88="","",IFERROR(IF(OR(B88="",C88="",D88="",F88="",G88=""),"Review incomplete row",IF(YEAR(C88)<>Assumptions!$B$4,"Review period",IF(J88="Review account","Review account",IF(AND(D88=0,E88<>"",E88>0),"Review unbudgeted actual",IF(AND(N88<>"",ABS(N88)>=Assumptions!$B$6),"Review variance",IF(AND(G88="Needs review",H88=""),"Review missing due date",IF(AND(G88="Needs review",H88<>"",TODAY()>H88),"Past due review",""))))))),"Review entry")) | Q88: =IF(ROW()<=6,Assumptions!D6,"") | R88: =IF(ROW()<=15,Assumptions!F15,"") | S88: =IF(ROW()<=7,Assumptions!I7,"") | T88: =IF(ROW()<=7,Assumptions!K7,"")
J89: =IF(OR(A89="",B89=""),"",IFERROR(VLOOKUP(B89,Assumptions!$F$4:$G$15,2,FALSE),"Review account")) | K89: =IF(OR(C89="",D89="",J89=""),"",IF(J89="Revenue",D89,IF(J89="Expense",-D89,""))) | L89: =IF(OR(C89="",E89="",J89=""),"",IF(J89="Revenue",E89,IF(J89="Expense",-E89,""))) | M89: =IF(OR(K89="",L89=""),"",L89-K89) | N89: =IF(OR(K89="",M89=""),"",IFERROR(M89/ABS(K89),"")) | O89: =IF(A89="","",IFERROR(IF(OR(B89="",C89="",D89="",F89="",G89=""),"Review incomplete row",IF(YEAR(C89)<>Assumptions!$B$4,"Review period",IF(J89="Review account","Review account",IF(AND(D89=0,E89<>"",E89>0),"Review unbudgeted actual",IF(AND(N89<>"",ABS(N89)>=Assumptions!$B$6),"Review variance",IF(AND(G89="Needs review",H89=""),"Review missing due date",IF(AND(G89="Needs review",H89<>"",TODAY()>H89),"Past due review",""))))))),"Review entry")) | Q89: =IF(ROW()<=6,Assumptions!D6,"") | R89: =IF(ROW()<=15,Assumptions!F15,"") | S89: =IF(ROW()<=7,Assumptions!I7,"") | T89: =IF(ROW()<=7,Assumptions!K7,"")
J90: =IF(OR(A90="",B90=""),"",IFERROR(VLOOKUP(B90,Assumptions!$F$4:$G$15,2,FALSE),"Review account")) | K90: =IF(OR(C90="",D90="",J90=""),"",IF(J90="Revenue",D90,IF(J90="Expense",-D90,""))) | L90: =IF(OR(C90="",E90="",J90=""),"",IF(J90="Revenue",E90,IF(J90="Expense",-E90,""))) | M90: =IF(OR(K90="",L90=""),"",L90-K90) | N90: =IF(OR(K90="",M90=""),"",IFERROR(M90/ABS(K90),"")) | O90: =IF(A90="","",IFERROR(IF(OR(B90="",C90="",D90="",F90="",G90=""),"Review incomplete row",IF(YEAR(C90)<>Assumptions!$B$4,"Review period",IF(J90="Review account","Review account",IF(AND(D90=0,E90<>"",E90>0),"Review unbudgeted actual",IF(AND(N90<>"",ABS(N90)>=Assumptions!$B$6),"Review variance",IF(AND(G90="Needs review",H90=""),"Review missing due date",IF(AND(G90="Needs review",H90<>"",TODAY()>H90),"Past due review",""))))))),"Review entry")) | Q90: =IF(ROW()<=6,Assumptions!D6,"") | R90: =IF(ROW()<=15,Assumptions!F15,"") | S90: =IF(ROW()<=7,Assumptions!I7,"") | T90: =IF(ROW()<=7,Assumptions!K7,"")
J91: =IF(OR(A91="",B91=""),"",IFERROR(VLOOKUP(B91,Assumptions!$F$4:$G$15,2,FALSE),"Review account")) | K91: =IF(OR(C91="",D91="",J91=""),"",IF(J91="Revenue",D91,IF(J91="Expense",-D91,""))) | L91: =IF(OR(C91="",E91="",J91=""),"",IF(J91="Revenue",E91,IF(J91="Expense",-E91,""))) | M91: =IF(OR(K91="",L91=""),"",L91-K91) | N91: =IF(OR(K91="",M91=""),"",IFERROR(M91/ABS(K91),"")) | O91: =IF(A91="","",IFERROR(IF(OR(B91="",C91="",D91="",F91="",G91=""),"Review incomplete row",IF(YEAR(C91)<>Assumptions!$B$4,"Review period",IF(J91="Review account","Review account",IF(AND(D91=0,E91<>"",E91>0),"Review unbudgeted actual",IF(AND(N91<>"",ABS(N91)>=Assumptions!$B$6),"Review variance",IF(AND(G91="Needs review",H91=""),"Review missing due date",IF(AND(G91="Needs review",H91<>"",TODAY()>H91),"Past due review",""))))))),"Review entry")) | Q91: =IF(ROW()<=6,Assumptions!D6,"") | R91: =IF(ROW()<=15,Assumptions!F15,"") | S91: =IF(ROW()<=7,Assumptions!I7,"") | T91: =IF(ROW()<=7,Assumptions!K7,"")
J92: =IF(OR(A92="",B92=""),"",IFERROR(VLOOKUP(B92,Assumptions!$F$4:$G$15,2,FALSE),"Review account")) | K92: =IF(OR(C92="",D92="",J92=""),"",IF(J92="Revenue",D92,IF(J92="Expense",-D92,""))) | L92: =IF(OR(C92="",E92="",J92=""),"",IF(J92="Revenue",E92,IF(J92="Expense",-E92,""))) | M92: =IF(OR(K92="",L92=""),"",L92-K92) | N92: =IF(OR(K92="",M92=""),"",IFERROR(M92/ABS(K92),"")) | O92: =IF(A92="","",IFERROR(IF(OR(B92="",C92="",D92="",F92="",G92=""),"Review incomplete row",IF(YEAR(C92)<>Assumptions!$B$4,"Review period",IF(J92="Review account","Review account",IF(AND(D92=0,E92<>"",E92>0),"Review unbudgeted actual",IF(AND(N92<>"",ABS(N92)>=Assumptions!$B$6),"Review variance",IF(AND(G92="Needs review",H92=""),"Review missing due date",IF(AND(G92="Needs review",H92<>"",TODAY()>H92),"Past due review",""))))))),"Review entry")) | Q92: =IF(ROW()<=6,Assumptions!D6,"") | R92: =IF(ROW()<=15,Assumptions!F15,"") | S92: =IF(ROW()<=7,Assumptions!I7,"") | T92: =IF(ROW()<=7,Assumptions!K7,"")
J93: =IF(OR(A93="",B93=""),"",IFERROR(VLOOKUP(B93,Assumptions!$F$4:$G$15,2,FALSE),"Review account")) | K93: =IF(OR(C93="",D93="",J93=""),"",IF(J93="Revenue",D93,IF(J93="Expense",-D93,""))) | L93: =IF(OR(C93="",E93="",J93=""),"",IF(J93="Revenue",E93,IF(J93="Expense",-E93,""))) | M93: =IF(OR(K93="",L93=""),"",L93-K93) | N93: =IF(OR(K93="",M93=""),"",IFERROR(M93/ABS(K93),"")) | O93: =IF(A93="","",IFERROR(IF(OR(B93="",C93="",D93="",F93="",G93=""),"Review incomplete row",IF(YEAR(C93)<>Assumptions!$B$4,"Review period",IF(J93="Review account","Review account",IF(AND(D93=0,E93<>"",E93>0),"Review unbudgeted actual",IF(AND(N93<>"",ABS(N93)>=Assumptions!$B$6),"Review variance",IF(AND(G93="Needs review",H93=""),"Review missing due date",IF(AND(G93="Needs review",H93<>"",TODAY()>H93),"Past due review",""))))))),"Review entry")) | Q93: =IF(ROW()<=6,Assumptions!D6,"") | R93: =IF(ROW()<=15,Assumptions!F15,"") | S93: =IF(ROW()<=7,Assumptions!I7,"") | T93: =IF(ROW()<=7,Assumptions!K7,"")
J94: =IF(OR(A94="",B94=""),"",IFERROR(VLOOKUP(B94,Assumptions!$F$4:$G$15,2,FALSE),"Review account")) | K94: =IF(OR(C94="",D94="",J94=""),"",IF(J94="Revenue",D94,IF(J94="Expense",-D94,""))) | L94: =IF(OR(C94="",E94="",J94=""),"",IF(J94="Revenue",E94,IF(J94="Expense",-E94,""))) | M94: =IF(OR(K94="",L94=""),"",L94-K94) | N94: =IF(OR(K94="",M94=""),"",IFERROR(M94/ABS(K94),"")) | O94: =IF(A94="","",IFERROR(IF(OR(B94="",C94="",D94="",F94="",G94=""),"Review incomplete row",IF(YEAR(C94)<>Assumptions!$B$4,"Review period",IF(J94="Review account","Review account",IF(AND(D94=0,E94<>"",E94>0),"Review unbudgeted actual",IF(AND(N94<>"",ABS(N94)>=Assumptions!$B$6),"Review variance",IF(AND(G94="Needs review",H94=""),"Review missing due date",IF(AND(G94="Needs review",H94<>"",TODAY()>H94),"Past due review",""))))))),"Review entry")) | Q94: =IF(ROW()<=6,Assumptions!D6,"") | R94: =IF(ROW()<=15,Assumptions!F15,"") | S94: =IF(ROW()<=7,Assumptions!I7,"") | T94: =IF(ROW()<=7,Assumptions!K7,"")
J95: =IF(OR(A95="",B95=""),"",IFERROR(VLOOKUP(B95,Assumptions!$F$4:$G$15,2,FALSE),"Review account")) | K95: =IF(OR(C95="",D95="",J95=""),"",IF(J95="Revenue",D95,IF(J95="Expense",-D95,""))) | L95: =IF(OR(C95="",E95="",J95=""),"",IF(J95="Revenue",E95,IF(J95="Expense",-E95,""))) | M95: =IF(OR(K95="",L95=""),"",L95-K95) | N95: =IF(OR(K95="",M95=""),"",IFERROR(M95/ABS(K95),"")) | O95: =IF(A95="","",IFERROR(IF(OR(B95="",C95="",D95="",F95="",G95=""),"Review incomplete row",IF(YEAR(C95)<>Assumptions!$B$4,"Review period",IF(J95="Review account","Review account",IF(AND(D95=0,E95<>"",E95>0),"Review unbudgeted actual",IF(AND(N95<>"",ABS(N95)>=Assumptions!$B$6),"Review variance",IF(AND(G95="Needs review",H95=""),"Review missing due date",IF(AND(G95="Needs review",H95<>"",TODAY()>H95),"Past due review",""))))))),"Review entry")) | Q95: =IF(ROW()<=6,Assumptions!D6,"") | R95: =IF(ROW()<=15,Assumptions!F15,"") | S95: =IF(ROW()<=7,Assumptions!I7,"") | T95: =IF(ROW()<=7,Assumptions!K7,"")
J96: =IF(OR(A96="",B96=""),"",IFERROR(VLOOKUP(B96,Assumptions!$F$4:$G$15,2,FALSE),"Review account")) | K96: =IF(OR(C96="",D96="",J96=""),"",IF(J96="Revenue",D96,IF(J96="Expense",-D96,""))) | L96: =IF(OR(C96="",E96="",J96=""),"",IF(J96="Revenue",E96,IF(J96="Expense",-E96,""))) | M96: =IF(OR(K96="",L96=""),"",L96-K96) | N96: =IF(OR(K96="",M96=""),"",IFERROR(M96/ABS(K96),"")) | O96: =IF(A96="","",IFERROR(IF(OR(B96="",C96="",D96="",F96="",G96=""),"Review incomplete row",IF(YEAR(C96)<>Assumptions!$B$4,"Review period",IF(J96="Review account","Review account",IF(AND(D96=0,E96<>"",E96>0),"Review unbudgeted actual",IF(AND(N96<>"",ABS(N96)>=Assumptions!$B$6),"Review variance",IF(AND(G96="Needs review",H96=""),"Review missing due date",IF(AND(G96="Needs review",H96<>"",TODAY()>H96),"Past due review",""))))))),"Review entry")) | Q96: =IF(ROW()<=6,Assumptions!D6,"") | R96: =IF(ROW()<=15,Assumptions!F15,"") | S96: =IF(ROW()<=7,Assumptions!I7,"") | T96: =IF(ROW()<=7,Assumptions!K7,"")
J97: =IF(OR(A97="",B97=""),"",IFERROR(VLOOKUP(B97,Assumptions!$F$4:$G$15,2,FALSE),"Review account")) | K97: =IF(OR(C97="",D97="",J97=""),"",IF(J97="Revenue",D97,IF(J97="Expense",-D97,""))) | L97: =IF(OR(C97="",E97="",J97=""),"",IF(J97="Revenue",E97,IF(J97="Expense",-E97,""))) | M97: =IF(OR(K97="",L97=""),"",L97-K97) | N97: =IF(OR(K97="",M97=""),"",IFERROR(M97/ABS(K97),"")) | O97: =IF(A97="","",IFERROR(IF(OR(B97="",C97="",D97="",F97="",G97=""),"Review incomplete row",IF(YEAR(C97)<>Assumptions!$B$4,"Review period",IF(J97="Review account","Review account",IF(AND(D97=0,E97<>"",E97>0),"Review unbudgeted actual",IF(AND(N97<>"",ABS(N97)>=Assumptions!$B$6),"Review variance",IF(AND(G97="Needs review",H97=""),"Review missing due date",IF(AND(G97="Needs review",H97<>"",TODAY()>H97),"Past due review",""))))))),"Review entry")) | Q97: =IF(ROW()<=6,Assumptions!D6,"") | R97: =IF(ROW()<=15,Assumptions!F15,"") | S97: =IF(ROW()<=7,Assumptions!I7,"") | T97: =IF(ROW()<=7,Assumptions!K7,"")
J98: =IF(OR(A98="",B98=""),"",IFERROR(VLOOKUP(B98,Assumptions!$F$4:$G$15,2,FALSE),"Review account")) | K98: =IF(OR(C98="",D98="",J98=""),"",IF(J98="Revenue",D98,IF(J98="Expense",-D98,""))) | L98: =IF(OR(C98="",E98="",J98=""),"",IF(J98="Revenue",E98,IF(J98="Expense",-E98,""))) | M98: =IF(OR(K98="",L98=""),"",L98-K98) | N98: =IF(OR(K98="",M98=""),"",IFERROR(M98/ABS(K98),"")) | O98: =IF(A98="","",IFERROR(IF(OR(B98="",C98="",D98="",F98="",G98=""),"Review incomplete row",IF(YEAR(C98)<>Assumptions!$B$4,"Review period",IF(J98="Review account","Review account",IF(AND(D98=0,E98<>"",E98>0),"Review unbudgeted actual",IF(AND(N98<>"",ABS(N98)>=Assumptions!$B$6),"Review variance",IF(AND(G98="Needs review",H98=""),"Review missing due date",IF(AND(G98="Needs review",H98<>"",TODAY()>H98),"Past due review",""))))))),"Review entry")) | Q98: =IF(ROW()<=6,Assumptions!D6,"") | R98: =IF(ROW()<=15,Assumptions!F15,"") | S98: =IF(ROW()<=7,Assumptions!I7,"") | T98: =IF(ROW()<=7,Assumptions!K7,"")
J99: =IF(OR(A99="",B99=""),"",IFERROR(VLOOKUP(B99,Assumptions!$F$4:$G$15,2,FALSE),"Review account")) | K99: =IF(OR(C99="",D99="",J99=""),"",IF(J99="Revenue",D99,IF(J99="Expense",-D99,""))) | L99: =IF(OR(C99="",E99="",J99=""),"",IF(J99="Revenue",E99,IF(J99="Expense",-E99,""))) | M99: =IF(OR(K99="",L99=""),"",L99-K99) | N99: =IF(OR(K99="",M99=""),"",IFERROR(M99/ABS(K99),"")) | O99: =IF(A99="","",IFERROR(IF(OR(B99="",C99="",D99="",F99="",G99=""),"Review incomplete row",IF(YEAR(C99)<>Assumptions!$B$4,"Review period",IF(J99="Review account","Review account",IF(AND(D99=0,E99<>"",E99>0),"Review unbudgeted actual",IF(AND(N99<>"",ABS(N99)>=Assumptions!$B$6),"Review variance",IF(AND(G99="Needs review",H99=""),"Review missing due date",IF(AND(G99="Needs review",H99<>"",TODAY()>H99),"Past due review",""))))))),"Review entry")) | Q99: =IF(ROW()<=6,Assumptions!D6,"") | R99: =IF(ROW()<=15,Assumptions!F15,"") | S99: =IF(ROW()<=7,Assumptions!I7,"") | T99: =IF(ROW()<=7,Assumptions!K7,"")
J100: =IF(OR(A100="",B100=""),"",IFERROR(VLOOKUP(B100,Assumptions!$F$4:$G$15,2,FALSE),"Review account")) | K100: =IF(OR(C100="",D100="",J100=""),"",IF(J100="Revenue",D100,IF(J100="Expense",-D100,""))) | L100: =IF(OR(C100="",E100="",J100=""),"",IF(J100="Revenue",E100,IF(J100="Expense",-E100,""))) | M100: =IF(OR(K100="",L100=""),"",L100-K100) | N100: =IF(OR(K100="",M100=""),"",IFERROR(M100/ABS(K100),"")) | O100: =IF(A100="","",IFERROR(IF(OR(B100="",C100="",D100="",F100="",G100=""),"Review incomplete row",IF(YEAR(C100)<>Assumptions!$B$4,"Review period",IF(J100="Review account","Review account",IF(AND(D100=0,E100<>"",E100>0),"Review unbudgeted actual",IF(AND(N100<>"",ABS(N100)>=Assumptions!$B$6),"Review variance",IF(AND(G100="Needs review",H100=""),"Review missing due date",IF(AND(G100="Needs review",H100<>"",TODAY()>H100),"Past due review",""))))))),"Review entry")) | Q100: =IF(ROW()<=6,Assumptions!D6,"") | R100: =IF(ROW()<=15,Assumptions!F15,"") | S100: =IF(ROW()<=7,Assumptions!I7,"") | T100: =IF(ROW()<=7,Assumptions!K7,"")
...

Sheet Account Review
A1: Annual Budget Review by Account
A2: Calculated for the selected fictional facility. Projection uses actual amounts where entered and budget amounts for remaining lines.
A3: Account | B3: Budget Class | C3: Annual Budget | D3: Budget Through Cutoff | E3: Actual Through Cutoff | F3: Favorable Variance | G3: Variance % | H3: Year-End Projection | I3: Review Status
A4: =IF(Assumptions!F4="","",Assumptions!F4) | B4: =IF(Assumptions!G4="","",Assumptions!G4) | C4: =IF(COUNTIFS('Budget Detail'!$A$4:$A$123,Assumptions!$B$7,'Budget Detail'!$B$4:$B$123,A4,'Budget Detail'!$C$4:$C$123,">="&DATE(Assumptions!$B$4,1,1),'Budget Detail'!$C$4:$C$123,"<="&DATE(Assumptions!$B$4,12,31),'Budget Detail'!$D$4:$D$123,"<>")=0,"",IFERROR(SUMIFS('Budget Detail'!$D$4:$D$123,'Budget Detail'!$A$4:$A$123,Assumptions!$B$7,'Budget Detail'!$B$4:$B$123,A4,'Budget Detail'!$C$4:$C$123,">="&DATE(Assumptions!$B$4,1,1),'Budget Detail'!$C$4:$C$123,"<="&DATE(Assumptions!$B$4,12,31)),"")) | D4: =IF(C4="","",IFERROR(SUMIFS('Budget Detail'!$D$4:$D$123,'Budget Detail'!$A$4:$A$123,Assumptions!$B$7,'Budget Detail'!$B$4:$B$123,A4,'Budget Detail'!$C$4:$C$123,">="&DATE(Assumptions!$B$4,1,1),'Budget Detail'!$C$4:$C$123,"<="&Assumptions!$B$5),"")) | E4: =IF(COUNTIFS('Budget Detail'!$A$4:$A$123,Assumptions!$B$7,'Budget Detail'!$B$4:$B$123,A4,'Budget Detail'!$C$4:$C$123,"<="&Assumptions!$B$5,'Budget Detail'!$E$4:$E$123,"<>")=0,"",IFERROR(SUMIFS('Budget Detail'!$E$4:$E$123,'Budget Detail'!$A$4:$A$123,Assumptions!$B$7,'Budget Detail'!$B$4:$B$123,A4,'Budget Detail'!$C$4:$C$123,"<="&Assumptions!$B$5),"")) | F4: =IF(OR(D4="",E4="",B4=""),"",IF(B4="Revenue",E4-D4,D4-E4)) | G4: =IF(F4="","",IFERROR(F4/ABS(D4),"")) | H4: =IF(C4="","",IFERROR(SUMIFS('Budget Detail'!$E$4:$E$123,'Budget Detail'!$A$4:$A$123,Assumptions!$B$7,'Budget Detail'!$B$4:$B$123,A4,'Budget Detail'!$C$4:$C$123,"<="&Assumptions!$B$5)+SUMIFS('Budget Detail'!$D$4:$D$123,'Budget Detail'!$A$4:$A$123,Assumptions!$B$7,'Budget Detail'!$B$4:$B$123,A4,'Budget Detail'!$C$4:$C$123,"<="&Assumptions!$B$5,'Budget Detail'!$E$4:$E$123,"")+SUMIFS('Budget Detail'!$D$4:$D$123,'Budget Detail'!$A$4:$A$123,Assumptions!$B$7,'Budget Detail'!$B$4:$B$123,A4,'Budget Detail'!$C$4:$C$123,">"&Assumptions!$B$5,'Budget Detail'!$C$4:$C$123,"<="&DATE(Assumptions!$B$4,12,31)),"")) | I4: =IF(A4="","",IF(AND(C4=0,E4<>"",E4>0),"Review unbudgeted actual",IF(G4="","",IF(ABS(G4)>=Assumptions!$B$6,"Review variance","Within threshold"))))
A5: =IF(Assumptions!F5="","",Assumptions!F5) | B5: =IF(Assumptions!G5="","",Assumptions!G5) | C5: =IF(COUNTIFS('Budget Detail'!$A$4:$A$123,Assumptions!$B$7,'Budget Detail'!$B$4:$B$123,A5,'Budget Detail'!$C$4:$C$123,">="&DATE(Assumptions!$B$4,1,1),'Budget Detail'!$C$4:$C$123,"<="&DATE(Assumptions!$B$4,12,31),'Budget Detail'!$D$4:$D$123,"<>")=0,"",IFERROR(SUMIFS('Budget Detail'!$D$4:$D$123,'Budget Detail'!$A$4:$A$123,Assumptions!$B$7,'Budget Detail'!$B$4:$B$123,A5,'Budget Detail'!$C$4:$C$123,">="&DATE(Assumptions!$B$4,1,1),'Budget Detail'!$C$4:$C$123,"<="&DATE(Assumptions!$B$4,12,31)),"")) | D5: =IF(C5="","",IFERROR(SUMIFS('Budget Detail'!$D$4:$D$123,'Budget Detail'!$A$4:$A$123,Assumptions!$B$7,'Budget Detail'!$B$4:$B$123,A5,'Budget Detail'!$C$4:$C$123,">="&DATE(Assumptions!$B$4,1,1),'Budget Detail'!$C$4:$C$123,"<="&Assumptions!$B$5),"")) | E5: =IF(COUNTIFS('Budget Detail'!$A$4:$A$123,Assumptions!$B$7,'Budget Detail'!$B$4:$B$123,A5,'Budget Detail'!$C$4:$C$123,"<="&Assumptions!$B$5,'Budget Detail'!$E$4:$E$123,"<>")=0,"",IFERROR(SUMIFS('Budget Detail'!$E$4:$E$123,'Budget Detail'!$A$4:$A$123,Assumptions!$B$7,'Budget Detail'!$B$4:$B$123,A5,'Budget Detail'!$C$4:$C$123,"<="&Assumptions!$B$5),"")) | F5: =IF(OR(D5="",E5="",B5=""),"",IF(B5="Revenue",E5-D5,D5-E5)) | G5: =IF(F5="","",IFERROR(F5/ABS(D5),"")) | H5: =IF(C5="","",IFERROR(SUMIFS('Budget Detail'!$E$4:$E$123,'Budget Detail'!$A$4:$A$123,Assumptions!$B$7,'Budget Detail'!$B$4:$B$123,A5,'Budget Detail'!$C$4:$C$123,"<="&Assumptions!$B$5)+SUMIFS('Budget Detail'!$D$4:$D$123,'Budget Detail'!$A$4:$A$123,Assumptions!$B$7,'Budget Detail'!$B$4:$B$123,A5,'Budget Detail'!$C$4:$C$123,"<="&Assumptions!$B$5,'Budget Detail'!$E$4:$E$123,"")+SUMIFS('Budget Detail'!$D$4:$D$123,'Budget Detail'!$A$4:$A$123,Assumptions!$B$7,'Budget Detail'!$B$4:$B$123,A5,'Budget Detail'!$C$4:$C$123,">"&Assumptions!$B$5,'Budget Detail'!$C$4:$C$123,"<="&DATE(Assumptions!$B$4,12,31)),"")) | I5: =IF(A5="","",IF(AND(C5=0,E5<>"",E5>0),"Review unbudgeted actual",IF(G5="","",IF(ABS(G5)>=Assumptions!$B$6,"Review variance","Within threshold"))))
A6: =IF(Assumptions!F6="","",Assumptions!F6) | B6: =IF(Assumptions!G6="","",Assumptions!G6) | C6: =IF(COUNTIFS('Budget Detail'!$A$4:$A$123,Assumptions!$B$7,'Budget Detail'!$B$4:$B$123,A6,'Budget Detail'!$C$4:$C$123,">="&DATE(Assumptions!$B$4,1,1),'Budget Detail'!$C$4:$C$123,"<="&DATE(Assumptions!$B$4,12,31),'Budget Detail'!$D$4:$D$123,"<>")=0,"",IFERROR(SUMIFS('Budget Detail'!$D$4:$D$123,'Budget Detail'!$A$4:$A$123,Assumptions!$B$7,'Budget Detail'!$B$4:$B$123,A6,'Budget Detail'!$C$4:$C$123,">="&DATE(Assumptions!$B$4,1,1),'Budget Detail'!$C$4:$C$123,"<="&DATE(Assumptions!$B$4,12,31)),"")) | D6: =IF(C6="","",IFERROR(SUMIFS('Budget Detail'!$D$4:$D$123,'Budget Detail'!$A$4:$A$123,Assumptions!$B$7,'Budget Detail'!$B$4:$B$123,A6,'Budget Detail'!$C$4:$C$123,">="&DATE(Assumptions!$B$4,1,1),'Budget Detail'!$C$4:$C$123,"<="&Assumptions!$B$5),"")) | E6: =IF(COUNTIFS('Budget Detail'!$A$4:$A$123,Assumptions!$B$7,'Budget Detail'!$B$4:$B$123,A6,'Budget Detail'!$C$4:$C$123,"<="&Assumptions!$B$5,'Budget Detail'!$E$4:$E$123,"<>")=0,"",IFERROR(SUMIFS('Budget Detail'!$E$4:$E$123,'Budget Detail'!$A$4:$A$123,Assumptions!$B$7,'Budget Detail'!$B$4:$B$123,A6,'Budget Detail'!$C$4:$C$123,"<="&Assumptions!$B$5),"")) | F6: =IF(OR(D6="",E6="",B6=""),"",IF(B6="Revenue",E6-D6,D6-E6)) | G6: =IF(F6="","",IFERROR(F6/ABS(D6),"")) | H6: =IF(C6="","",IFERROR(SUMIFS('Budget Detail'!$E$4:$E$123,'Budget Detail'!$A$4:$A$123,Assumptions!$B$7,'Budget Detail'!$B$4:$B$123,A6,'Budget Detail'!$C$4:$C$123,"<="&Assumptions!$B$5)+SUMIFS('Budget Detail'!$D$4:$D$123,'Budget Detail'!$A$4:$A$123,Assumptions!$B$7,'Budget Detail'!$B$4:$B$123,A6,'Budget Detail'!$C$4:$C$123,"<="&Assumptions!$B$5,'Budget Detail'!$E$4:$E$123,"")+SUMIFS('Budget Detail'!$D$4:$D$123,'Budget Detail'!$A$4:$A$123,Assumptions!$B$7,'Budget Detail'!$B$4:$B$123,A6,'Budget Detail'!$C$4:$C$123,">"&Assumptions!$B$5,'Budget Detail'!$C$4:$C$123,"<="&DATE(Assumptions!$B$4,12,31)),"")) | I6: =IF(A6="","",IF(AND(C6=0,E6<>"",E6>0),"Review unbudgeted actual",IF(G6="","",IF(ABS(G6)>=Assumptions!$B$6,"Review variance","Within threshold"))))
A7: =IF(Assumptions!F7="","",Assumptions!F7) | B7: =IF(Assumptions!G7="","",Assumptions!G7) | C7: =IF(COUNTIFS('Budget Detail'!$A$4:$A$123,Assumptions!$B$7,'Budget Detail'!$B$4:$B$123,A7,'Budget Detail'!$C$4:$C$123,">="&DATE(Assumptions!$B$4,1,1),'Budget Detail'!$C$4:$C$123,"<="&DATE(Assumptions!$B$4,12,31),'Budget Detail'!$D$4:$D$123,"<>")=0,"",IFERROR(SUMIFS('Budget Detail'!$D$4:$D$123,'Budget Detail'!$A$4:$A$123,Assumptions!$B$7,'Budget Detail'!$B$4:$B$123,A7,'Budget Detail'!$C$4:$C$123,">="&DATE(Assumptions!$B$4,1,1),'Budget Detail'!$C$4:$C$123,"<="&DATE(Assumptions!$B$4,12,31)),"")) | D7: =IF(C7="","",IFERROR(SUMIFS('Budget Detail'!$D$4:$D$123,'Budget Detail'!$A$4:$A$123,Assumptions!$B$7,'Budget Detail'!$B$4:$B$123,A7,'Budget Detail'!$C$4:$C$123,">="&DATE(Assumptions!$B$4,1,1),'Budget Detail'!$C$4:$C$123,"<="&Assumptions!$B$5),"")) | E7: =IF(COUNTIFS('Budget Detail'!$A$4:$A$123,Assumptions!$B$7,'Budget Detail'!$B$4:$B$123,A7,'Budget Detail'!$C$4:$C$123,"<="&Assumptions!$B$5,'Budget Detail'!$E$4:$E$123,"<>")=0,"",IFERROR(SUMIFS('Budget Detail'!$E$4:$E$123,'Budget Detail'!$A$4:$A$123,Assumptions!$B$7,'Budget Detail'!$B$4:$B$123,A7,'Budget Detail'!$C$4:$C$123,"<="&Assumptions!$B$5),"")) | F7: =IF(OR(D7="",E7="",B7=""),"",IF(B7="Revenue",E7-D7,D7-E7)) | G7: =IF(F7="","",IFERROR(F7/ABS(D7),"")) | H7: =IF(C7="","",IFERROR(SUMIFS('Budget Detail'!$E$4:$E$123,'Budget Detail'!$A$4:$A$123,Assumptions!$B$7,'Budget Detail'!$B$4:$B$123,A7,'Budget Detail'!$C$4:$C$123,"<="&Assumptions!$B$5)+SUMIFS('Budget Detail'!$D$4:$D$123,'Budget Detail'!$A$4:$A$123,Assumptions!$B$7,'Budget Detail'!$B$4:$B$123,A7,'Budget Detail'!$C$4:$C$123,"<="&Assumptions!$B$5,'Budget Detail'!$E$4:$E$123,"")+SUMIFS('Budget Detail'!$D$4:$D$123,'Budget Detail'!$A$4:$A$123,Assumptions!$B$7,'Budget Detail'!$B$4:$B$123,A7,'Budget Detail'!$C$4:$C$123,">"&Assumptions!$B$5,'Budget Detail'!$C$4:$C$123,"<="&DATE(Assumptions!$B$4,12,31)),"")) | I7: =IF(A7="","",IF(AND(C7=0,E7<>"",E7>0),"Review unbudgeted actual",IF(G7="","",IF(ABS(G7)>=Assumptions!$B$6,"Review variance","Within threshold"))))
A8: =IF(Assumptions!F8="","",Assumptions!F8) | B8: =IF(Assumptions!G8="","",Assumptions!G8) | C8: =IF(COUNTIFS('Budget Detail'!$A$4:$A$123,Assumptions!$B$7,'Budget Detail'!$B$4:$B$123,A8,'Budget Detail'!$C$4:$C$123,">="&DATE(Assumptions!$B$4,1,1),'Budget Detail'!$C$4:$C$123,"<="&DATE(Assumptions!$B$4,12,31),'Budget Detail'!$D$4:$D$123,"<>")=0,"",IFERROR(SUMIFS('Budget Detail'!$D$4:$D$123,'Budget Detail'!$A$4:$A$123,Assumptions!$B$7,'Budget Detail'!$B$4:$B$123,A8,'Budget Detail'!$C$4:$C$123,">="&DATE(Assumptions!$B$4,1,1),'Budget Detail'!$C$4:$C$123,"<="&DATE(Assumptions!$B$4,12,31)),"")) | D8: =IF(C8="","",IFERROR(SUMIFS('Budget Detail'!$D$4:$D$123,'Budget Detail'!$A$4:$A$123,Assumptions!$B$7,'Budget Detail'!$B$4:$B$123,A8,'Budget Detail'!$C$4:$C$123,">="&DATE(Assumptions!$B$4,1,1),'Budget Detail'!$C$4:$C$123,"<="&Assumptions!$B$5),"")) | E8: =IF(COUNTIFS('Budget Detail'!$A$4:$A$123,Assumptions!$B$7,'Budget Detail'!$B$4:$B$123,A8,'Budget Detail'!$C$4:$C$123,"<="&Assumptions!$B$5,'Budget Detail'!$E$4:$E$123,"<>")=0,"",IFERROR(SUMIFS('Budget Detail'!$E$4:$E$123,'Budget Detail'!$A$4:$A$123,Assumptions!$B$7,'Budget Detail'!$B$4:$B$123,A8,'Budget Detail'!$C$4:$C$123,"<="&Assumptions!$B$5),"")) | F8: =IF(OR(D8="",E8="",B8=""),"",IF(B8="Revenue",E8-D8,D8-E8)) | G8: =IF(F8="","",IFERROR(F8/ABS(D8),"")) | H8: =IF(C8="","",IFERROR(SUMIFS('Budget Detail'!$E$4:$E$123,'Budget Detail'!$A$4:$A$123,Assumptions!$B$7,'Budget Detail'!$B$4:$B$123,A8,'Budget Detail'!$C$4:$C$123,"<="&Assumptions!$B$5)+SUMIFS('Budget Detail'!$D$4:$D$123,'Budget Detail'!$A$4:$A$123,Assumptions!$B$7,'Budget Detail'!$B$4:$B$123,A8,'Budget Detail'!$C$4:$C$123,"<="&Assumptions!$B$5,'Budget Detail'!$E$4:$E$123,"")+SUMIFS('Budget Detail'!$D$4:$D$123,'Budget Detail'!$A$4:$A$123,Assumptions!$B$7,'Budget Detail'!$B$4:$B$123,A8,'Budget Detail'!$C$4:$C$123,">"&Assumptions!$B$5,'Budget Detail'!$C$4:$C$123,"<="&DATE(Assumptions!$B$4,12,31)),"")) | I8: =IF(A8="","",IF(AND(C8=0,E8<>"",E8>0),"Review unbudgeted actual",IF(G8="","",IF(ABS(G8)>=Assumptions!$B$6,"Review variance","Within threshold"))))
A9: =IF(Assumptions!F9="","",Assumptions!F9) | B9: =IF(Assumptions!G9="","",Assumptions!G9) | C9: =IF(COUNTIFS('Budget Detail'!$A$4:$A$123,Assumptions!$B$7,'Budget Detail'!$B$4:$B$123,A9,'Budget Detail'!$C$4:$C$123,">="&DATE(Assumptions!$B$4,1,1),'Budget Detail'!$C$4:$C$123,"<="&DATE(Assumptions!$B$4,12,31),'Budget Detail'!$D$4:$D$123,"<>")=0,"",IFERROR(SUMIFS('Budget Detail'!$D$4:$D$123,'Budget Detail'!$A$4:$A$123,Assumptions!$B$7,'Budget Detail'!$B$4:$B$123,A9,'Budget Detail'!$C$4:$C$123,">="&DATE(Assumptions!$B$4,1,1),'Budget Detail'!$C$4:$C$123,"<="&DATE(Assumptions!$B$4,12,31)),"")) | D9: =IF(C9="","",IFERROR(SUMIFS('Budget Detail'!$D$4:$D$123,'Budget Detail'!$A$4:$A$123,Assumptions!$B$7,'Budget Detail'!$B$4:$B$123,A9,'Budget Detail'!$C$4:$C$123,">="&DATE(Assumptions!$B$4,1,1),'Budget Detail'!$C$4:$C$123,"<="&Assumptions!$B$5),"")) | E9: =IF(COUNTIFS('Budget Detail'!$A$4:$A$123,Assumptions!$B$7,'Budget Detail'!$B$4:$B$123,A9,'Budget Detail'!$C$4:$C$123,"<="&Assumptions!$B$5,'Budget Detail'!$E$4:$E$123,"<>")=0,"",IFERROR(SUMIFS('Budget Detail'!$E$4:$E$123,'Budget Detail'!$A$4:$A$123,Assumptions!$B$7,'Budget Detail'!$B$4:$B$123,A9,'Budget Detail'!$C$4:$C$123,"<="&Assumptions!$B$5),"")) | F9: =IF(OR(D9="",E9="",B9=""),"",IF(B9="Revenue",E9-D9,D9-E9)) | G9: =IF(F9="","",IFERROR(F9/ABS(D9),"")) | H9: =IF(C9="","",IFERROR(SUMIFS('Budget Detail'!$E$4:$E$123,'Budget Detail'!$A$4:$A$123,Assumptions!$B$7,'Budget Detail'!$B$4:$B$123,A9,'Budget Detail'!$C$4:$C$123,"<="&Assumptions!$B$5)+SUMIFS('Budget Detail'!$D$4:$D$123,'Budget Detail'!$A$4:$A$123,Assumptions!$B$7,'Budget Detail'!$B$4:$B$123,A9,'Budget Detail'!$C$4:$C$123,"<="&Assumptions!$B$5,'Budget Detail'!$E$4:$E$123,"")+SUMIFS('Budget Detail'!$D$4:$D$123,'Budget Detail'!$A$4:$A$123,Assumptions!$B$7,'Budget Detail'!$B$4:$B$123,A9,'Budget Detail'!$C$4:$C$123,">"&Assumptions!$B$5,'Budget Detail'!$C$4:$C$123,"<="&DATE(Assumptions!$B$4,12,31)),"")) | I9: =IF(A9="","",IF(AND(C9=0,E9<>"",E9>0),"Review unbudgeted actual",IF(G9="","",IF(ABS(G9)>=Assumptions!$B$6,"Review variance","Within threshold"))))
A10: =IF(Assumptions!F10="","",Assumptions!F10) | B10: =IF(Assumptions!G10="","",Assumptions!G10) | C10: =IF(COUNTIFS('Budget Detail'!$A$4:$A$123,Assumptions!$B$7,'Budget Detail'!$B$4:$B$123,A10,'Budget Detail'!$C$4:$C$123,">="&DATE(Assumptions!$B$4,1,1),'Budget Detail'!$C$4:$C$123,"<="&DATE(Assumptions!$B$4,12,31),'Budget Detail'!$D$4:$D$123,"<>")=0,"",IFERROR(SUMIFS('Budget Detail'!$D$4:$D$123,'Budget Detail'!$A$4:$A$123,Assumptions!$B$7,'Budget Detail'!$B$4:$B$123,A10,'Budget Detail'!$C$4:$C$123,">="&DATE(Assumptions!$B$4,1,1),'Budget Detail'!$C$4:$C$123,"<="&DATE(Assumptions!$B$4,12,31)),"")) | D10: =IF(C10="","",IFERROR(SUMIFS('Budget Detail'!$D$4:$D$123,'Budget Detail'!$A$4:$A$123,Assumptions!$B$7,'Budget Detail'!$B$4:$B$123,A10,'Budget Detail'!$C$4:$C$123,">="&DATE(Assumptions!$B$4,1,1),'Budget Detail'!$C$4:$C$123,"<="&Assumptions!$B$5),"")) | E10: =IF(COUNTIFS('Budget Detail'!$A$4:$A$123,Assumptions!$B$7,'Budget Detail'!$B$4:$B$123,A10,'Budget Detail'!$C$4:$C$123,"<="&Assumptions!$B$5,'Budget Detail'!$E$4:$E$123,"<>")=0,"",IFERROR(SUMIFS('Budget Detail'!$E$4:$E$123,'Budget Detail'!$A$4:$A$123,Assumptions!$B$7,'Budget Detail'!$B$4:$B$123,A10,'Budget Detail'!$C$4:$C$123,"<="&Assumptions!$B$5),"")) | F10: =IF(OR(D10="",E10="",B10=""),"",IF(B10="Revenue",E10-D10,D10-E10)) | G10: =IF(F10="","",IFERROR(F10/ABS(D10),"")) | H10: =IF(C10="","",IFERROR(SUMIFS('Budget Detail'!$E$4:$E$123,'Budget Detail'!$A$4:$A$123,Assumptions!$B$7,'Budget Detail'!$B$4:$B$123,A10,'Budget Detail'!$C$4:$C$123,"<="&Assumptions!$B$5)+SUMIFS('Budget Detail'!$D$4:$D$123,'Budget Detail'!$A$4:$A$123,Assumptions!$B$7,'Budget Detail'!$B$4:$B$123,A10,'Budget Detail'!$C$4:$C$123,"<="&Assumptions!$B$5,'Budget Detail'!$E$4:$E$123,"")+SUMIFS('Budget Detail'!$D$4:$D$123,'Budget Detail'!$A$4:$A$123,Assumptions!$B$7,'Budget Detail'!$B$4:$B$123,A10,'Budget Detail'!$C$4:$C$123,">"&Assumptions!$B$5,'Budget Detail'!$C$4:$C$123,"<="&DATE(Assumptions!$B$4,12,31)),"")) | I10: =IF(A10="","",IF(AND(C10=0,E10<>"",E10>0),"Review unbudgeted actual",IF(G10="","",IF(ABS(G10)>=Assumptions!$B$6,"Review variance","Within threshold"))))
A11: =IF(Assumptions!F11="","",Assumptions!F11) | B11: =IF(Assumptions!G11="","",Assumptions!G11) | C11: =IF(COUNTIFS('Budget Detail'!$A$4:$A$123,Assumptions!$B$7,'Budget Detail'!$B$4:$B$123,A11,'Budget Detail'!$C$4:$C$123,">="&DATE(Assumptions!$B$4,1,1),'Budget Detail'!$C$4:$C$123,"<="&DATE(Assumptions!$B$4,12,31),'Budget Detail'!$D$4:$D$123,"<>")=0,"",IFERROR(SUMIFS('Budget Detail'!$D$4:$D$123,'Budget Detail'!$A$4:$A$123,Assumptions!$B$7,'Budget Detail'!$B$4:$B$123,A11,'Budget Detail'!$C$4:$C$123,">="&DATE(Assumptions!$B$4,1,1),'Budget Detail'!$C$4:$C$123,"<="&DATE(Assumptions!$B$4,12,31)),"")) | D11: =IF(C11="","",IFERROR(SUMIFS('Budget Detail'!$D$4:$D$123,'Budget Detail'!$A$4:$A$123,Assumptions!$B$7,'Budget Detail'!$B$4:$B$123,A11,'Budget Detail'!$C$4:$C$123,">="&DATE(Assumptions!$B$4,1,1),'Budget Detail'!$C$4:$C$123,"<="&Assumptions!$B$5),"")) | E11: =IF(COUNTIFS('Budget Detail'!$A$4:$A$123,Assumptions!$B$7,'Budget Detail'!$B$4:$B$123,A11,'Budget Detail'!$C$4:$C$123,"<="&Assumptions!$B$5,'Budget Detail'!$E$4:$E$123,"<>")=0,"",IFERROR(SUMIFS('Budget Detail'!$E$4:$E$123,'Budget Detail'!$A$4:$A$123,Assumptions!$B$7,'Budget Detail'!$B$4:$B$123,A11,'Budget Detail'!$C$4:$C$123,"<="&Assumptions!$B$5),"")) | F11: =IF(OR(D11="",E11="",B11=""),"",IF(B11="Revenue",E11-D11,D11-E11)) | G11: =IF(F11="","",IFERROR(F11/ABS(D11),"")) | H11: =IF(C11="","",IFERROR(SUMIFS('Budget Detail'!$E$4:$E$123,'Budget Detail'!$A$4:$A$123,Assumptions!$B$7,'Budget Detail'!$B$4:$B$123,A11,'Budget Detail'!$C$4:$C$123,"<="&Assumptions!$B$5)+SUMIFS('Budget Detail'!$D$4:$D$123,'Budget Detail'!$A$4:$A$123,Assumptions!$B$7,'Budget Detail'!$B$4:$B$123,A11,'Budget Detail'!$C$4:$C$123,"<="&Assumptions!$B$5,'Budget Detail'!$E$4:$E$123,"")+SUMIFS('Budget Detail'!$D$4:$D$123,'Budget Detail'!$A$4:$A$123,Assumptions!$B$7,'Budget Detail'!$B$4:$B$123,A11,'Budget Detail'!$C$4:$C$123,">"&Assumptions!$B$5,'Budget Detail'!$C$4:$C$123,"<="&DATE(Assumptions!$B$4,12,31)),"")) | I11: =IF(A11="","",IF(AND(C11=0,E11<>"",E11>0),"Review unbudgeted actual",IF(G11="","",IF(ABS(G11)>=Assumptions!$B$6,"Review variance","Within threshold"))))
A12: =IF(Assumptions!F12="","",Assumptions!F12) | B12: =IF(Assumptions!G12="","",Assumptions!G12) | C12: =IF(COUNTIFS('Budget Detail'!$A$4:$A$123,Assumptions!$B$7,'Budget Detail'!$B$4:$B$123,A12,'Budget Detail'!$C$4:$C$123,">="&DATE(Assumptions!$B$4,1,1),'Budget Detail'!$C$4:$C$123,"<="&DATE(Assumptions!$B$4,12,31),'Budget Detail'!$D$4:$D$123,"<>")=0,"",IFERROR(SUMIFS('Budget Detail'!$D$4:$D$123,'Budget Detail'!$A$4:$A$123,Assumptions!$B$7,'Budget Detail'!$B$4:$B$123,A12,'Budget Detail'!$C$4:$C$123,">="&DATE(Assumptions!$B$4,1,1),'Budget Detail'!$C$4:$C$123,"<="&DATE(Assumptions!$B$4,12,31)),"")) | D12: =IF(C12="","",IFERROR(SUMIFS('Budget Detail'!$D$4:$D$123,'Budget Detail'!$A$4:$A$123,Assumptions!$B$7,'Budget Detail'!$B$4:$B$123,A12,'Budget Detail'!$C$4:$C$123,">="&DATE(Assumptions!$B$4,1,1),'Budget Detail'!$C$4:$C$123,"<="&Assumptions!$B$5),"")) | E12: =IF(COUNTIFS('Budget Detail'!$A$4:$A$123,Assumptions!$B$7,'Budget Detail'!$B$4:$B$123,A12,'Budget Detail'!$C$4:$C$123,"<="&Assumptions!$B$5,'Budget Detail'!$E$4:$E$123,"<>")=0,"",IFERROR(SUMIFS('Budget Detail'!$E$4:$E$123,'Budget Detail'!$A$4:$A$123,Assumptions!$B$7,'Budget Detail'!$B$4:$B$123,A12,'Budget Detail'!$C$4:$C$123,"<="&Assumptions!$B$5),"")) | F12: =IF(OR(D12="",E12="",B12=""),"",IF(B12="Revenue",E12-D12,D12-E12)) | G12: =IF(F12="","",IFERROR(F12/ABS(D12),"")) | H12: =IF(C12="","",IFERROR(SUMIFS('Budget Detail'!$E$4:$E$123,'Budget Detail'!$A$4:$A$123,Assumptions!$B$7,'Budget Detail'!$B$4:$B$123,A12,'Budget Detail'!$C$4:$C$123,"<="&Assumptions!$B$5)+SUMIFS('Budget Detail'!$D$4:$D$123,'Budget Detail'!$A$4:$A$123,Assumptions!$B$7,'Budget Detail'!$B$4:$B$123,A12,'Budget Detail'!$C$4:$C$123,"<="&Assumptions!$B$5,'Budget Detail'!$E$4:$E$123,"")+SUMIFS('Budget Detail'!$D$4:$D$123,'Budget Detail'!$A$4:$A$123,Assumptions!$B$7,'Budget Detail'!$B$4:$B$123,A12,'Budget Detail'!$C$4:$C$123,">"&Assumptions!$B$5,'Budget Detail'!$C$4:$C$123,"<="&DATE(Assumptions!$B$4,12,31)),"")) | I12: =IF(A12="","",IF(AND(C12=0,E12<>"",E12>0),"Review unbudgeted actual",IF(G12="","",IF(ABS(G12)>=Assumptions!$B$6,"Review variance","Within threshold"))))
A13: =IF(Assumptions!F13="","",Assumptions!F13) | B13: =IF(Assumptions!G13="","",Assumptions!G13) | C13: =IF(COUNTIFS('Budget Detail'!$A$4:$A$123,Assumptions!$B$7,'Budget Detail'!$B$4:$B$123,A13,'Budget Detail'!$C$4:$C$123,">="&DATE(Assumptions!$B$4,1,1),'Budget Detail'!$C$4:$C$123,"<="&DATE(Assumptions!$B$4,12,31),'Budget Detail'!$D$4:$D$123,"<>")=0,"",IFERROR(SUMIFS('Budget Detail'!$D$4:$D$123,'Budget Detail'!$A$4:$A$123,Assumptions!$B$7,'Budget Detail'!$B$4:$B$123,A13,'Budget Detail'!$C$4:$C$123,">="&DATE(Assumptions!$B$4,1,1),'Budget Detail'!$C$4:$C$123,"<="&DATE(Assumptions!$B$4,12,31)),"")) | D13: =IF(C13="","",IFERROR(SUMIFS('Budget Detail'!$D$4:$D$123,'Budget Detail'!$A$4:$A$123,Assumptions!$B$7,'Budget Detail'!$B$4:$B$123,A13,'Budget Detail'!$C$4:$C$123,">="&DATE(Assumptions!$B$4,1,1),'Budget Detail'!$C$4:$C$123,"<="&Assumptions!$B$5),"")) | E13: =IF(COUNTIFS('Budget Detail'!$A$4:$A$123,Assumptions!$B$7,'Budget Detail'!$B$4:$B$123,A13,'Budget Detail'!$C$4:$C$123,"<="&Assumptions!$B$5,'Budget Detail'!$E$4:$E$123,"<>")=0,"",IFERROR(SUMIFS('Budget Detail'!$E$4:$E$123,'Budget Detail'!$A$4:$A$123,Assumptions!$B$7,'Budget Detail'!$B$4:$B$123,A13,'Budget Detail'!$C$4:$C$123,"<="&Assumptions!$B$5),"")) | F13: =IF(OR(D13="",E13="",B13=""),"",IF(B13="Revenue",E13-D13,D13-E13)) | G13: =IF(F13="","",IFERROR(F13/ABS(D13),"")) | H13: =IF(C13="","",IFERROR(SUMIFS('Budget Detail'!$E$4:$E$123,'Budget Detail'!$A$4:$A$123,Assumptions!$B$7,'Budget Detail'!$B$4:$B$123,A13,'Budget Detail'!$C$4:$C$123,"<="&Assumptions!$B$5)+SUMIFS('Budget Detail'!$D$4:$D$123,'Budget Detail'!$A$4:$A$123,Assumptions!$B$7,'Budget Detail'!$B$4:$B$123,A13,'Budget Detail'!$C$4:$C$123,"<="&Assumptions!$B$5,'Budget Detail'!$E$4:$E$123,"")+SUMIFS('Budget Detail'!$D$4:$D$123,'Budget Detail'!$A$4:$A$123,Assumptions!$B$7,'Budget Detail'!$B$4:$B$123,A13,'Budget Detail'!$C$4:$C$123,">"&Assumptions!$B$5,'Budget Detail'!$C$4:$C$123,"<="&DATE(Assumptions!$B$4,12,31)),"")) | I13: =IF(A13="","",IF(AND(C13=0,E13<>"",E13>0),"Review unbudgeted actual",IF(G13="","",IF(ABS(G13)>=Assumptions!$B$6,"Review variance","Within threshold"))))
A14: =IF(Assumptions!F14="","",Assumptions!F14) | B14: =IF(Assumptions!G14="","",Assumptions!G14) | C14: =IF(COUNTIFS('Budget Detail'!$A$4:$A$123,Assumptions!$B$7,'Budget Detail'!$B$4:$B$123,A14,'Budget Detail'!$C$4:$C$123,">="&DATE(Assumptions!$B$4,1,1),'Budget Detail'!$C$4:$C$123,"<="&DATE(Assumptions!$B$4,12,31),'Budget Detail'!$D$4:$D$123,"<>")=0,"",IFERROR(SUMIFS('Budget Detail'!$D$4:$D$123,'Budget Detail'!$A$4:$A$123,Assumptions!$B$7,'Budget Detail'!$B$4:$B$123,A14,'Budget Detail'!$C$4:$C$123,">="&DATE(Assumptions!$B$4,1,1),'Budget Detail'!$C$4:$C$123,"<="&DATE(Assumptions!$B$4,12,31)),"")) | D14: =IF(C14="","",IFERROR(SUMIFS('Budget Detail'!$D$4:$D$123,'Budget Detail'!$A$4:$A$123,Assumptions!$B$7,'Budget Detail'!$B$4:$B$123,A14,'Budget Detail'!$C$4:$C$123,">="&DATE(Assumptions!$B$4,1,1),'Budget Detail'!$C$4:$C$123,"<="&Assumptions!$B$5),"")) | E14: =IF(COUNTIFS('Budget Detail'!$A$4:$A$123,Assumptions!$B$7,'Budget Detail'!$B$4:$B$123,A14,'Budget Detail'!$C$4:$C$123,"<="&Assumptions!$B$5,'Budget Detail'!$E$4:$E$123,"<>")=0,"",IFERROR(SUMIFS('Budget Detail'!$E$4:$E$123,'Budget Detail'!$A$4:$A$123,Assumptions!$B$7,'Budget Detail'!$B$4:$B$123,A14,'Budget Detail'!$C$4:$C$123,"<="&Assumptions!$B$5),"")) | F14: =IF(OR(D14="",E14="",B14=""),"",IF(B14="Revenue",E14-D14,D14-E14)) | G14: =IF(F14="","",IFERROR(F14/ABS(D14),"")) | H14: =IF(C14="","",IFERROR(SUMIFS('Budget Detail'!$E$4:$E$123,'Budget Detail'!$A$4:$A$123,Assumptions!$B$7,'Budget Detail'!$B$4:$B$123,A14,'Budget Detail'!$C$4:$C$123,"<="&Assumptions!$B$5)+SUMIFS('Budget Detail'!$D$4:$D$123,'Budget Detail'!$A$4:$A$123,Assumptions!$B$7,'Budget Detail'!$B$4:$B$123,A14,'Budget Detail'!$C$4:$C$123,"<="&Assumptions!$B$5,'Budget Detail'!$E$4:$E$123,"")+SUMIFS('Budget Detail'!$D$4:$D$123,'Budget Detail'!$A$4:$A$123,Assumptions!$B$7,'Budget Detail'!$B$4:$B$123,A14,'Budget Detail'!$C$4:$C$123,">"&Assumptions!$B$5,'Budget Detail'!$C$4:$C$123,"<="&DATE(Assumptions!$B$4,12,31)),"")) | I14: =IF(A14="","",IF(AND(C14=0,E14<>"",E14>0),"Review unbudgeted actual",IF(G14="","",IF(ABS(G14)>=Assumptions!$B$6,"Review variance","Within threshold"))))
A15: =IF(Assumptions!F15="","",Assumptions!F15) | B15: =IF(Assumptions!G15="","",Assumptions!G15) | C15: =IF(COUNTIFS('Budget Detail'!$A$4:$A$123,Assumptions!$B$7,'Budget Detail'!$B$4:$B$123,A15,'Budget Detail'!$C$4:$C$123,">="&DATE(Assumptions!$B$4,1,1),'Budget Detail'!$C$4:$C$123,"<="&DATE(Assumptions!$B$4,12,31),'Budget Detail'!$D$4:$D$123,"<>")=0,"",IFERROR(SUMIFS('Budget Detail'!$D$4:$D$123,'Budget Detail'!$A$4:$A$123,Assumptions!$B$7,'Budget Detail'!$B$4:$B$123,A15,'Budget Detail'!$C$4:$C$123,">="&DATE(Assumptions!$B$4,1,1),'Budget Detail'!$C$4:$C$123,"<="&DATE(Assumptions!$B$4,12,31)),"")) | D15: =IF(C15="","",IFERROR(SUMIFS('Budget Detail'!$D$4:$D$123,'Budget Detail'!$A$4:$A$123,Assumptions!$B$7,'Budget Detail'!$B$4:$B$123,A15,'Budget Detail'!$C$4:$C$123,">="&DATE(Assumptions!$B$4,1,1),'Budget Detail'!$C$4:$C$123,"<="&Assumptions!$B$5),"")) | E15: =IF(COUNTIFS('Budget Detail'!$A$4:$A$123,Assumptions!$B$7,'Budget Detail'!$B$4:$B$123,A15,'Budget Detail'!$C$4:$C$123,"<="&Assumptions!$B$5,'Budget Detail'!$E$4:$E$123,"<>")=0,"",IFERROR(SUMIFS('Budget Detail'!$E$4:$E$123,'Budget Detail'!$A$4:$A$123,Assumptions!$B$7,'Budget Detail'!$B$4:$B$123,A15,'Budget Detail'!$C$4:$C$123,"<="&Assumptions!$B$5),"")) | F15: =IF(OR(D15="",E15="",B15=""),"",IF(B15="Revenue",E15-D15,D15-E15)) | G15: =IF(F15="","",IFERROR(F15/ABS(D15),"")) | H15: =IF(C15="","",IFERROR(SUMIFS('Budget Detail'!$E$4:$E$123,'Budget Detail'!$A$4:$A$123,Assumptions!$B$7,'Budget Detail'!$B$4:$B$123,A15,'Budget Detail'!$C$4:$C$123,"<="&Assumptions!$B$5)+SUMIFS('Budget Detail'!$D$4:$D$123,'Budget Detail'!$A$4:$A$123,Assumptions!$B$7,'Budget Detail'!$B$4:$B$123,A15,'Budget Detail'!$C$4:$C$123,"<="&Assumptions!$B$5,'Budget Detail'!$E$4:$E$123,"")+SUMIFS('Budget Detail'!$D$4:$D$123,'Budget Detail'!$A$4:$A$123,Assumptions!$B$7,'Budget Detail'!$B$4:$B$123,A15,'Budget Detail'!$C$4:$C$123,">"&Assumptions!$B$5,'Budget Detail'!$C$4:$C$123,"<="&DATE(Assumptions!$B$4,12,31)),"")) | I15: =IF(A15="","",IF(AND(C15=0,E15<>"",E15>0),"Review unbudgeted actual",IF(G15="","",IF(ABS(G15)>=Assumptions!$B$6,"Review variance","Within threshold"))))

Sheet Assumptions
A1: Self Storage Operating Budget Assumptions
A2: Yellow cells are editable. All names and operating examples in this workbook are fictional.
A3: Assumption | B3: Value | C3: Guidance | D3: Facility Options | F3: Account | G3: Budget Class | I3: Owner Options | K3: Status Options | M3: Class Options
A4: Report year | B4: 2026 | C4: Periods must be the first day of a month in this year. | D4: Fictional Cedar Lantern Storage | F4: Net Rental Revenue | G4: Revenue | I4: Alex Example | K4: Entered | M4: Revenue
A5: Actuals through | B5: 46265 | C5: Use the last date through which actual entries are considered complete. | D5: Fictional Bluebird Storage | F5: Late and Other Fees | G5: Revenue | I5: Morgan Example | K5: Reviewed | M5: Expense
A6: Variance review threshold | B6: 0.1 | C6: Variances at or above this percentage request human review. | D6: Fictional Juniper Key Storage | F6: Retail Merchandise | G6: Revenue | I6: Casey Example | K6: Needs review
A7: Selected facility | B7: Fictional Cedar Lantern Storage | C7: Summary and account review results use this fictional facility. | F7: Payroll and Benefits | G7: Expense | I7: Riley Example | K7: Deferred
A8: Maximum line amount | B8: 100000000 | C8: Editable entry limit used to reduce accidental amount errors. | F8: Utilities | G8: Expense
F9: Repairs and Maintenance | G9: Expense
F10: Insurance | G10: Expense
F11: Property Taxes | G11: Expense
F12: Marketing | G12: Expense
F13: Office and Software | G13: Expense
F14: Site Monitoring Expense | G14: Expense
F15: Waste and Grounds | G15: Expense
